Workbook
Name \0: #REF!
Name \00: #REF!
Name \a: #REF!
Name \AA: #REF!
Name \b: #REF!
Name \bb: #REF!
Name \c: #REF!
Name \E: #REF!
Name \EE: #REF!
Name \eliminar: #REF!
Name \eliminar1: #REF!
Name \G: #REF!
Name \i: #REF!
Name \k: #REF!
Name \l: #REF!
Name \M: #REF!
Name \ñ: #REF!
Name \P: #REF!
Name \q: #REF!
Name \R: #REF!
Name \s: #REF!
Name \t: #REF!
Name \V: #REF!
Name \X: [0]!ERR
Name \X: [0]!ERR
Name \X: [0]!ERR
Name \X: [0]!ERR
Name \X: [0]!ERR
Name \X: [0]!ERR
Name \X: [0]!ERR
Name \Z: [0]!ERR
Name \Z: [0]!ERR
Name \Z: [0]!ERR
Name \Z: [0]!ERR
Name \Z: [0]!ERR
Name \Z: [0]!ERR
Name \Z: [0]!ERR
Name _: #REF!
Name _: #REF!
Name _: #REF!
Name _: #REF!
Name _: #REF!
Name _: #REF!
Name __: #REF!
Name __: #REF!
Name __: #REF!
Name __: #REF!
Name __: #REF!
Name __: #REF!
Name _________________________________________________i1: #REF!
Name ________________________________________________i1: #REF!
Name _______________________________________________i1: #REF!
Name ______________________________________________i1: #REF!
Name _____________________________________________i1: #REF!
Name ____________________________________________i1: #REF!
Name ___________________________________________i1: #REF!
Name __________________________________________i1: #REF!
Name _________________________________________i1: #REF!
Name ________________________________________i1: #REF!
Name _______________________________________i1: #REF!

Sheet Presupuesto  
E2: PRESUPUESTO ESTADIO SAN MARTÍN DE LOBA JULIO DE 2025 | H2: ALCALDIA MUNICIPAL DE SAN MARTÍN DE LOBA
D9: ÍTEM | E9: DESCRIPCIÓN | F9: UNIDAD | G9: CANTIDAD | H9: VALOR UNITARIO | I9: VALOR PARCIAL
D10: 1 | E10: PRELIMINARES | I10: =SUM(I11:I21) -> 1.0565515e+08
D11: 1.1 | E11: Cerramiento y señalización del área de trabajo | F11: ml | G11: 219.7094 | H11: 73813.248 | I11: =+H11*G11 -> 16217464 | K11: =+H11*#REF! -> #REF! | L11: =+G11*K11 -> #REF!
D12: 1.2 | E12: Campamento de obra (oficina y almacén, incluye habilitación de contenedor existente y reubicación) | F12: glb | G12: 1 | H12: 9419480.6 | I12: =+H12*G12 -> 9419480.6 | K12: =+H12*#REF! -> #REF! | L12: =+G12*K12 -> #REF!
D13: 1.3 | E13: Elementos e Implementos de seguridad obra ref: extintor, camilla, botiquin, señalizacion, elementos de bioseguridad | F13: glb | G13: 1 | H13: 2320698.9 | I13: =+H13*G13 -> 2320698.9 | K13: =+H13*#REF! -> #REF! | L13: =+G13*K13 -> #REF!
D14: 1.4 | E14: Alquiler de baños ecológico provisionales 2 unidades | F14: glb | G14: 1 | H14: 9122386.9 | I14: =+H14*G14 -> 9122386.9 | K14: =+H14*#REF! -> #REF! | L14: =+G14*K14 -> #REF!
D15: 1.5 | E15: Localización, trazado y replanteo | F15: m2 | G15: 4815.5524 | H15: 3816.12 | I15: =+H15*G15 -> 18376726 | K15: =+H15*#REF! -> #REF! | L15: =+G15*K15 -> #REF!
D16: 1.6 | E16: Demolición de cerramiento perimetral en mampostería, incluye columnas y contrafuertes | F16: m3 | G16: 48.909182 | H16: 432637.12 | I16: =+H16*G16 -> 21159927 | K16: =+H16*#REF! -> #REF! | L16: =+G16*K16 -> #REF!
D17: 1.7 | E17: Demolición decimentación de cerramiento perimetral | F17: m3 | G17: 9.1704715 | H17: 432637.12 | I17: =+H17*G17 -> 3967486.4 | K17: =+H17*#REF! -> #REF! | L17: =+G17*K17 -> #REF!
D18: 1.8 | E18: Desmonte de cerramiento perimetral en malla eslabonada, incluye verticales | F18: m2 | G18: 262.16328 | H18: 41022 | I18: =+H18*G18 -> 10754462 | K18: =+H18*#REF! -> #REF! | L18: =+G18*K18 -> #REF!
D19: 1.9 | E19: Traslado de escombro y material sobrante al lugar aprobado por interventoría | F19: m3 | G19: 136.72864 | H19: 81740.96 | I19: =+H19*G19 -> 11176330 | K19: =+H19*#REF! -> #REF! | L19: =+G19*K19 -> #REF!
D20: 1.10 | E20: Desmonte de porterías, incluye disposición final | F20: und | G20: 1 | H20: 210600 | I20: =+H20*G20 -> 210600 | K20: =+H20*#REF! -> #REF! | L20: =+G20*K20 -> #REF!
D21: 1.11 | E21: Desmonte de postes de iluminación, incluye disposición final | F21: und | G21: 5 | H21: 585918 | I21: =+H21*G21 -> 2929590 | K21: =+H21*#REF! -> #REF! | L21: =+G21*K21 -> #REF!
D22: 2 | E22: MOVIMIENTO DE TIERRAS | I22: =SUM(I23:I34) -> 9.238527e+08 | K22: =+H22*#REF! -> #REF! | L22: =+G22*K22 -> #REF!
D23: 2.1 | E23: Excavación común: zapatas, viga cimiento de camerinos de hombres y mujeres | F23: m3 | G23: 65.73333 | H23: 65649.3 | I23: =+H23*G23 -> 4315347.1 | K23: =+H23*#REF! -> #REF! | L23: =+G23*K23 -> #REF!
D24: 2.2 | E24: Excavación común: zapatas, viga cimiento de gradas | F24: m3 | G24: 859.92264 | H24: 65649.3 | I24: =+H24*G24 -> 56453319 | K24: =+H24*#REF! -> #REF! | L24: =+G24*K24 -> #REF!
D25: 2.3 | E25: Excavación pilotes, según diseños y estudios de gradas | F25: ml | G25: 1692.3024 | H25: 351344.9 | I25: =+H25*G25 -> 5.9458181e+08 | K25: =+H25*#REF! -> #REF! | L25: =+G25*K25 -> #REF!
D26: 2.4 | E26: Excavación común: zapatas, viga cimiento de portería | F26: m3 | G26: 77.724192 | H26: 65649.3 | I26: =+H26*G26 -> 5102538.8 | K26: =+H26*#REF! -> #REF! | L26: =+G26*K26 -> #REF!
D27: 2.4 | E27: Excavación común: zapatas, viga cimiento de punto de venta | F27: m3 | G27: 42.60516 | H27: 65649.3 | I27: =+H27*G27 -> 2796998.9 | K27: =+H27*#REF! -> #REF! | L27: =+G27*K27 -> #REF!
D28: 2.5 | E28: Relleno y compactacion con material selecionado en cimentación de camerinos de hombres y mujeres | F28: m3 | G28: 22.726782 | H28: 120420.78 | I28: =+H28*G28 -> 2736776.8 | K28: =+H28*#REF! -> #REF! | L28: =+G28*K28 -> #REF!
D29: 2.6 | E29: Relleno y compactacion con material selecionado de gradas | F29: m3 | G29: 123.09538 | H29: 120420.78 | I29: =+H29*G29 -> 14823241 | K29: =+H29*#REF! -> #REF! | L29: =+G29*K29 -> #REF!
D30: 2.6 | E30: Relleno y compactacion con material selecionado en cimentación de portería | F30: m3 | G30: 6.151392 | H30: 120420.78 | I30: =+H30*G30 -> 740755.42 | K30: =+H30*#REF! -> #REF! | L30: =+G30*K30 -> #REF!
D31: 2.7 | E31: Relleno y compactacion con material selecionado cimentación de punto de venta | F31: m3 | G31: 15.030288 | H31: 120420.78 | I31: =+H31*G31 -> 1809959 | K31: =+H31*#REF! -> #REF! | L31: =+G31*K31 -> #REF!
D32: 2.8 | E32: Adecuación de zona de grama sintética para cancha | F32: m2 | G32: 2717.739 | H32: 78480 | I32: =+H32*G32 -> 2.1328816e+08 | K32: =+H32*#REF! -> #REF! | L32: =+G32*K32 -> #REF! | N32: =+H32/0.15 -> 523200 | O32: =+N32*0.6 -> 313920 | P32: =+O32-180000 -> 133920 | Q32: =+P32*0.15 -> 20088
D33: 2.9 | E33: Relleno y compactacion con material selecionado en general | F33: m3 | G33: 186.24349 | H33: 120420.78 | I33: =+H33*G33 -> 22427587 | K33: =+H33*#REF! -> #REF! | L33: =+G33*K33 -> #REF!
D34: 2.10 | E34: Adecuación de zona de grama natural para exteriores | F34: m2 | G34: 132.2088 | H34: 36126.234 | I34: =+H34*G34 -> 4776206.1 | K34: =+H34*#REF! -> #REF! | L34: =+G34*K34 -> #REF!
D35: 3 | E35: ESTRUCTURA CIMENTACIÓN | I35: =SUM(I36:I55) -> 2.207566e+09 | K35: =+H35*#REF! -> #REF! | L35: =+G35*K35 -> #REF!
D36: 3.1 | E36: Solado en concreto pobre 2000 psi con espesor de 5cm de camerinos de hombres y mujeres | F36: m2 | G36: 22.712832 | H36: 80999.337 | I36: =+H36*G36 -> 1839724.3 | K36: =+H36*#REF! -> #REF! | L36: =+G36*K36 -> #REF!
D37: 3.2 | E37: Concreto zapatas (incluye encofrado y desencofrado) de camerinos de hombres y mujeres | F37: m3 | G37: 6.8138496 | H37: 1426848.3 | I37: =+H37*G37 -> 9722329.9 | K37: =+H37*#REF! -> #REF! | L37: =+G37*K37 -> #REF!
D38: 3.3 | E38: Concreto vigas de cimentación (incluye encofrado y desencofrado) en camerinos de hombres y mujeres | F38: m3 | G38: 7.0303313 | H38: 1625088.3 | I38: =+H38*G38 -> 11424909 | K38: =+H38*#REF! -> #REF! | L38: =+G38*K38 -> #REF!
D39: 3.4 | E39: Acero de refuerzo en camerinos de hombres y mujeres | F39: kg | G39: 1799.7435 | H39: 13265.088 | I39: =+H39*G39 -> 23873756 | K39: =+H39*#REF! -> #REF! | L39: =+G39*K39 -> #REF!
D40: 3.5 | E40: Solado en concreto pobre 2000 psi con espesor de 5cm de gradas | F40: m2 | G40: 245.34702 | H40: 80999.337 | I40: =+H40*G40 -> 19872946 | K40: =+H40*#REF! -> #REF! | L40: =+G40*K40 -> #REF!
D41: 3.6 | E41: Concreto Pilotes (incluye encofrado y desencofrado) | F41: m3 | G41: 225.42084 | H41: 1209193.5 | I41: =+H41*G41 -> 2.7257741e+08 | K41: =+H41*#REF! -> #REF! | L41: =+G41*K41 -> #REF!
D42: 3.7 | E42: Concreto zapatas (incluye encofrado y desencofrado) de gradas | F42: m3 | G42: 158.51664 | H42: 1426848.3 | I42: =+H42*G42 -> 2.261792e+08 | K42: =+H42*#REF! -> #REF! | L42: =+G42*K42 -> #REF!
D43: 3.8 | E43: Concreto vigas de cimentación (incluye encofrado y desencofrado) de gradas | F43: m3 | G43: 162.22176 | H43: 1625088.3 | I43: =+H43*G43 -> 2.6362469e+08 | K43: =+H43*#REF! -> #REF! | L43: =+G43*K43 -> #REF!
D44: 3.9 | E44: Acero de refuerzo de gradas | F44: kg | G44: 68957.473 | H44: 13265.088 | I44: =+H44*G44 -> 9.1472694e+08 | K44: =+H44*#REF! -> #REF! | L44: =+G44*K44 -> #REF!
D45: 3.10 | E45: Solado en concreto pobre 2000 psi con espesor de 5cm de portería | F45: m2 | G45: 11.8296 | H45: 80999.337 | I45: =+H45*G45 -> 958189.76 | K45: =+H45*#REF! -> #REF! | L45: =+G45*K45 -> #REF!
D46: 3.11 | E46: Cimentación de postes de portería, 2 und | F46: m3 | G46: 23.94311 | H46: 1625088.3 | I46: =+H46*G46 -> 38909669 | K46: =+H46*#REF! -> #REF! | L46: =+G46*K46 -> #REF!
D47: 3.13 | E47: Acero de refuerzo de portería | F47: kg | G47: 3112.6044 | H47: 13265.088 | I47: =+H47*G47 -> 41288971 | K47: =+H47*#REF! -> #REF! | L47: =+G47*K47 -> #REF!
... D55: 3.21 | E55: Traslado de material sobrante por excavacion, lugar aprobado por interventoría | F55: m3 | G55: 482.08329 | H55: 85714.02 | I55: =+H55*G55 -> 41321297 | K55: =+H55*#REF! -> #REF! | L55: =+G55*K55 -> #REF!
D56: 4 | E56: ESTRUCTURA Y ENTREPISOS | I56: =SUM(I57:I66) -> 1.9374874e+08 | K56: =+H56*#REF! -> #REF! | L56: =+G56*K56 -> #REF!
D57: 4.1 | E57: Construcción de columnas de camerinos de hombres y mujeres | F57: m3 | G57: 3.162 | H57: 2040784.5 | I57: =+H57*G57 -> 6452960.6 | K57: =+H57*#REF! -> #REF! | L57: =+G57*K57 -> #REF!
D58: 4.2 | E58: Construcción de placa de cubierta de camerinos de hombres y mujeres | F58: m3 | G58: 9.123579 | H58: 2040784.5 | I58: =+H58*G58 -> 18619259 | K58: =+H58*#REF! -> #REF! | L58: =+G58*K58 -> #REF!
D59: 4.3 | E59: Acero de refuerzo para ampliación de camerinos de hombres y mujeres | F59: kg | G59: 1740.1401 | H59: 13264.788 | I59: =+H59*G59 -> 23082589 | K59: =+H59*#REF! -> #REF! | L59: =+G59*K59 -> #REF!
D60: 4.4 | E60: Cubierta en estructura metálica y lámina metálica, incluye verticales de gradas | F60: m2 | G60: 273.6308 | H60: 390816 | I60: =+H60*G60 -> 1.0693929e+08 | K60: =+H60*#REF! -> #REF! | L60: =+G60*K60 -> #REF! | M60: =+G60*18 -> 4925.3544 | N60: =+M60*22000 -> 1.083578e+08
D61: 4.5 | E61: Cubierta en estructura metálica y lámina metálica, incluye verticales de portería | F61: m2 | G61: 32.8538 | H61: 390816 | I61: =+H61*G61 -> 12839791 | K61: =+H61*#REF! -> #REF! | L61: =+G61*K61 -> #REF!
D62: 4.8 | E62: Construcción de columnas de punto de venta | F62: m3 | G62: 1.18575 | H62: 2040784.5 | I62: =+H62*G62 -> 2419860.2 | K62: =+H62*#REF! -> #REF! | L62: =+G62*K62 -> #REF!
D63: 4.9 | E63: Construcción de placa de cubierta de punto de venta | F63: m3 | G63: 2.720498 | H63: 2040784.5 | I63: =+H63*G63 -> 5551950.2 | K63: =+H63*#REF! -> #REF! | L63: =+G63*K63 -> #REF!
D64: 4.10 | E64: Acero de refuerzo para ampliación de punto de venta | F64: kg | G64: 562.84449 | H64: 13264.788 | I64: =+H64*G64 -> 7466012.6 | K64: =+H64*#REF! -> #REF! | L64: =+G64*K64 -> #REF! | O64: 2700
D65: 4.11 | E65: Levante de muros en block # 6 en banca de suplentes | F65: m2 | G65: 34.968 | H65: 177018.41 | I65: =+H65*G65 -> 6189979.7 | K65: =+H65*#REF! -> #REF! | L65: =+G65*K65 -> #REF!
D66: 4.12 | E66: Cubierta en estructura metálica y lámina metálica, incluye verticales de banca de suplentes | F66: m2 | G66: 10.7136 | H66: 390816 | I66: =+H66*G66 -> 4187046.3 | K66: =+H66*#REF! -> #REF! | L66: =+G66*K66 -> #REF!
D67: 5 | E67: MAMPOSTERÍA, PLANTILLA Y CERRAMIENTO | I67: =SUM(I68:I70) -> 4.7664026e+08 | K67: =+H67*#REF! -> #REF! | L67: =+G67*K67 -> #REF!
D68: 5.1 | E68: Levante de muros en block # 4, pañetes, dinteles, protecciones antisismicas. (no incluye los levantes contemplados con calados) en edificio nuevo, incluye antepecho) | F68: m2 | G68: 323.36224 | H68: 177018.41 | I68: =+H68*G68 -> 57241069 | K68: =+H68*#REF! -> #REF! | L68: =+G68*K68 -> #REF!
D69: 5.2 | E69: Construcción de plantilla de concreto de 0,07m de espesor en camerinos, portería y punto de venta | F69: m2 | G69: 117.4838 | H69: 202186.5 | I69: =+H69*G69 -> 23753638 | K69: =+H69*#REF! -> #REF! | L69: =+G69*K69 -> #REF!
D70: 5.3 | E70: Suministro e instalación de cerramiento modular (3d) de 2m de alto, incluye excavación, relleno, cimentación (zapata y viga) | F70: ml | G70: 431.2038 | H70: 917537.26 | I70: =+H70*G70 -> 3.9564555e+08 | K70: =+H70*#REF! -> #REF! | L70: =+G70*K70 -> #REF!
D71: 6 | E71: IMPERMEABILIZACIONES | I71: =SUM(I72:I74) -> 35702277 | K71: =+H71*#REF! -> #REF! | L71: =+G71*K71 -> #REF!
D72: 6.1 | E72: Impermeabilización cubierta sistema poliuretano con np1 | F72: m2 | G72: 190.31892 | H72: 132396 | I72: =+H72*G72 -> 25197464 | K72: =+H72*#REF! -> #REF! | L72: =+G72*K72 -> #REF!
D73: 6.2 | E73: Impermeabilización con impermeabilizante acrílico reforzado con fibra por 12 años sobre cubierta en concreto pulido | F73: m2 | G73: 117.4838 | H73: 53295.6 | I73: =+H73*G73 -> 6261369.6 | K73: =+H73*#REF! -> #REF! | L73: =+G73*K73 -> #REF!
D74: 6.3 | E74: Impermeabilizaciones baños y zonas humedas | F74: m2 | G74: 96.6704 | H74: 43896 | I74: =+H74*G74 -> 4243443.9 | K74: =+H74*#REF! -> #REF! | L74: =+G74*K74 -> #REF!
D75: 7 | E75: REDES HIDRAULICAS | I75: =SUM(I76:I129) -> 1.8573257e+08 | K75: =+H75*#REF! -> #REF! | L75: =+G75*K75 -> #REF!
E76: DRENAJE CANCHA | K76: =+H76*#REF! -> #REF! | L76: =+G76*K76 -> #REF!
E77: Punto conexión subdrenaje | F77: pto | G77: 22 | H77: 385125.3 | I77: =+H77*G77 -> 8472756.6 | K77: =+H77*#REF! -> #REF! | L77: =+G77*K77 -> #REF!
E78: Tubería Colectores Perforada Enterrados De ø 4" PVC-ALC | F78: ml | G78: 287 | H78: 73106.55 | I78: =+H78*G78 -> 20981580 | K78: =+H78*#REF! -> #REF! | L78: =+G78*K78 -> #REF!
E79: Tubería Colectores Perforada Enterrados De ø6" PVC-ALC | F79: ml | G79: 71 | H79: 152531.1 | I79: =+H79*G79 -> 10829708 | K79: =+H79*#REF! -> #REF! | L79: =+G79*K79 -> #REF!
E80: Tubería Colectores De ø 8" PVC-TDP Alc. | F80: ml | G80: 43 | H80: 140795.55 | I80: =+H80*G80 -> 6054208.6 | K80: =+H80*#REF! -> #REF! | L80: =+G80*K80 -> #REF!
E81: Registro de Paso | F81: und | G81: 2 | H81: 708342.3 | I81: =+H81*G81 -> 1416684.6 | K81: =+H81*#REF! -> #REF! | L81: =+G81*K81 -> #REF!
E82: Registro Pozo Eyector | F82: und | G82: 1 | H82: 2440137.1 | I82: =+H82*G82 -> 2440137.1 | K82: =+H82*#REF! -> #REF! | L82: =+G82*K82 -> #REF!
E83: Excavación | F83: ml | G83: 401 | H83: 23174.1 | I83: =+H83*G83 -> 9292814.1 | K83: =+H83*#REF! -> #REF! | L83: =+G83*K83 -> #REF!
E84: Relleno material seleccionado | F84: ml | G84: 401 | H84: 42357.6 | I84: =+H84*G84 -> 16985398 | K84: =+H84*#REF! -> #REF! | L84: =+G84*K84 -> #REF!
E85: Relleno material sitio | F85: ml | G85: 401 | H85: 25347.6 | I85: =+H85*G85 -> 10164388 | K85: =+H85*#REF! -> #REF! | L85: =+G85*K85 -> #REF!
E86: Retiro de sobrantes En Obra | F86: ml | G86: 401 | H86: 27526.5 | I86: =+H86*G86 -> 11038126 | K86: =+H86*#REF! -> #REF! | L86: =+G86*K86 -> #REF!
E87: AGUAS RESIDUALES | K87: =+H87*#REF! -> #REF! | L87: =+G87*K87 -> #REF!
E88: Puntos desagües ø 2" en Muro | F88: pto | G88: 18 | H88: 106947 | I88: =+H88*G88 -> 1925046 | K88: =+H88*#REF! -> #REF! | L88: =+G88*K88 -> #REF!
E89: Puntos desagües ø 2" en Piso | F89: pto | G89: 6 | H89: 104309.1 | I89: =+H89*G89 -> 625854.6 | K89: =+H89*#REF! -> #REF! | L89: =+G89*K89 -> #REF!
E90: Puntos desagües ø 3" en Piso | F90: pto | G90: 4 | H90: 143877.6 | I90: =+H90*G90 -> 575510.4 | K90: =+H90*#REF! -> #REF! | L90: =+G90*K90 -> #REF!
E91: Puntos desagües ø 4" | F91: pto | G91: 12 | H91: 135396.9 | I91: =+H91*G91 -> 1624762.8 | K91: =+H91*#REF! -> #REF! | L91: =+G91*K91 -> #REF!
E92: Puntos ventilación | F92: pto | G92: 2 | H92: 83034.45 | I92: =+H92*G92 -> 166068.9 | K92: =+H92*#REF! -> #REF! | L92: =+G92*K92 -> #REF!
E93: Tubería Colectores Enterrados De ø 2" PVC-Sanitaria | F93: ml | G93: 48 | H93: 40250.25 | I93: =+H93*G93 -> 1932012 | K93: =+H93*#REF! -> #REF! | L93: =+G93*K93 -> #REF!
E94: Tubería Colectores Enterrados De ø 4" PVC-Sanitaria | F94: ml | G94: 95 | H94: 72847.35 | I94: =+H94*G94 -> 6920498.3 | K94: =+H94*#REF! -> #REF! | L94: =+G94*K94 -> #REF!
E95: Tubería Colectores De ø 2" PVC-Ventilación | F95: ml | G95: 30 | H95: 37462.5 | I95: =+H95*G95 -> 1123875 | K95: =+H95*#REF! -> #REF! | L95: =+G95*K95 -> #REF!
E96: Cajas de Inspección De 0.60×0.60 mts. | F96: und | G96: 3 | H96: 509877.45 | I96: =+H96*G96 -> 1529632.3 | K96: =+H96*#REF! -> #REF! | L96: =+G96*K96 -> #REF!
E97: Cajas de Inspección De 0.80×0.80 mts. | F97: und | G97: 2 | H97: 708342.3 | I97: =+H97*G97 -> 1416684.6 | K97: =+H97*#REF! -> #REF! | L97: =+G97*K97 -> #REF!
E98: Excavación | F98: ml | G98: 144 | H98: 23174.1 | I98: =+H98*G98 -> 3337070.4 | K98: =+H98*#REF! -> #REF! | L98: =+G98*K98 -> #REF!
E99: Relleno material seleccionado | F99: ml | G99: 144 | H99: 42357.6 | I99: =+H99*G99 -> 6099494.4 | K99: =+H99*#REF! -> #REF! | L99: =+G99*K99 -> #REF!
... E101: Retiro de sobrantes | F101: ml | G101: 144 | H101: 27526.5 | I101: =+H101*G101 -> 3963816 | K101: =+H101*#REF! -> #REF! | L101: =+G101*K101 -> #REF!
E102: REDES HIDRAULICAS | K102: =+H102*#REF! -> #REF! | L102: =+G102*K102 -> #REF!
E103: Puntos hidráulicos Ø 1/2" | F103: pto | G103: 37 | H103: 91864.8 | I103: =+H103*G103 -> 3398997.6 | K103: =+H103*#REF! -> #REF! | L103: =+G103*K103 -> #REF!
E104: Punto medidor Ø 1" | F104: pto | G104: 1 | H104: 180627.3 | I104: =+H104*G104 -> 180627.3 | K104: =+H104*#REF! -> #REF! | L104: =+G104*K104 -> #REF!
E105: Tubería PVC presión RDE 9 - 21 De ø 1/2" | F105: ml | G105: 149 | H105: 17136.9 | I105: =+H105*G105 -> 2553398.1 | K105: =+H105*#REF! -> #REF! | L105: =+G105*K105 -> #REF!
E106: Tubería PVC presión RDE 9 - 21 De ø 3/4" | F106: ml | G106: 75 | H106: 19970.55 | I106: =+H106*G106 -> 1497791.2 | K106: =+H106*#REF! -> #REF! | L106: =+G106*K106 -> #REF!
E107: Tubería PVC presión RDE 9 - 21 De ø 1" | F107: ml | G107: 61 | H107: 20686.05 | I107: =+H107*G107 -> 1261849.1 | K107: =+H107*#REF! -> #REF! | L107: =+G107*K107 -> #REF!
E108: Tubería PVC presión RDE 9 - 21 De ø 1-1/2" | F108: ml | G108: 22 | H108: 38061.9 | I108: =+H108*G108 -> 837361.8 | K108: =+H108*#REF! -> #REF! | L108: =+G108*K108 -> #REF!
E109: Tubería PVC presión RDE 9 - 21 De ø 2" | F109: ml | G109: 30 | H109: 49492.35 | I109: =+H109*G109 -> 1484770.5 | K109: =+H109*#REF! -> #REF! | L109: =+G109*K109 -> #REF!
E110: Tubería PVC presión RDE 9 - 21 De ø 3" | F110: ml | G110: 30 | H110: 96071.4 | I110: =+H110*G110 -> 2882142 | K110: =+H110*#REF! -> #REF! | L110: =+G110*K110 -> #REF!
E111: Tubería PVC presión RDE 9 - 21 De ø 4 | F111: ml | G111: 11 | H111: 170068.95 | I111: =+H111*G111 -> 1870758.5 | K111: =+H111*#REF! -> #REF! | L111: =+G111*K111 -> #REF!
E112: Válvulas de compuerta De ø 1/2" | F112: und | G112: 2 | H112: 128899.35 | I112: =+H112*G112 -> 257798.7 | K112: =+H112*#REF! -> #REF! | L112: =+G112*K112 -> #REF!
E113: Válvulas de compuerta De ø 3/4" | F113: und | G113: 2 | H113: 170329.5 | I113: =+H113*G113 -> 340659 | K113: =+H113*#REF! -> #REF! | L113: =+G113*K113 -> #REF!
E114: Válvulas de compuerta De ø 1" | F114: und | G114: 2 | H114: 208502.1 | I114: =+H114*G114 -> 417004.2 | K114: =+H114*#REF! -> #REF! | L114: =+G114*K114 -> #REF!
E115: Válvulas de compuerta De ø 1-1/2" | F115: und | G115: 1 | H115: 378010.8 | I115: =+H115*G115 -> 378010.8 | K115: =+H115*#REF! -> #REF! | L115: =+G115*K115 -> #REF!
...

Sheet Presupuesto  version anterior
E2: PRESUPUESTO ESTADIO SAN MARTÍN DE LOBA JULIO DE 2024 | H2: ALCALDIA MUNICIPAL DE SAN MARTÍN DE LOBA
D9: ÍTEM | E9: DESCRIPCIÓN | F9: UNIDAD | G9: CANTIDAD | H9: VALOR UNITARIO | I9: VALOR PARCIAL
D10: 1 | E10: PRELIMINARES | I10: =SUM(I11:I21) -> 1.5766852e+08
D11: 1.1 | E11: Cerramiento y señalización del área de trabajo | F11: ml | G11: 354.37 | H11: 73813.248 | I11: =+H11*G11 -> 26157201 | L11: =+H11-'Presupuesto '!H11 -> 0
D12: 1.2 | E12: Campamento de obra (oficina y almacén, incluye habilitación de contenedor existente y reubicación) | F12: glb | G12: 1 | H12: 9419480.6 | I12: =+H12*G12 -> 9419480.6 | L12: =+H12-'Presupuesto '!H12 -> 0
D13: 1.3 | E13: Elementos e Implementos de seguridad obra ref: extintor, camilla, botiquin, señalizacion, elementos de bioseguridad | F13: glb | G13: 1 | H13: 2320698.9 | I13: =+H13*G13 -> 2320698.9 | L13: =+H13-'Presupuesto '!H13 -> 0 | O13: =90+95+90+95 -> 370
D14: 1.4 | E14: Alquiler de baños ecológico provisionales 2 unidades | F14: glb | G14: 1 | H14: 9122386.9 | I14: =+H14*G14 -> 9122386.9 | L14: =+H14-'Presupuesto '!H14 -> 0
D15: 1.5 | E15: Localización, trazado y replanteo | F15: m2 | G15: 7767.02 | H15: 3816.12 | I15: =+H15*G15 -> 29639880 | L15: =+H15-'Presupuesto '!H15 -> 0
D16: 1.6 | E16: Demolición de cerramiento perimetral en mampostería, incluye columnas y contrafuertes | F16: m3 | G16: =+((G11-2)*1.6*0.12)*1.1*1.06 -> 78.885777 | H16: 432637.12 | I16: =+H16*G16 -> 34128915 | L16: =+H16-'Presupuesto '!H16 -> 0
D17: 1.7 | E17: Demolición decimentación de cerramiento perimetral | F17: m3 | G17: =+((G11-2)*0.3*0.12)*1.1*1.06 -> 14.791083 | H17: 432637.12 | I17: =+H17*G17 -> 6399171.6 | L17: =+H17-'Presupuesto '!H17 -> 0
D18: 1.8 | E18: Desmonte de cerramiento perimetral en malla eslabonada, incluye verticales | F18: m2 | G18: =+(G11-2)*1.2 -> 422.844 | H18: 41022 | I18: =+H18*G18 -> 17345907 | L18: =+H18-'Presupuesto '!H18 -> 0
D19: 1.9 | E19: Traslado de escombro y material sobrante al lugar aprobado por interventoría | F19: m3 | G19: =+(G18*0.3)+G17+G16 -> 220.53006 | H19: 81740.96 | I19: =+H19*G19 -> 18026339 | L19: =+H19-'Presupuesto '!H19 -> 0
D20: 1.10 | E20: Desmonte de porterías, incluye disposición final | F20: und | G20: 2 | H20: 210600 | I20: =+H20*G20 -> 421200 | L20: =+H20-'Presupuesto '!H20 -> 0
D21: 1.11 | E21: Desmonte de postes de iluminación, incluye disposición final | F21: und | G21: 8 | H21: 585918 | I21: =+H21*G21 -> 4687344 | L21: =+H21-'Presupuesto '!H21 -> 0
D22: 2 | E22: MOVIMIENTO DE TIERRAS | I22: =SUM(I23:I36) -> 1.5083947e+09
D23: 2.1 | E23: Excavación común: zapatas, viga cimiento de camerinos de hombres y mujeres | F23: m3 | G23: =+((1.2*1.2*1.5*12)*2*1.3)+(((10.97*0.5*0.5*3)+(6.63*0.5*0.5*4))*2*1.3) -> 106.0215 | H23: 65649.3 | I23: =+H23*G23 -> 6960237.3 | L23: =+H23-'Presupuesto '!H23 -> 0
D24: 2.2 | E24: Excavación común: zapatas, viga cimiento de gradas | F24: m3 | G24: =1541.08*0.9 -> 1386.972 | H24: 65649.3 | I24: =+H24*G24 -> 91053741 | L24: =+H24-'Presupuesto '!H24 -> 0
D25: 2.3 | E25: Excavación pilotes, según diseños y estudios de gradas | F25: ml | G25: =3032.8*0.9 -> 2729.52 | H25: 351344.9 | I25: =+H25*G25 -> 9.5900292e+08 | L25: =+H25-'Presupuesto '!H25 -> 0
D26: 2.4 | E26: Excavación común: zapatas, viga cimiento de portería | F26: m3 | G26: =+((3*4*4)+(0.6*0.6*0.6))*1.3*2 -> 125.3616 | H26: 65649.3 | I26: =+H26*G26 -> 8229901.3 | L26: =+H26-'Presupuesto '!H26 -> 0
D27: 2.4 | E27: Excavación común: zapatas, viga cimiento de punto de venta | F27: m3 | G27: =+((2.2*2.2*1*9)*1.3)+(((5.64*0.5*0.5*3)+(6.76*0.5*0.5*3))*1.3) -> 68.718 | H27: 65649.3 | I27: =+H27*G27 -> 4511288.6 | L27: =+H27-'Presupuesto '!H27 -> 0
D28: 2.5 | E28: Relleno y compactacion con material selecionado en cimentación de camerinos de hombres y mujeres | F28: m3 | G28: =+((1.2*1.2*0.3*12)*2*1.3)+(((10.97*0.3*0.5*3)+(6.63*0.3*0.5*4))*2*1.3) -> 36.6561 | H28: 120420.78 | I28: =+H28*G28 -> 4414156.2 | L28: =+H28-'Presupuesto '!H28 -> 0
D29: 2.6 | E29: Relleno y compactacion con material selecionado de gradas | F29: m3 | G29: =(354.45-G28-G30-G31)*0.7 -> 198.54093 | H29: 120420.78 | I29: =+H29*G29 -> 23908454 | L29: =+H29-'Presupuesto '!H29 -> 0
D30: 2.6 | E30: Relleno y compactacion con material selecionado en cimentación de portería | F30: m3 | G30: =+((3*0.3*4)+(0.6*0.6*0.6))*1.3*2 -> 9.9216 | H30: 120420.78 | I30: =+H30*G30 -> 1194766.8 | L30: =+H30-'Presupuesto '!H30 -> 0
D31: 2.7 | E31: Relleno y compactacion con material selecionado cimentación de punto de venta | F31: m3 | G31: =+((2.2*2.2*0.3*9)*1.3)+(((5.64*0.3*0.5*3)+(6.76*0.3*0.5*3))*1.3) -> 24.2424 | H31: 120420.78 | I31: =+H31*G31 -> 2919288.7 | L31: =+H31-'Presupuesto '!H31 -> 0
D32: 2.8 | E32: Excavación común: zapatas, viga cimiento de cerramiento en malla eslabonada | F32: m3 | G32: =+(2*1.5*1.4*40)+(0.4*0.3*(51+1.3+1.3)*2)-(0.4*0.3*40) -> 176.064 | H32: 65649.3 | I32: =+H32*G32 -> 11558478 | L32: =+H32-'Presupuesto '!H32 -> -12830.7
D33: 2.9 | E33: Relleno y compactacion con material selecionado cimentación de cerramiento malla eslabonada | F33: m3 | G33: =+(2*1.5*0.4*40)+(0.4*0.3*(51+1.3+1.3)*2)-(0.4*0.3*40) -> 56.064 | H33: 120420.78 | I33: =+H33*G33 -> 6751270.6 | L33: =+H33-'Presupuesto '!H33 -> 0
D34: 2.10 | E34: Adecuación de zona de grama sintética para cancha | F34: m2 | G34: 4383.45 | H34: 78480 | I34: =+H34*G34 -> 344013156 | L34: =+H34-'Presupuesto '!H34 -> 42353.766
D35: 2.11 | E35: Relleno y compactacion con material selecionado en general | F35: m3 | G35: =+(G169+G170+G171+G172+G173+G174)*0.15*1.1 -> 300.39273 | H35: 120420.78 | I35: =+H35*G35 -> 36173527 | L35: =+H35-'Presupuesto '!H35 -> 120420.78
D36: 2.12 | E36: Adecuación de zona de grama natural para exteriores | F36: m2 | G36: 213.24 | H36: 36126.234 | I36: =+H36*G36 -> 7703558.1 | L36: =+H36-'Presupuesto '!H36 -> -44873.103
D37: 3 | E37: ESTRUCTURA CIMENTACIÓN | I37: =SUM(I38:I60) -> 3.6635229e+09
D38: 3.1 | E38: Solado en concreto pobre 2000 psi con espesor de 5cm de camerinos de hombres y mujeres | F38: m2 | G38: =+(1.2*1.2*12)*2*1.06 -> 36.6336 | H38: 80999.337 | I38: =+H38*G38 -> 2967297.3
D39: 3.2 | E39: Concreto zapatas (incluye encofrado y desencofrado) de camerinos de hombres y mujeres | F39: m3 | G39: =+(1.2*1.2*0.3*12)*2*1.06 -> 10.99008 | H39: 1426848.3 | I39: =+H39*G39 -> 15681177
D40: 3.3 | E40: Concreto vigas de cimentación (incluye encofrado y desencofrado) en camerinos de hombres y mujeres | F40: m3 | G40: =+((10.97*0.3*0.3*3)+(6.63*0.3*0.3*4))*2*1.06 -> 11.339244 | H40: 1625088.3 | I40: =+H40*G40 -> 18427273
D41: 3.4 | E41: Acero de refuerzo en camerinos de hombres y mujeres | F41: kg | G41: =+(G39+G40)*130 -> 2902.8121 | H41: 13265.088 | I41: =+H41*G41 -> 38506058
D42: 3.5 | E42: Solado en concreto pobre 2000 psi con espesor de 5cm de gradas | F42: m2 | G42: =439.69*0.9 -> 395.721 | H42: 80999.337 | I42: =+H42*G42 -> 32053139
D43: 3.6 | E43: Concreto Pilotes (incluye encofrado y desencofrado) | F43: m3 | G43: =403.98*0.9 -> 363.582 | H43: 1209193.5 | I43: =+H43*G43 -> 4.3964099e+08
D44: 3.7 | E44: Concreto zapatas (incluye encofrado y desencofrado) de gradas | F44: m3 | G44: =284.08*0.9 -> 255.672 | H44: 1426848.3 | I44: =+H44*G44 -> 3.6480517e+08
D45: 3.8 | E45: Concreto vigas de cimentación (incluye encofrado y desencofrado) de gradas | F45: m3 | G45: =290.72*0.9 -> 261.648 | H45: 1625088.3 | I45: =+H45*G45 -> 4.2520111e+08
D46: 3.9 | E46: Acero de refuerzo de gradas | F46: kg | G46: =+(G43*135)+(G44*110)+(G45*130) -> 111221.73 | H46: 13265.088 | I46: =+H46*G46 -> 1.475366e+09
D47: 3.10 | E47: Solado en concreto pobre 2000 psi con espesor de 5cm de portería | F47: m2 | G47: =3*3*2*1.06 -> 19.08 | H47: 80999.337 | I47: =+H47*G47 -> 1545467.3
D48: 3.11 | E48: Cimentación de postes de portería, 2 und | F48: m3 | G48: =+((2*3*3)+(0.6*0.6*0.6))*1.06*2 -> 38.61792 | H48: 1625088.3 | I48: =+H48*G48 -> 62757531
D49: 3.13 | E49: Acero de refuerzo de portería | F49: kg | G49: =+(G48)*130 -> 5020.3296 | H49: 13265.088 | I49: =+H49*G49 -> 66595114
D50: 3.14 | E50: Solado en concreto pobre 2000 psi con espesor de 5cm de punto de venta | F50: m2 | G50: =+(1.2*1.2*9)*1.06 -> 13.7376 | H50: 80999.337 | I50: =+H50*G50 -> 1112736.5
D51: 3.15 | E51: Concreto zapatas (incluye encofrado y desencofrado) de punto de venta | F51: m3 | G51: =+(1.2*1.2*0.3*9)*1.06 -> 4.12128 | H51: 1625088.3 | I51: =+H51*G51 -> 6697444
D52: 3.16 | E52: Concreto vigas de cimentación (incluye encofrado y desencofrado) de punto de venta | F52: m3 | G52: =+((5.64*0.3*0.3*3)+(6.76*0.3*0.3*3))*1.06 -> 3.54888 | H52: 1625088.3 | I52: =+H52*G52 -> 5767243.5
D53: 3.17 | E53: Acero de refuerzo de punto de venta | F53: kg | G53: =+(G51+G52)*130 -> 997.1208 | H53: 13265.088 | I53: =+H53*G53 -> 13226895
D54: 3.18 | E54: Solado en concreto pobre 2000 psi con espesor de 5cm en postes | F54: m2 | G54: =3*3*G191*1.06 -> 76.32 | H54: 80999.337 | I54: =+H54*G54 -> 6181869.4
D55: 3.19 | E55: Cimentación de postes, 8 und | F55: m3 | G55: =+((2*3*3)+(0.6*0.6*0.6))*1.06*G191 -> 154.47168 | H55: 1625088.3 | I55: =+H55*G55 -> 2.5103012e+08
D56: 3.20 | E56: Acero de refuerzo de postes | F56: kg | G56: =+(G55)*130 -> 20081.318 | H56: 13265.088 | I56: =+H56*G56 -> 2.6638046e+08
D57: 3.21 | E57: Solado en concreto pobre 2000 psi con espesor de 5cm de cerrramiento en malla eslabonada | F57: m2 | G57: =2*1.5*40 -> 120 | H57: 80999.337 | I57: =+H57*G57 -> 9719920.4
D58: 3.22 | E58: Concreto zapatas (incluye encofrado y desencofrado) de de cerrramiento en malla eslabonada | F58: m3 | G58: =+((1.95*1.45*0.25*40)+(0.2*0.2*0.53*40))*1.06 -> 30.87038 | H58: 1625088.3 | I58: =+H58*G58 -> 50167094
D59: 3.23 | E59: Acero de refuerzo de de cerrramiento en malla eslabonada | F59: kg | G59: =+G58*80 -> 2469.6304 | H59: 13265.088 | I59: =+H59*G59 -> 32759865
D60: 3.24 | E60: Traslado de material sobrante por excavacion, lugar aprobado por interventoría | F60: m3 | G60: =+(G23-G39-G40+G24-G43-G44-G45+G26-G48+G27-G51-G52+G32-G33)+40 -> 897.5537 | H60: 85714.02 | I60: =+H60*G60 -> 76932935
D61: 4 | E61: ESTRUCTURA Y ENTREPISOS | I61: =SUM(I62:I71) -> 3.6679793e+08
D62: 4.1 | E62: Construcción de columnas de camerinos de hombres y mujeres | F62: m3 | G62: =+(3.4*0.25*0.25*12)*2 -> 5.1 | H62: 2040784.5 | I62: =+H62*G62 -> 10408001
D63: 4.2 | E63: Construcción de placa de cubierta de camerinos de hombres y mujeres | F63: m3 | G63: =+((75.58*0.06)+(10.97*3*0.25*0.19)+(6.63*4*0.25*0.19))*2 -> 14.71545 | H63: 2040784.5 | I63: =+H63*G63 -> 30031062
D64: 4.3 | E64: Acero de refuerzo para ampliación de camerinos de hombres y mujeres | F64: kg | G64: =+(G62*181)+(G63*128) -> 2806.6776 | H64: 13264.788 | I64: =+H64*G64 -> 37229982
D65: 4.4 | E65: Cubierta en estructura metálica y lámina metálica, incluye verticales de gradas | F65: m2 | G65: 441.34 | H65: 495000 | I65: =+H65*G65 -> 218463300
D66: 4.5 | E66: Cubierta en estructura metálica y lámina metálica, incluye verticales de portería | F66: m2 | G66: 52.99 | H66: =+H65 -> 495000 | I66: =+H66*G66 -> 26230050
D67: 4.8 | E67: Construcción de columnas de punto de venta | F67: m3 | G67: =+(3.4*0.25*0.25*9) -> 1.9125 | H67: 2040784.5 | I67: =+H67*G67 -> 3903000.4
D68: 4.9 | E68: Construcción de placa de cubierta de punto de venta | F68: m3 | G68: =+((38.33*0.06)+(5.64*3*0.25*0.19)+(6.76*4*0.25*0.19)) -> 4.3879 | H68: 2040784.5 | I68: =+H68*G68 -> 8954758.4
D69: 4.10 | E69: Acero de refuerzo para ampliación de punto de venta | F69: kg | G69: =+(G67*181)+(G68*128) -> 907.8137 | H69: 13264.788 | I69: =+H69*G69 -> 12041956
D70: 4.11 | E70: Levante de muros en block # 6 en banca de suplentes | F70: m2 | G70: =+(((0.6*(12+12+2+2))*2)+2+2)*1.5 -> 56.4 | H70: =177018.408*1.1 -> 194720.25 | I70: =+H70*G70 -> 10982222
D71: 4.12 | E71: Cubierta en estructura metálica y lámina metálica, incluye verticales de banca de suplentes | F71: m2 | G71: =+G167 -> 17.28 | H71: =+H66 -> 495000 | I71: =+H71*G71 -> 8553600
D72: 5 | E72: MAMPOSTERÍA, PLANTILLA Y CERRAMIENTO | I72: =SUM(I73:I76) -> 6.3401496e+08
D73: 5.1 | E73: Levante de muros en block # 6, incluye dinteles, protecciones antisismicas. (no incluye los levantes contemplados con calados) | F73: m2 | G73: =+(23.86*2.4)+((75.58-2.5)*2*2.4)+50+((5.56+0.85+0.73)*2.4)+((2.57+2.57+2.22+1.3+1)*2*2.4) -> 521.552 | H73: =177018.408*1.1 -> 194720.25 | I73: =+H73*G73 -> 1.0155674e+08
D74: 5.2 | E74: Construcción de plantilla de concreto de 0,10m de espesor en camerinos, portería y punto de venta | F74: m2 | G74: =+G79 -> 189.49 | H74: =202186.495011999*1.25 -> 252733.12 | I74: =+H74*G74 -> 47890399
D75: 5.3 | E75: Suministro e instalación de malla eslabonada en cerramiento de cancha, incluye viga de concreto de 0,25mx0,30m, bloque #6, columneta, zarpa y dovelas | F75: m2 | G75: =51*2 -> 102 | H75: =113950*1.45 -> 165227.5 | I75: =+H75*G75 -> 16853205
D76: 5.4 | E76: Suministro e instalación de cerramiento modular (3d) de 2m de alto, incluye excavación, relleno, cimentación (zapata y viga) | F76: ml | G76: =330.97+3.39+3.39+86+86 -> 509.75 | H76: 917537.26 | I76: =+H76*G76 -> 4.6771462e+08
D77: 6 | E77: IMPERMEABILIZACIONES | I77: =SUM(I78:I80) -> 57584318
D78: 6.1 | E78: Impermeabilización cubierta sistema poliuretano con np1 | F78: m2 | G78: =+(G65+G71+G66)*0.6 -> 306.966 | H78: 132396 | I78: =+H78*G78 -> 40641071
D79: 6.2 | E79: Impermeabilización con impermeabilizante acrílico reforzado con fibra por 12 años sobre cubierta en concreto pulido | F79: m2 | G79: =75.58+75.58+38.33 -> 189.49 | H79: 53295.6 | I79: =+H79*G79 -> 10098983
D80: 6.3 | E80: Impermeabilizaciones baños y zonas humedas | F80: m2 | G80: =75.58+75.58+4.76 -> 155.92 | H80: 43896 | I80: =+H80*G80 -> 6844264.3
D81: 7 | E81: REDES HIDRAULICAS | I81: =SUM(I82:I135) -> 2.8064319e+08
E82: DRENAJE CANCHA
E83: Punto conexión subdrenaje | F83: pto | G83: 36 | H83: 385125.3 | I83: =+H83*G83 -> 13864511
E84: Tubería Colectores Perforada Enterrados De ø 4" PVC-ALC | F84: ml | G84: 462 | H84: 73106.55 | I84: =+H84*G84 -> 33775226
E85: Tubería Colectores Perforada Enterrados De ø6" PVC-ALC | F85: ml | G85: 114 | H85: 152531.1 | I85: =+H85*G85 -> 17388545
E86: Tubería Colectores De ø 8" PVC-TDP Alc. | F86: ml | G86: 70 | H86: 140795.55 | I86: =+H86*G86 -> 9855688.5
E87: Registro de Paso | F87: und | G87: 4 | H87: 708342.3 | I87: =+H87*G87 -> 2833369.2
E88: Registro Pozo Eyector | F88: und | G88: 1 | H88: 2440137.1 | I88: =+H88*G88 -> 2440137.1
E89: Excavación | F89: ml | G89: 646 | H89: 23174.1 | I89: =+H89*G89 -> 14970469
E90: Relleno material seleccionado | F90: ml | G90: 646 | H90: 42357.6 | I90: =+H90*G90 -> 27363010
E91: Relleno material sitio | F91: ml | G91: 646 | H91: 25347.6 | I91: =+H91*G91 -> 16374550
E92: Retiro de sobrantes En Obra | F92: ml | G92: 646 | H92: 27526.5 | I92: =+H92*G92 -> 17782119
E93: AGUAS RESIDUALES | H93: 0
E94: Puntos desagües ø 2" en Muro | F94: pto | G94: 29 | H94: 106947 | I94: =+H94*G94 -> 3101463
E95: Puntos desagües ø 2" en Piso | F95: pto | G95: 9 | H95: 104309.1 | I95: =+H95*G95 -> 938781.9
E96: Puntos desagües ø 3" en Piso | F96: pto | G96: 6 | H96: 143877.6 | I96: =+H96*G96 -> 863265.6
E97: Puntos desagües ø 4" | F97: pto | G97: 20 | H97: 135396.9 | I97: =+H97*G97 -> 2707938
E98: Puntos ventilación | F98: pto | G98: 4 | H98: 83034.45 | I98: =+H98*G98 -> 332137.8
E99: Tubería Colectores Enterrados De ø 2" PVC-Sanitaria | F99: ml | G99: 78 | H99: 40250.25 | I99: =+H99*G99 -> 3139519.5
E100: Tubería Colectores Enterrados De ø 4" PVC-Sanitaria | F100: ml | G100: 154 | H100: 72847.35 | I100: =+H100*G100 -> 11218492
E101: Tubería Colectores De ø 2" PVC-Ventilación | F101: ml | G101: 48 | H101: 37462.5 | I101: =+H101*G101 -> 1798200
E102: Cajas de Inspección De 0.60×0.60 mts. | F102: und | G102: 5 | H102: 509877.45 | I102: =+H102*G102 -> 2549387.2
E103: Cajas de Inspección De 0.80×0.80 mts. | F103: und | G103: 4 | H103: 708342.3 | I103: =+H103*G103 -> 2833369.2
E104: Excavación | F104: ml | G104: 232 | H104: 23174.1 | I104: =+H104*G104 -> 5376391.2
E105: Relleno material seleccionado | F105: ml | G105: 232 | H105: 42357.6 | I105: =+H105*G105 -> 9826963.2
... E107: Retiro de sobrantes | F107: ml | G107: 232 | H107: 27526.5 | I107: =+H107*G107 -> 6386148
E108: REDES HIDRAULICAS | H108: 0
...

Sheet Presupuesto BORRADOR
E2: PRESUPUESTO ESTADIO SAN MARTÍN DE LOBA JULIO DE 2025 | H2: ALCALDIA MUNICIPAL DE SAN MARTÍN DE LOBA
D9: ÍTEM | E9: DESCRIPCIÓN | F9: UNIDAD | G9: CANTIDAD | H9: VALOR UNITARIO | I9: VALOR PARCIAL
D10: 1 | E10: PRELIMINARES | I10: =SUM(I11:I21) -> 1.5766852e+08
D11: 1.1 | E11: Cerramiento y señalización del área de trabajo | F11: ml | G11: 354.37 | H11: 73813.248 | I11: =+H11*G11 -> 26157201
D12: 1.2 | E12: Campamento de obra (oficina y almacén, incluye habilitación de contenedor existente y reubicación) | F12: glb | G12: 1 | H12: 9419480.6 | I12: =+H12*G12 -> 9419480.6
D13: 1.3 | E13: Elementos e Implementos de seguridad obra ref: extintor, camilla, botiquin, señalizacion, elementos de bioseguridad | F13: glb | G13: 1 | H13: 2320698.9 | I13: =+H13*G13 -> 2320698.9
D14: 1.4 | E14: Alquiler de baños ecológico provisionales 2 unidades | F14: glb | G14: 1 | H14: 9122386.9 | I14: =+H14*G14 -> 9122386.9
D15: 1.5 | E15: Localización, trazado y replanteo | F15: m2 | G15: 7767.02 | H15: 3816.12 | I15: =+H15*G15 -> 29639880
D16: 1.6 | E16: Demolición de cerramiento perimetral en mampostería, incluye columnas y contrafuertes | F16: m3 | G16: 78.885777 | H16: 432637.12 | I16: =+H16*G16 -> 34128915
D17: 1.7 | E17: Demolición decimentación de cerramiento perimetral | F17: m3 | G17: 14.791083 | H17: 432637.12 | I17: =+H17*G17 -> 6399171.6
D18: 1.8 | E18: Desmonte de cerramiento perimetral en malla eslabonada, incluye verticales | F18: m2 | G18: 422.844 | H18: 41022 | I18: =+H18*G18 -> 17345907
D19: 1.9 | E19: Traslado de escombro y material sobrante al lugar aprobado por interventoría | F19: m3 | G19: 220.53006 | H19: 81740.96 | I19: =+H19*G19 -> 18026339
D20: 1.10 | E20: Desmonte de porterías, incluye disposición final | F20: und | G20: 2 | H20: 210600 | I20: =+H20*G20 -> 421200
D21: 1.11 | E21: Desmonte de postes de iluminación, incluye disposición final | F21: und | G21: 8 | H21: 585918 | I21: =+H21*G21 -> 4687344
D22: 2 | E22: MOVIMIENTO DE TIERRAS | I22: =SUM(I23:I32) -> 9.1912659e+08
D23: 2.1 | E23: Descapote total del area | F23: m2 | G23: 7767.02 | H23: 8987.6923 | I23: =+H23*G23 -> 69807586
D24: 2.2 | E24: Excavación común: zapatas, viga cimiento baños hombres y mujeres | F24: m3 | G24: 82.83 | H24: 65649.3 | I24: =+H24*G24 -> 5437731.5
D25: 2.3 | E25: Excavación común: zapatas, viga cimiento de gradas | F25: m3 | G25: 214.2 | H25: 65649.3 | I25: =+H25*G25 -> 14062080
D26: 2.7 | E26: Relleno y compactacion con material selecionado en cimentación de camerinos de hombres y mujeres | F26: m3 | G26: 30.75 | H26: 120420.78 | I26: =+H26*G26 -> 3702939
D27: 2.8 | E27: Relleno y compactacion con material selecionado de gradas | F27: m3 | G27: 117.6 | H27: 120420.78 | I27: =+H27*G27 -> 14161484
D28: 2.11 | E28: Adecuación de zona de grama sintética para cancha | F28: m2 | G28: 4557 | H28: 78480 | I28: =+H28*G28 -> 357633360
D29: 2.12 | E29: Relleno y compactacion con material selecionado en general | F29: m3 | G29: 3140.4 | H29: 120420.78 | I29: =+H29*G29 -> 3.7816942e+08
D30: 2.13 | E30: Adecuación de zona de grama natural para exteriores | F30: m2 | G30: =+G177 -> 270.8 | H30: 36126.234 | I30: =+H30*G30 -> 9782984.2
D31: 2.14 | E31: Geotextil nt 1600 para separacion de estratos | F31: m2 | G31: 4557 | H31: 13352 | I31: =+H31*G31 -> 60845064
D32: 2.15 | E32: Estabilizacion con piedra ciclopeo para cimentacion | F32: m3 | G32: 16 | H32: =455725/1.32 -> 345246.21 | I32: =+H32*G32 -> 5523939.4
D33: 3 | E33: ESTRUCTURA CIMENTACIÓN | I33: =SUM(I34:I42) -> 4.0433628e+08
D34: 3.1 | E34: Solado en concreto pobre 2000 psi con espesor de 5cm de baños de hombres y mujeres | F34: m2 | G34: 32 | H34: 80999.337 | I34: =+H34*G34 -> 2591978.8
D35: 3.2 | E35: Concreto zapatas (incluye encofrado y desencofrado) de baños de hombres y mujeres | F35: m3 | G35: 4.2 | H35: 1426848.3 | I35: =+H35*G35 -> 5992763
D36: 3.3 | E36: Concreto vigas de cimentación (incluye encofrado y desencofrado) en baños de hombres y mujeres | F36: m3 | G36: 5.64 | H36: 1625088.3 | I36: =+H36*G36 -> 9165498.2
D37: 3.4 | E37: Acero de refuerzo en baños de hombres y mujeres | F37: kg | G37: 764.39 | H37: 13265.088 | I37: =+H37*G37 -> 10139701
D38: 3.5 | E38: Solado en concreto pobre 2000 psi con espesor de 5cm de gradas | F38: m2 | G38: 142.8 | H38: 80999.337 | I38: =+H38*G38 -> 11566705
D39: 3.6 | E39: Concreto zapatas (incluye encofrado y desencofrado) de gradas | F39: m3 | G39: 62 | H39: 1426848.3 | I39: =+H39*G39 -> 88464596
D40: 3.7 | E40: Concreto vigas de cimentación (incluye encofrado y desencofrado) de gradas | F40: m3 | G40: 16.38 | H40: 1625088.3 | I40: =+H40*G40 -> 26618947
D41: 3.8 | E41: Acero de refuerzo de gradas | F41: kg | G41: 13758.07 | H41: 13265.088 | I41: =+H41*G41 -> 1.8250201e+08
D42: 3.9 | E42: Traslado de material sobrante por excavacion, lugar aprobado por interventoría | F42: m3 | G42: 785.1 | H42: 85714.02 | I42: =+H42*G42 -> 67294077
D43: 4 | E43: ESTRUCTURA Y ENTREPISOS | I43: =SUM(I44:I52) -> 3.7001015e+08
D44: 4.1 | E44: Construcción de columnas de baños de hombres y mujeres | F44: m3 | G44: 4.14 | H44: 2040784.5 | I44: =+H44*G44 -> 8448847.9
D45: 4.2 | E45: Construcción de vigas aereas de baños de hombres y mujeres | F45: m3 | G45: 2.88 | H45: 2340784.5 | I45: =+H45*G45 -> 6741459.4
D46: 4.3 | E46: Acero de refuerzo para baños de hombres y mujeres | F46: kg | G46: 1337.33 | H46: 13264.788 | I46: =+H46*G46 -> 17739398
D47: 4.4 | E47: Estructura metalica para cubierta | F47: kg | G47: 367.2 | H47: 25545.455 | I47: =+H47*G47 -> 9380290.9
D48: 4.5 | E48: Cubierta en lámina metálica o teja upvc | F48: m2 | G48: 65.84 | H48: 230198.18 | I48: =+H48*G48 -> 15156248
D49: 4.6 | E49: Estructura metalica para gradas | F49: kg | G49: 8192 | H49: 25545.455 | I49: =+H49*G49 -> 2.0926836e+08
D50: 4.7 | E50: Cubierta en lámina metálica o teja upvc para gradas | F50: m2 | G50: 256 | H50: 230198.18 | I50: =+H50*G50 -> 58930735
D51: 4.8 | E51: losa concreto en metaldeck cal 20 e:12 cm, incluye malla electrosoldada de 6 mm | F51: m2 | G51: 154.56 | H51: 281183.43 | I51: =+H51*G51 -> 43459711
D52: 4.9 | E52: Levante de muros en block # 6 | F52: m2 | G52: 5 | H52: 177018.41 | I52: =+H52*G52 -> 885092.04
D53: 5 | E53: MAMPOSTERÍA, PLANTILLA Y CERRAMIENTO | I53: =SUM(I54:I62) -> 5.8947617e+08
D54: 5.1 | E54: Levante de muros en block # 4 | F54: m2 | G54: 232.1 | H54: 97018.408 | I54: =+H54*G54 -> 22517972
D55: 5.2 | E55: Construcción de plantilla de concreto de 0,07m | F55: m2 | G55: 104 | H55: 202186.5 | I55: =+H55*G55 -> 21027395
D56: 5.3 | E56: Pañete impermeabilizado incluye filo y dilataciones - graderas | F56: m2 | G56: 464.21 | H56: 62732 | I56: =+H56*G56 -> 29120822
D57: 5.5 | E57: viga cinta 15cm x 20 xm | F57: ml | G57: 62.7 | H57: 60395 | I57: =+H57*G57 -> 3786766.5
D58: 5.6 | E58: Suministro e instalación de malla anti impacto panel prefabricada en alambre de acero galvanizada, recubrimiento en pintura de poliéster de 4.75mm de diámetro con puntos de cruce electrosoldados, en cuadros de 100mm x 50mm | F58: m2 | G58: 838.4 | H58: 294295.91 | I58: =+H58*G58 -> 2.4673769e+08
D59: 5.7 | E59: Muro de contencion y nivelacion | F59: ml | G59: 284 | H59: 518978.41 | I59: =+H59*G59 -> 1.4738987e+08
D60: 5.8 | E60: Acero de refuerzo muro de contencion y nivelacion | F60: kg | G60: 4944.44 | H60: 13264.788 | I60: =+H60*G60 -> 65586946
D61: 5.9 | E61: Mamposteria en block ·8 estructural, incluye dovelas de refuerzo y anclajes | F61: m2 | G61: 104 | H61: 265228 | I61: =+H61*G61 -> 27583712
D62: 5.10 | E62: Muro vertical de contrahuella en graderias, incluye acabado liso | F62: ml | G62: 126 | H62: 204166.67 | I62: =+H62*G62 -> 25725000
D63: 6 | E63: IMPERMEABILIZACIONES | I63: =SUM(I64:I64) -> 3080182.3
D64: 6.1 | E64: Impermeabilizaciones baños y zonas humedas | F64: m2 | G64: 70.17 | H64: 43896 | I64: =+H64*G64 -> 3080182.3
D65: 7 | E65: REDES HIDRAULICAS | I65: =SUM(I66:I122) -> 3.3054827e+08
E66: DRENAJE CANCHA
D67: 7.1 | E67: Punto conexión subdrenaje | F67: pto | G67: 4 | H67: 385125.3 | I67: =+H67*G67 -> 1540501.2
D68: 7.2 | E68: suministro e instalación de geodren para drenaje, incluye tuberia de 8" | F68: ml | G68: 412 | H68: 228295.45 | I68: =+H68*G68 -> 94057725
D69: 7.3 | E69: tuberia desague alcatarillado pvc 16" (desde zona de juego hacia la calle) | F69: ml | G69: 40 | H69: 664316.4 | I69: =+H69*G69 -> 26572656
D70: 7.4 | E70: Tubería Colectores De ø 8" PVC-TDP Alc. | F70: ml | G70: 100 | H70: 140795.55 | I70: =+H70*G70 -> 14079555
D71: 7.5 | E71: Registro de Paso | F71: und | G71: 2 | H71: 708342.3 | I71: =+H71*G71 -> 1416684.6
D72: 7.6 | E72: Registro Pozo Eyector | F72: und | G72: 1 | H72: 2440137.1 | I72: =+H72*G72 -> 2440137.1
D73: 7.7 | E73: Excavación | F73: ml | G73: 552 | H73: 23174.1 | I73: =+H73*G73 -> 12792103
D74: 7.8 | E74: Relleno material seleccionado | F74: ml | G74: 552 | H74: 42357.6 | I74: =+H74*G74 -> 23381395
D75: 7.9 | E75: Relleno material sitio | F75: ml | G75: 552 | H75: 25347.6 | I75: =+H75*G75 -> 13991875
D76: 7.10 | E76: Retiro de sobrantes En Obra | F76: ml | G76: 552 | H76: 27526.5 | I76: =+H76*G76 -> 15194628
E77: AGUAS RESIDUALES
D78: 7.11 | E78: Puntos desagües ø 2" en Muro | F78: pto | G78: 18 | H78: 106947 | I78: =+H78*G78 -> 1925046
D79: 7.12 | E79: Puntos desagües ø 2" en Piso | F79: pto | G79: 6 | H79: 104309.1 | I79: =+H79*G79 -> 625854.6
D80: 7.13 | E80: Rejilla metalica 2x3" Metalica | F80: und | G80: 6 | H80: 81840 | I80: =+H80*G80 -> 491040
D81: 7.14 | E81: Puntos desagües ø 4" | F81: pto | G81: 9 | H81: 135396.9 | I81: =+H81*G81 -> 1218572.1
D82: 7.15 | E82: Puntos ventilación | F82: pto | G82: 2 | H82: 83034.45 | I82: =+H82*G82 -> 166068.9
D83: 7.16 | E83: Tubería Colectores Enterrados De ø 2" PVC-Sanitaria | F83: ml | G83: 79.22 | H83: 40250.25 | I83: =+H83*G83 -> 3188624.8
D84: 7.17 | E84: Tubería Colectores Enterrados De ø 4" PVC-Sanitaria | F84: ml | G84: 128.4 | H84: 72847.35 | I84: =+H84*G84 -> 9353599.7
D85: 7.18 | E85: Tubería Colectores De ø 2" PVC-Ventilación | F85: ml | G85: 30 | H85: 37462.5 | I85: =+H85*G85 -> 1123875
D86: 7.19 | E86: Cajas de Inspección De 0.60×0.60 mts. | F86: und | G86: 3 | H86: 509877.45 | I86: =+H86*G86 -> 1529632.4
D87: 7.20 | E87: Cajas de Inspección De 0.80×0.80 mts. | F87: und | G87: 2 | H87: 708342.3 | I87: =+H87*G87 -> 1416684.6
D88: 7.21 | E88: Excavación | F88: ml | G88: 237.62 | H88: 23174.1 | I88: =+H88*G88 -> 5506629.6
D89: 7.22 | E89: Relleno material seleccionado | F89: ml | G89: 237.62 | H89: 42357.6 | I89: =+H89*G89 -> 10065013
... D91: 7.24 | E91: Retiro de sobrantes | F91: ml | G91: 237.62 | H91: 27526.5 | I91: =+H91*G91 -> 6540846.9
E92: REDES HIDRAULICAS
D93: 7.25 | E93: Puntos hidráulicos Ø 1/2" | F93: pto | G93: 27 | H93: 91864.8 | I93: =+H93*G93 -> 2480349.6
D94: 7.26 | E94: Punto medidor Ø 1" | F94: pto | G94: 1 | H94: 180627.3 | I94: =+H94*G94 -> 180627.3
D95: 7.27 | E95: Tubería PVC presión RDE 9 - 21 De ø 1/2" | F95: ml | G95: 6 | H95: 17136.9 | I95: =+H95*G95 -> 102821.4
D96: 7.28 | E96: Tubería PVC presión RDE 9 - 21 De ø 3/4" | F96: ml | G96: 12 | H96: 19970.55 | I96: =+H96*G96 -> 239646.6
D97: 7.29 | E97: Tubería PVC presión RDE 9 - 21 De ø 1" | F97: ml | G97: 61 | H97: 20686.05 | I97: =+H97*G97 -> 1261849.1
D98: 7.30 | E98: Tubería PVC presión RDE 9 - 21 De ø 1-1/2" | F98: ml | G98: 36 | H98: 38061.9 | I98: =+H98*G98 -> 1370228.4
D99: 7.31 | E99: Tubería PVC presión RDE 9 - 21 De ø 1-1/4" | F99: ml | G99: 6 | H99: 42023 | I99: =+H99*G99 -> 252138
D100: 7.32 | E100: Tubería PVC presión RDE 9 - 21 De ø 2" | F100: ml | G100: 72 | H100: 49492.35 | I100: =+H100*G100 -> 3563449.2
D101: 7.33 | E101: Tubería PVC presión RDE 9 - 21 De ø 3" | F101: ml | G101: 6 | H101: 96071.4 | I101: =+H101*G101 -> 576428.4
D102: 7.34 | E102: Tubería PVC presión RDE 9 - 21 De ø 4 | F102: ml | G102: 12 | H102: 170068.95 | I102: =+H102*G102 -> 2040827.4
D103: 7.35 | E103: Válvulas de compuerta De ø 1/2" | F103: und | G103: 2 | H103: 128899.35 | I103: =+H103*G103 -> 257798.7
D104: 7.36 | E104: Válvulas de compuerta De ø 3/4" | F104: und | G104: 2 | H104: 170329.5 | I104: =+H104*G104 -> 340659
... D106: 7.38 | E106: Válvulas de compuerta De ø 1-1/2" | F106: und | G106: 1 | H106: 378010.8 | I106: =+H106*G106 -> 378010.8
E107: SUCCIÓN EQUIPO VELOCIDAD VARIABLE Y PRESIÓN CONSTANTE
D108: 7.39 | E108: Tub PVC De ø4" | F108: ml | G108: 6 | H108: 96071.4 | I108: =+H108*G108 -> 576428.4
E109: Válvulas de Pie
...

Sheet 1.1
C3: ESTADIO SAN MARTÍN DE LOBA
C5: DESCRIPCION: | D5: Cerramiento y señalización del área de trabajo | H5: ITEM: | I5: 1.1
H6: UNIDAD: | I6: ml
C7: I. EQUIPO
C8: Descripcion | E8: Cantidad | F8: Tarifa/Hora | G8: Rendimiento | H8: Valor-Unit.
C9: Herramienta menor | E9: 1 | F9: 2000 | G9: 0.6501426 | H9: =+E9*F9/G9 -> 3076.2482
H13: Sub-Total | I13: =+SUM(H9:H12) -> 3076.2482
C14: II. MATERIALES EN OBRA
C15: Descripcion | E15: Unidad | F15: Pecio-Unit. | G15: Cantidad | H15: Valor-Unit.
C16: Malla verde de cerramiento | E16: m2 | F16: 8500 | G16: 1 | H16: =+G16*F16 -> 8500
C17: Madera rolliza x 3m de Ø3" aprox. | E17: UND | F17: 12000 | G17: 1 | H17: =+G17*F17 -> 12000
C18: CONCRETO 1500 PSI OB/GRAN | E18: m3 | F18: 302298 | G18: 0.078151264 | H18: =+G18*F18 -> 23624.971
C19: Puntilllas | E19: kg | F19: 2000 | G19: 3 | H19: =+G19*F19 -> 6000
H20: =+G20*F20 -> 0
H21: =+G21*F21 -> 0
H22: Sub-Total | I22: =+SUM(H16:H21) -> 50124.971
C23: III. TRANSPORTES
C24: Trabajador | E24: Valor peso o Cant. | F24: Distancia | G24: M2-km | H24: Tarifa | I24: Valor-Unit.
I27: Sub-Total | J27: =+SUM(I25:I26) -> 0
C28: IV. MANO DE OBRA
C29: Descripcion | E29: Jornal | F29: Prestaciones | G29: Jornal Total | H29: Rendimientos | I29: Valor-Unit.
C30: Oficial | E30: 92196.56 | F30: 1.85 | G30: =+F30*E30 -> 170563.64 | H30: 13.446804 | I30: =+G30/H30 -> 12684.326
C31: Ayudante | E31: 57622.85 | F31: 1.85 | G31: =+F31*E31 -> 106602.27 | H31: =+H30 -> 13.446804 | I31: =+G31/H31 -> 7927.7035
I34: Sub-Total | J34: =+SUM(I30:I33) -> 20612.029
C36: Total Costos Directos | J36: =+I13+I22+J27+J34 -> 73813.248
C40: NOMBRE DEL CONTRATISTA: | G40: FECHA:
C42: NOMBRE Y FIRMA DEL REPRESENTANTE LEGAL:

Sheet 1.2
C3: ESTADIO SAN MARTÍN DE LOBA
C5: DESCRIPCION: | D5: Campamento de obra (oficina y almacén, incluye habilitación de contenedor existente y reubicación) | H5: ITEM: | I5: 1.2
H6: UNIDAD: | I6: glb
C7: I. EQUIPO
C8: Descripcion | E8: Cantidad | F8: Tarifa/Hora | G8: Rendimiento | H8: Valor-Unit.
H13: Sub-Total | I13: =+SUM(H9:H12) -> 0
C14: II. MATERIALES EN OBRA
C15: Descripcion | E15: Unidad | F15: Pecio-Unit. | G15: Cantidad | H15: Valor-Unit.
C16: =+D5 -> Campamento de obra (oficina y almacén, incluye habilitación de contenedor existente y reubicación) | E16: und | F16: 9419480.6 | G16: 1 | H16: =+G16*F16 -> 9419480.6
H17: =+G17*F17 -> 0
H18: =+G18*F18 -> 0
H19: =+G19*F19 -> 0
H20: =+G20*F20 -> 0
H21: =+G21*F21 -> 0
H22: Sub-Total | I22: =+SUM(H16:H21) -> 9419480.6
C23: III. TRANSPORTES
C24: Trabajador | E24: Valor peso o Cant. | F24: Distancia | G24: M2-km | H24: Tarifa | I24: Valor-Unit.
I27: Sub-Total | J27: =+SUM(I25:I26) -> 0
C28: IV. MANO DE OBRA
C29: Descripcion | E29: Jornal | F29: Prestaciones | G29: Jornal Total | H29: Rendimientos | I29: Valor-Unit.
I34: Sub-Total | J34: =+SUM(I30:I33) -> 0
C36: Total Costos Directos | J36: =+I13+I22+J27+J34 -> 9419480.6
C40: NOMBRE DEL CONTRATISTA: | G40: FECHA:
C42: NOMBRE Y FIRMA DEL REPRESENTANTE LEGAL:

Sheet 1.3
C3: ESTADIO SAN MARTÍN DE LOBA
C5: DESCRIPCION: | D5: Elementos e Implementos de seguridad obra ref: extintor, camilla, botiquin, señalizacion, elementos de bioseguridad | H5: ITEM: | I5: 1.3
H6: UNIDAD: | I6: glb
C7: I. EQUIPO
C8: Descripcion | E8: Cantidad | F8: Tarifa/Hora | G8: Rendimiento | H8: Valor-Unit.
H13: Sub-Total | I13: =+SUM(H9:H12) -> 0
C14: II. MATERIALES EN OBRA
C15: Descripcion | E15: Unidad | F15: Pecio-Unit. | G15: Cantidad | H15: Valor-Unit.
C16: =+D5 -> Elementos e Implementos de seguridad obra ref: extintor, camilla, botiquin, señalizacion, elementos de bioseguridad | E16: und | F16: 2320698.9 | G16: 1 | H16: =+G16*F16 -> 2320698.9
H22: Sub-Total | I22: =+SUM(H16:H21) -> 2320698.9
C23: III. TRANSPORTES
C24: Trabajador | E24: Valor peso o Cant. | F24: Distancia | G24: M2-km | H24: Tarifa | I24: Valor-Unit.
I27: Sub-Total | J27: =+SUM(I25:I26) -> 0
C28: IV. MANO DE OBRA
C29: Descripcion | E29: Jornal | F29: Prestaciones | G29: Jornal Total | H29: Rendimientos | I29: Valor-Unit.
I34: Sub-Total | J34: =+SUM(I30:I33) -> 0
C36: Total Costos Directos | J36: =+I13+I22+J27+J34 -> 2320698.9
C40: NOMBRE DEL CONTRATISTA: | G40: FECHA:
C42: NOMBRE Y FIRMA DEL REPRESENTANTE LEGAL:

Sheet 1.4
C3: ESTADIO SAN MARTÍN DE LOBA
C5: DESCRIPCION: | D5: Alquiler de baños ecológico provisionales: 2 unidades | H5: ITEM: | I5: 1.4
H6: UNIDAD: | I6: glb
C7: I. EQUIPO
C8: Descripcion | E8: Cantidad | F8: Tarifa/Hora | G8: Rendimiento | H8: Valor-Unit.
H13: Sub-Total | I13: =+SUM(H9:H12) -> 0
C14: II. MATERIALES EN OBRA
C15: Descripcion | E15: Unidad | F15: Pecio-Unit. | G15: Cantidad | H15: Valor-Unit.
C16: =+D5 -> Alquiler de baños ecológico provisionales: 2 unidades | E16: und | F16: =9122386.90909091/2 -> 4561193.5 | G16: 2 | H16: =+G16*F16 -> 9122386.9
H22: Sub-Total | I22: =+SUM(H16:H21) -> 9122386.9
C23: III. TRANSPORTES
C24: Trabajador | E24: Valor peso o Cant. | F24: Distancia | G24: M2-km | H24: Tarifa | I24: Valor-Unit.
I27: Sub-Total | J27: =+SUM(I25:I26) -> 0
C28: IV. MANO DE OBRA
C29: Descripcion | E29: Jornal | F29: Prestaciones | G29: Jornal Total | H29: Rendimientos | I29: Valor-Unit.
I34: Sub-Total | J34: =+SUM(I30:I33) -> 0
C36: Total Costos Directos | J36: =+I13+I22+J27+J34 -> 9122386.9
C40: NOMBRE DEL CONTRATISTA: | G40: FECHA:
C42: NOMBRE Y FIRMA DEL REPRESENTANTE LEGAL:

Sheet 1.5
C3: ESTADIO SAN MARTÍN DE LOBA
C5: DESCRIPCION: | D5: Localización, trazado y replanteo | H5: ITEM: | I5: 1.5
H6: UNIDAD: | I6: m2
C7: I. EQUIPO
C8: Descripcion | E8: Cantidad | F8: Tarifa/Hora | G8: Rendimiento | H8: Valor-Unit.
C9: Herramienta menor | E9: 1 | F9: 2000.0001 | G9: 25 | H9: =+E9*F9/G9 -> 80.000005
C10: Equipos de topografía | E10: 1 | F10: 160000 | G10: 150 | H10: =+E10*F10/G10 -> 1066.6667
C11: Nivel de precisión | E11: 1 | F11: 60000 | G11: 150 | H11: =+E11*F11/G11 -> 400
H13: Sub-Total | I13: =+SUM(H9:H12) -> 1546.6667
C14: II. MATERIALES EN OBRA
C15: Descripcion | E15: Unidad | F15: Pecio-Unit. | G15: Cantidad | H15: Valor-Unit.
C16: Puntilllas | E16: kg | F16: 350 | G16: 0.03 | H16: =+G16*F16 -> 10.5
C17: Estacas de madera | E17: GLB | F17: 100 | G17: 1 | H17: =+G17*F17 -> 100
C18: Hilo o Nylon para demarcación | E18: GLB | F18: 100 | G18: 1 | H18: =+G18*F18 -> 100
H22: Sub-Total | I22: =+SUM(H16:H21) -> 210.5
C23: III. TRANSPORTES
C24: Trabajador | E24: Valor peso o Cant. | F24: Distancia | G24: M2-km | H24: Tarifa | I24: Valor-Unit.
I27: Sub-Total | J27: =+SUM(I25:I26) -> 0
C28: IV. MANO DE OBRA
C29: Descripcion | E29: Jornal | F29: Prestaciones | G29: Jornal Total | H29: Rendimientos | I29: Valor-Unit.
C30: Oficial | E30: 92196.56 | F30: 1.85 | G30: =+F30*E30 -> 170563.64 | H30: 134.61495 | I30: =+G30/H30 -> 1267.0482
C31: Ayudante | E31: 57622.85 | F31: 1.85 | G31: =+F31*E31 -> 106602.27 | H31: =+H30 -> 134.61495 | I31: =+G31/H31 -> 791.90513
I34: Sub-Total | J34: =+SUM(I30:I33) -> 2058.9533
C36: Total Costos Directos | J36: =+I13+I22+J27+J34 -> 3816.12
C40: NOMBRE DEL CONTRATISTA: | G40: FECHA:
C42: NOMBRE Y FIRMA DEL REPRESENTANTE LEGAL:

Sheet 1.6
C3: ESTADIO SAN MARTÍN DE LOBA
C5: DESCRIPCION: | D5: Demolición de cerramiento perimetral en mampostería, incluye columnas y contrafuertes | H5: ITEM: | I5: 1.6
H6: UNIDAD: | I6: m3
C7: I. EQUIPO
C8: Descripcion | E8: Cantidad | F8: Tarifa/Hora | G8: Rendimiento | H8: Valor-Unit.
C9: Herramienta menor | E9: 1 | F9: 3500 | G9: 1 | H9: =+E9*F9/G9 -> 3500
H13: Sub-Total | I13: =+SUM(H9:H12) -> 3500
C14: II. MATERIALES EN OBRA
C15: Descripcion | E15: Unidad | F15: Pecio-Unit. | G15: Cantidad | H15: Valor-Unit.
H22: Sub-Total | I22: =+SUM(H16:H21) -> 0
C23: III. TRANSPORTES
C24: Trabajador | E24: Valor peso o Cant. | F24: Distancia | G24: M2-km | H24: Tarifa | I24: Valor-Unit.
I27: Sub-Total | J27: =+SUM(I25:I26) -> 0
C28: IV. MANO DE OBRA
C29: Descripcion | E29: Jornal | F29: Prestaciones | G29: Jornal Total | H29: Rendimientos | I29: Valor-Unit.
C30: Oficial | E30: 92196.56 | F30: 1.85 | G30: =+F30*E30 -> 170563.64 | H30: 0.64586795 | I30: =+G30/H30 -> 264084.38
C31: Ayudante | E31: 57622.85 | F31: 1.85 | G31: =+F31*E31 -> 106602.27 | H31: =+H30 -> 0.64586795 | I31: =+G31/H31 -> 165052.74
I34: Sub-Total | J34: =+SUM(I30:I33) -> 429137.12
C36: Total Costos Directos | J36: =+I13+I22+J27+J34 -> 432637.12
C40: NOMBRE DEL CONTRATISTA: | G40: FECHA:
C42: NOMBRE Y FIRMA DEL REPRESENTANTE LEGAL:

Sheet 1.7
C3: ESTADIO SAN MARTÍN DE LOBA
C5: DESCRIPCION: | D5: Demolición decimentación de cerramiento perimetral | H5: ITEM: | I5: 1.7
H6: UNIDAD: | I6: m3
C7: I. EQUIPO
C8: Descripcion | E8: Cantidad | F8: Tarifa/Hora | G8: Rendimiento | H8: Valor-Unit.
C9: Herramienta menor | E9: 1 | F9: 3500 | G9: 1 | H9: =+E9*F9/G9 -> 3500
H13: Sub-Total | I13: =+SUM(H9:H12) -> 3500
C14: II. MATERIALES EN OBRA
C15: Descripcion | E15: Unidad | F15: Pecio-Unit. | G15: Cantidad | H15: Valor-Unit.
H22: Sub-Total | I22: =+SUM(H16:H21) -> 0
C23: III. TRANSPORTES
C24: Trabajador | E24: Valor peso o Cant. | F24: Distancia | G24: M2-km | H24: Tarifa | I24: Valor-Unit.
I27: Sub-Total | J27: =+SUM(I25:I26) -> 0
C28: IV. MANO DE OBRA
C29: Descripcion | E29: Jornal | F29: Prestaciones | G29: Jornal Total | H29: Rendimientos | I29: Valor-Unit.
C30: Oficial | E30: 92196.56 | F30: 1.85 | G30: =+F30*E30 -> 170563.64 | H30: 0.64586795 | I30: =+G30/H30 -> 264084.38
C31: Ayudante | E31: 57622.85 | F31: 1.85 | G31: =+F31*E31 -> 106602.27 | H31: =+H30 -> 0.64586795 | I31: =+G31/H31 -> 165052.74
I34: Sub-Total | J34: =+SUM(I30:I33) -> 429137.12
C36: Total Costos Directos | J36: =+I13+I22+J27+J34 -> 432637.12
C40: NOMBRE DEL CONTRATISTA: | G40: FECHA:
C42: NOMBRE Y FIRMA DEL REPRESENTANTE LEGAL:

Sheet 1.8
C3: ESTADIO SAN MARTÍN DE LOBA
C5: DESCRIPCION: | D5: Desmonte de cerramiento perimetral en malla eslabonada, incluye verticales | H5: ITEM: | I5: 1.8
H6: UNIDAD: | I6: m2
C7: I. EQUIPO
C8: Descripcion | E8: Cantidad | F8: Tarifa/Hora | G8: Rendimiento | H8: Valor-Unit.
C9: Herramienta menor | E9: 1 | F9: 3500 | G9: 1 | H9: =+E9*F9/G9 -> 3500
H13: Sub-Total | I13: =+SUM(H9:H12) -> 3500
C14: II. MATERIALES EN OBRA
C15: Descripcion | E15: Unidad | F15: Pecio-Unit. | G15: Cantidad | H15: Valor-Unit.
H22: Sub-Total | I22: =+SUM(H16:H21) -> 0
C23: III. TRANSPORTES
C24: Trabajador | E24: Valor peso o Cant. | F24: Distancia | G24: M2-km | H24: Tarifa | I24: Valor-Unit.
I27: Sub-Total | J27: =+SUM(I25:I26) -> 0
C28: IV. MANO DE OBRA
C29: Descripcion | E29: Jornal | F29: Prestaciones | G29: Jornal Total | H29: Rendimientos | I29: Valor-Unit.
C30: Oficial | E30: 92196.56 | F30: 1.85 | G30: =+F30*E30 -> 170563.64 | H30: 7.3867573 | I30: =+G30/H30 -> 23090.462
C31: Ayudante | E31: 57622.85 | F31: 1.85 | G31: =+F31*E31 -> 106602.27 | H31: =+H30 -> 7.3867573 | I31: =+G31/H31 -> 14431.538
I34: Sub-Total | J34: =+SUM(I30:I33) -> 37522
C36: Total Costos Directos | J36: =+I13+I22+J27+J34 -> 41022
C40: NOMBRE DEL CONTRATISTA: | G40: FECHA:
C42: NOMBRE Y FIRMA DEL REPRESENTANTE LEGAL:

Sheet 1.9
C3: ESTADIO SAN MARTÍN DE LOBA
C5: DESCRIPCION: | D5: Traslado de escombro y material sobrante al lugar aprobado por interventoría | H5: ITEM: | I5: 1.9
H6: UNIDAD: | I6: m3
C7: I. EQUIPO
C8: Descripcion | E8: Cantidad | F8: Tarifa/Hora | G8: Rendimiento | H8: Valor-Unit.
C9: Herramienta menor | E9: 1 | F9: 3500 | G9: 1 | H9: =+E9*F9/G9 -> 3500
C10: Volqueta 7m3 | E10: 1 | F10: 350000 | G10: 40 | H10: =+E10*F10/G10 -> 8750
C11: Cargador | E11: 1 | F11: 400000 | G11: 40 | H11: =+E11*F11/G11 -> 10000
H13: Sub-Total | I13: =+SUM(H9:H12) -> 22250
C14: II. MATERIALES EN OBRA
C15: Descripcion | E15: Unidad | F15: Pecio-Unit. | G15: Cantidad | H15: Valor-Unit.
H22: Sub-Total | I22: =+SUM(H16:H21) -> 0
C23: III. TRANSPORTES
C24: Trabajador | E24: Valor peso o Cant. | F24: Distancia | G24: M2-km | H24: Tarifa | I24: Valor-Unit.
I27: Sub-Total | J27: =+SUM(I25:I26) -> 0
C28: IV. MANO DE OBRA
C29: Descripcion | E29: Jornal | F29: Prestaciones | G29: Jornal Total | H29: Rendimientos | I29: Valor-Unit.
C30: Oficial | E30: 92196.56 | F30: 1.85 | G30: =+F30*E30 -> 170563.64 | H30: 4.6589584 | I30: =+G30/H30 -> 36609.822
C31: Ayudante | E31: 57622.85 | F31: 1.85 | G31: =+F31*E31 -> 106602.27 | H31: =+H30 -> 4.6589584 | I31: =+G31/H31 -> 22881.138
I34: Sub-Total | J34: =+SUM(I30:I33) -> 59490.96
C36: Total Costos Directos | J36: =+I13+I22+J27+J34 -> 81740.96
C40: NOMBRE DEL CONTRATISTA: | G40: FECHA:
C42: NOMBRE Y FIRMA DEL REPRESENTANTE LEGAL:

Sheet 1.10
C3: ESTADIO SAN MARTÍN DE LOBA
C5: DESCRIPCION: | D5: Desmonte de porterías, incluye disposición final | H5: ITEM: | I5: 1.10
H6: UNIDAD: | I6: und
C7: I. EQUIPO
C8: Descripcion | E8: Cantidad | F8: Tarifa/Hora | G8: Rendimiento | H8: Valor-Unit.
C9: Herramienta menor | E9: 1 | F9: 3500 | G9: 1 | H9: =+E9*F9/G9 -> 3500
C10: Camión grua | E10: 1 | F10: 150000 | G10: 2 | H10: =+E10*F10/G10 -> 75000
H13: Sub-Total | I13: =+SUM(H9:H12) -> 78500
C14: II. MATERIALES EN OBRA
C15: Descripcion | E15: Unidad | F15: Pecio-Unit. | G15: Cantidad | H15: Valor-Unit.
H22: Sub-Total | I22: =+SUM(H16:H21) -> 0
C23: III. TRANSPORTES
C24: Trabajador | E24: Valor peso o Cant. | F24: Distancia | G24: M2-km | H24: Tarifa | I24: Valor-Unit.
I27: Sub-Total | J27: =+SUM(I25:I26) -> 0
C28: IV. MANO DE OBRA
C29: Descripcion | E29: Jornal | F29: Prestaciones | G29: Jornal Total | H29: Rendimientos | I29: Valor-Unit.
C30: Ayudante electrico | E30: 57622.85 | F30: 1.85 | G30: 106602.27 | H30: 2.0695611 | I30: =+G30/H30 -> 51509.604
C31: Oficial electrico | E31: 90155 | F31: 1.85 | G31: 166786.75 | H31: =+H30 -> 2.0695611 | I31: =+G31/H31 -> 80590.396
I34: Sub-Total | J34: =+SUM(I30:I33) -> 132100
C36: Total Costos Directos | J36: =+I13+I22+J27+J34 -> 210600
C40: NOMBRE DEL CONTRATISTA: | G40: FECHA:
C42: NOMBRE Y FIRMA DEL REPRESENTANTE LEGAL:

Sheet 1.11
C3: ESTADIO SAN MARTÍN DE LOBA
C5: DESCRIPCION: | D5: Desmonte de postes de iluminación, incluye disposición final | H5: ITEM: | I5: 1.11
H6: UNIDAD: | I6: und
C7: I. EQUIPO
C8: Descripcion | E8: Cantidad | F8: Tarifa/Hora | G8: Rendimiento | H8: Valor-Unit.
C9: Herramienta menor | E9: 1 | F9: 3500 | G9: 1 | H9: =+E9*F9/G9 -> 3500
C10: Equipo oxicorte | E10: 1 | F10: 40000 | G10: 2 | H10: =+E10*F10/G10 -> 20000
H13: Sub-Total | I13: =+SUM(H9:H12) -> 23500
C14: II. MATERIALES EN OBRA
C15: Descripcion | E15: Unidad | F15: Pecio-Unit. | G15: Cantidad | H15: Valor-Unit.
H22: Sub-Total | I22: =+SUM(H16:H21) -> 0
C23: III. TRANSPORTES
C24: Trabajador | E24: Valor peso o Cant. | F24: Distancia | G24: M2-km | H24: Tarifa | I24: Valor-Unit.
I27: Sub-Total | J27: =+SUM(I25:I26) -> 0
C28: IV. MANO DE OBRA
C29: Descripcion | E29: Jornal | F29: Prestaciones | G29: Jornal Total | H29: Rendimientos | I29: Valor-Unit.
C30: Oficial | E30: 92196.56 | F30: 1.85 | G30: =+F30*E30 -> 170563.64 | H30: 0.49281123 | I30: =+G30/H30 -> 346103.38
C31: Ayudante | E31: 57622.85 | F31: 1.85 | G31: =+F31*E31 -> 106602.27 | H31: =+H30 -> 0.49281123 | I31: =+G31/H31 -> 216314.62
I34: Sub-Total | J34: =+SUM(I30:I33) -> 562418
C36: Total Costos Directos | J36: =+I13+I22+J27+J34 -> 585918
C40: NOMBRE DEL CONTRATISTA: | G40: FECHA:
C42: NOMBRE Y FIRMA DEL REPRESENTANTE LEGAL:

Sheet 2.1
C3: ESTADIO SAN MARTÍN DE LOBA
C5: DESCRIPCION: | D5: Descapote total del area | H5: ITEM: | I5: 2.1
H6: UNIDAD: | I6: m2
C7: I. EQUIPO
C8: Descripcion | E8: Cantidad | F8: Tarifa/Hora | G8: Rendimiento | H8: Valor-Unit.
C9: Herramienta menor | E9: 1 | F9: 2000 | G9: 0.65019506 | H9: =+E9*F9/G9 -> 3076
H13: Sub-Total | I13: =+SUM(H9:H12) -> 3076
C14: II. MATERIALES EN OBRA
C15: Descripcion | E15: Unidad | F15: Pecio-Unit. | G15: Cantidad | H15: Valor-Unit.
H16: =+G16*F16 -> 0
H17: =+G17*F17 -> 0
H18: =+G18*F18 -> 0
H19: =+G19*F19 -> 0
H20: =+G20*F20 -> 0
H21: =+G21*F21 -> 0
H22: Sub-Total | I22: =+SUM(H16:H21) -> 0
C23: III. TRANSPORTES
C24: Trabajador | E24: Valor peso o Cant. | F24: Distancia | G24: M2-km | H24: Tarifa | I24: Valor-Unit.
I27: Sub-Total | J27: =+SUM(I25:I26) -> 0
C28: IV. MANO DE OBRA
C29: Descripcion | E29: Jornal | F29: Prestaciones | G29: Jornal Total | H29: Rendimientos | I29: Valor-Unit.
C30: Oficial | E30: 92196.56 | F30: 1.85 | G30: =+F30*E30 -> 170563.64 | H30: 46.88436 | I30: =+G30/H30 -> 3637.9645
C31: Ayudante | E31: 57622.85 | F31: 1.85 | G31: =+F31*E31 -> 106602.27 | H31: =+H30 -> 46.88436 | I31: =+G31/H31 -> 2273.7278
I34: Sub-Total | J34: =+SUM(I30:I33) -> 5911.6923
C36: Total Costos Directos | J36: =+I13+I22+J27+J34 -> 8987.6923
C40: NOMBRE DEL CONTRATISTA: | G40: FECHA:
C42: NOMBRE Y FIRMA DEL REPRESENTANTE LEGAL:

Sheet 2.2
C3: ESTADIO SAN MARTÍN DE LOBA
C5: DESCRIPCION: | D5: Excavación común: cimentaciones | H5: ITEM: | I5: 2.2
H6: UNIDAD: | I6: m3
C7: I. EQUIPO
C8: Descripcion | E8: Cantidad | F8: Tarifa/Hora | G8: Rendimiento | H8: Valor-Unit.
C9: Herramienta menor | E9: 1 | F9: 2000 | G9: 0.65019506 | H9: =+E9*F9/G9 -> 3076
H13: Sub-Total | I13: =+SUM(H9:H12) -> 3076
C14: II. MATERIALES EN OBRA
C15: Descripcion | E15: Unidad | F15: Pecio-Unit. | G15: Cantidad | H15: Valor-Unit.
H16: =+G16*F16 -> 0
H17: =+G17*F17 -> 0
H18: =+G18*F18 -> 0
H19: =+G19*F19 -> 0
H20: =+G20*F20 -> 0
H21: =+G21*F21 -> 0
H22: Sub-Total | I22: =+SUM(H16:H21) -> 0
C23: III. TRANSPORTES
C24: Trabajador | E24: Valor peso o Cant. | F24: Distancia | G24: M2-km | H24: Tarifa | I24: Valor-Unit.
I27: Sub-Total | J27: =+SUM(I25:I26) -> 0
C28: IV. MANO DE OBRA
C29: Descripcion | E29: Jornal | F29: Prestaciones | G29: Jornal Total | H29: Rendimientos | I29: Valor-Unit.
C30: Oficial | E30: 92196.56 | F30: 1.85 | G30: =+F30*E30 -> 170563.64 | H30: 4.4294597 | I30: =+G30/H30 -> 38506.646
C31: Ayudante | E31: 57622.85 | F31: 1.85 | G31: =+F31*E31 -> 106602.27 | H31: =+H30 -> 4.4294597 | I31: =+G31/H31 -> 24066.654
I34: Sub-Total | J34: =+SUM(I30:I33) -> 62573.3
C36: Total Costos Directos | J36: =+I13+I22+J27+J34 -> 65649.3
C40: NOMBRE DEL CONTRATISTA: | G40: FECHA:
C42: NOMBRE Y FIRMA DEL REPRESENTANTE LEGAL:

Sheet 2.3
C3: ESTADIO SAN MARTÍN DE LOBA
C5: DESCRIPCION: | D5: Relleno y compactación con material selecionado | H5: ITEM: | I5: 2.3
H6: UNIDAD: | I6: m3
C7: I. EQUIPO
C8: Descripcion | E8: Cantidad | F8: Tarifa/Hora | G8: Rendimiento | H8: Valor-Unit.
C9: Herramienta menor | E9: 1 | F9: 1999.9999 | G9: 0.39858683 | H9: =+E9*F9/G9 -> 5017.7271
H13: Sub-Total | I13: =+SUM(H9:H12) -> 5017.7271
C14: II. MATERIALES EN OBRA
C15: Descripcion | E15: Unidad | F15: Pecio-Unit. | G15: Cantidad | H15: Valor-Unit.
C16: Material seleccionado | E16: m3 | F16: 79500 | G16: 1 | H16: =+G16*F16 -> 79500
H22: Sub-Total | I22: =+SUM(H16:H21) -> 79500
C23: III. TRANSPORTES
C24: Trabajador | E24: Valor peso o Cant. | F24: Distancia | G24: M2-km | H24: Tarifa | I24: Valor-Unit.
I27: Sub-Total | J27: =+SUM(I25:I26) -> 0
C28: IV. MANO DE OBRA
C29: Descripcion | E29: Jornal | F29: Prestaciones | G29: Jornal Total | H29: Rendimientos | I29: Valor-Unit.
C30: Oficial | E30: 92196.56 | F30: 1.85 | G30: =+F30*E30 -> 170563.64 | H30: 7.7198423 | I30: =+G30/H30 -> 22094.187
C31: Ayudante | E31: 57622.85 | F31: 1.85 | G31: =+F31*E31 -> 106602.27 | H31: =+H30 -> 7.7198423 | I31: =+G31/H31 -> 13808.867
I34: Sub-Total | J34: =+SUM(I30:I33) -> 35903.053
C36: Total Costos Directos | J36: =+I13+I22+J27+J34 -> 120420.78
C40: NOMBRE DEL CONTRATISTA: | G40: FECHA:
C42: NOMBRE Y FIRMA DEL REPRESENTANTE LEGAL:

Sheet 2.4
C3: ESTADIO SAN MARTÍN DE LOBA
C5: DESCRIPCION: | D5: Adecuación de zona de grama sintética para cancha | H5: ITEM: | I5: 2.4
H6: UNIDAD: | I6: m2
C7: I. EQUIPO
C8: Descripcion | E8: Cantidad | F8: Tarifa/Hora | G8: Rendimiento | H8: Valor-Unit.
C9: Herramienta menor | E9: 1 | F9: 2000 | G9: 0.6116208 | H9: =+E9*F9/G9 -> 3270
H13: Sub-Total | I13: =+SUM(H9:H12) -> 3270
C14: II. MATERIALES EN OBRA
C15: Descripcion | E15: Unidad | F15: Pecio-Unit. | G15: Cantidad | H15: Valor-Unit.
C16: Grama sintética | E16: und | F16: 48500 | G16: 1 | H16: =+G16*F16 -> 48500
H22: Sub-Total | I22: =+SUM(H16:H21) -> 48500
C23: III. TRANSPORTES
C24: Trabajador | E24: Valor peso o Cant. | F24: Distancia | G24: M2-km | H24: Tarifa | I24: Valor-Unit.
I27: Sub-Total | J27: =+SUM(I25:I26) -> 0
C28: IV. MANO DE OBRA
C29: Descripcion | E29: Jornal | F29: Prestaciones | G29: Jornal Total | H29: Rendimientos | I29: Valor-Unit.
C30: Oficial | E30: 92196.56 | F30: 1.85 | G30: =+F30*E30 -> 170563.64 | H30: 10.376859 | I30: =+G30/H30 -> 16436.923
C31: Ayudante | E31: 57622.85 | F31: 1.85 | G31: =+F31*E31 -> 106602.27 | H31: =+H30 -> 10.376859 | I31: =+G31/H31 -> 10273.077
I34: Sub-Total | J34: =+SUM(I30:I33) -> 26710
C36: Total Costos Directos | J36: =+I13+I22+J27+J34 -> 78480
C40: NOMBRE DEL CONTRATISTA: | G40: FECHA:
C42: NOMBRE Y FIRMA DEL REPRESENTANTE LEGAL:

Sheet 2.5
C3: ESTADIO SAN MARTÍN DE LOBA
C5: DESCRIPCION: | D5: Adecuación de zona de grama natural para exteriores | H5: ITEM: | I5: 2.5
H6: UNIDAD: | I6: m2
C7: I. EQUIPO
C8: Descripcion | E8: Cantidad | F8: Tarifa/Hora | G8: Rendimiento | H8: Valor-Unit.
C9: Herramienta menor | E9: 1 | F9: 2000 | G9: 1.3286743 | H9: =+E9*F9/G9 -> 1505.2597
H13: Sub-Total | I13: =+SUM(H9:H12) -> 1505.2597
C14: II. MATERIALES EN OBRA
C15: Descripcion | E15: Unidad | F15: Pecio-Unit. | G15: Cantidad | H15: Valor-Unit.
C16: Grama natural | E16: und | F16: 22325.718 | G16: 1 | H16: =+G16*F16 -> 22325.718
H22: Sub-Total | I22: =+SUM(H16:H21) -> 22325.718
C23: III. TRANSPORTES
C24: Trabajador | E24: Valor peso o Cant. | F24: Distancia | G24: M2-km | H24: Tarifa | I24: Valor-Unit.
I27: Sub-Total | J27: =+SUM(I25:I26) -> 0
C28: IV. MANO DE OBRA
C29: Descripcion | E29: Jornal | F29: Prestaciones | G29: Jornal Total | H29: Rendimientos | I29: Valor-Unit.
C30: Oficial | E30: 92196.56 | F30: 1.85 | G30: =+F30*E30 -> 170563.64 | H30: 22.542508 | I30: =+G30/H30 -> 7566.3115
C31: Ayudante | E31: 57622.85 | F31: 1.85 | G31: =+F31*E31 -> 106602.27 | H31: =+H30 -> 22.542508 | I31: =+G31/H31 -> 4728.9447
I34: Sub-Total | J34: =+SUM(I30:I33) -> 12295.256
C36: Total Costos Directos | J36: =+I13+I22+J27+J34 -> 36126.234
C40: NOMBRE DEL CONTRATISTA: | G40: FECHA:
C42: NOMBRE Y FIRMA DEL REPRESENTANTE LEGAL:

Sheet 2.6
C3: ESTADIO SAN MARTÍN DE LOBA
C5: DESCRIPCION: | D5: Geotextil nt 1600 para separacion de estratos | H5: ITEM: | I5: 2.6
H6: UNIDAD: | I6: m2
C7: I. EQUIPO
C8: Descripcion | E8: Cantidad | F8: Tarifa/Hora | G8: Rendimiento | H8: Valor-Unit.
C9: Herramienta menor | E9: 1 | F9: 2000 | G9: 1.3286743 | H9: =+E9*F9/G9 -> 1505.2597
H13: Sub-Total | I13: =+SUM(H9:H12) -> 1505.2597
C14: II. MATERIALES EN OBRA
C15: Descripcion | E15: Unidad | F15: Pecio-Unit. | G15: Cantidad | H15: Valor-Unit.
C16: Geotextil NT 1600 | E16: m2 | F16: 9200 | G16: 1 | H16: =+G16*F16 -> 9200
H22: Sub-Total | I22: =+SUM(H16:H21) -> 9200
C23: III. TRANSPORTES
C24: Trabajador | E24: Valor peso o Cant. | F24: Distancia | G24: M2-km | H24: Tarifa | I24: Valor-Unit.
I27: Sub-Total | J27: =+SUM(I25:I26) -> 0
C28: IV. MANO DE OBRA
C29: Descripcion | E29: Jornal | F29: Prestaciones | G29: Jornal Total | H29: Rendimientos | I29: Valor-Unit.
C30: Oficial | E30: 92196.56 | F30: 1.85 | G30: =+F30*E30 -> 170563.64 | H30: 104.71972 | I30: =+G30/H30 -> 1628.7632
C31: Ayudante | E31: 57622.85 | F31: 1.85 | G31: =+F31*E31 -> 106602.27 | H31: =+H30 -> 104.71972 | I31: =+G31/H31 -> 1017.977
I34: Sub-Total | J34: =+SUM(I30:I33) -> 2646.7403
C36: Total Costos Directos | J36: =+I13+I22+J27+J34 -> 13352
C40: NOMBRE DEL CONTRATISTA: | G40: FECHA:
C42: NOMBRE Y FIRMA DEL REPRESENTANTE LEGAL:

Sheet 2.7
C3: ESTADIO SAN MARTÍN DE LOBA
C5: DESCRIPCION: | D5: Estabilizacion con piedra ciclopeo para cimentacion | H5: ITEM: | I5: 2.7
H6: UNIDAD: | I6: m3
C7: I. EQUIPO
C8: Descripcion | E8: Cantidad | F8: Tarifa/Hora | G8: Rendimiento | H8: Valor-Unit.
C9: Herramienta menor | E9: 1 | F9: 2000 | G9: 1.3286743 | H9: =+E9*F9/G9 -> 1505.2597
H13: Sub-Total | I13: =+SUM(H9:H12) -> 1505.2597
C14: II. MATERIALES EN OBRA
C15: Descripcion | E15: Unidad | F15: Pecio-Unit. | G15: Cantidad | H15: Valor-Unit.
C16: Piedra ciclopea | E16: m3 | F16: 140000 | G16: 1 | H16: =+G16*F16 -> 140000
H22: Sub-Total | I22: =+SUM(H16:H21) -> 140000
C23: III. TRANSPORTES
C24: Trabajador | E24: Valor peso o Cant. | F24: Distancia | G24: M2-km | H24: Tarifa | I24: Valor-Unit.
I27: Sub-Total | J27: =+SUM(I25:I26) -> 0
C28: IV. MANO DE OBRA
C29: Descripcion | E29: Jornal | F29: Prestaciones | G29: Jornal Total | H29: Rendimientos | I29: Valor-Unit.
C30: Oficial | E30: 92196.56 | F30: 1.85 | G30: =+F30*E30 -> 170563.64 | H30: 1.3603839 | I30: =+G30/H30 -> 125379.05
C31: Ayudante | E31: 57622.85 | F31: 1.85 | G31: =+F31*E31 -> 106602.27 | H31: =+H30 -> 1.3603839 | I31: =+G31/H31 -> 78361.905
I34: Sub-Total | J34: =+SUM(I30:I33) -> 203740.95
C36: Total Costos Directos | J36: =+I13+I22+J27+J34 -> 345246.21
C40: NOMBRE DEL CONTRATISTA: | G40: FECHA:
C42: NOMBRE Y FIRMA DEL REPRESENTANTE LEGAL:

Sheet 3.1
C3: ESTADIO SAN MARTÍN DE LOBA
C5: DESCRIPCION: | D5: Solado en concreto pobre 2000 PSI con espesor de 5cm de baños y gradas | H5: ITEM: | I5: 3.1
H6: UNIDAD: | I6: m2
C7: I. EQUIPO
C8: Descripcion | E8: Cantidad | F8: Tarifa/Hora | G8: Rendimiento | H8: Valor-Unit.
C9: Herramienta menor | E9: 1 | F9: 2000 | G9: 0.59276823 | H9: =+E9*F9/G9 -> 3374
H13: Sub-Total | I13: =+SUM(H9:H12) -> 3374
C14: II. MATERIALES EN OBRA
C15: Descripcion | E15: Unidad | F15: Pecio-Unit. | G15: Cantidad | H15: Valor-Unit.
C16: Concreto 2.000 psi | E16: m3 | F16: =632445*0.9 -> 569200.5 | G16: =+G17*0.05 -> 0.030062098 | H16: =+G16*F16 -> 17111.361
C17: Autobomba | E17: m3 | F17: 60000 | G17: 0.60124196 | H17: =+G17*F17 -> 36074.518
H22: Sub-Total | I22: =+SUM(H16:H21) -> 53185.879
C23: III. TRANSPORTES
C24: Trabajador | E24: Valor peso o Cant. | F24: Distancia | G24: M2-km | H24: Tarifa | I24: Valor-Unit.
I27: Sub-Total | J27: =+SUM(I25:I26) -> 0
C28: IV. MANO DE OBRA
C29: Descripcion | E29: Jornal | F29: Prestaciones | G29: Jornal Total | H29: Rendimientos | I29: Valor-Unit.
C30: Oficial | E30: 92196.56 | F30: 1.85 | G30: =+F30*E30 -> 170563.64 | H30: 11.340919 | I30: =+G30/H30 -> 15039.667
C31: Ayudante | E31: 57622.85 | F31: 1.85 | G31: =+F31*E31 -> 106602.27 | H31: =+H30 -> 11.340919 | I31: =+G31/H31 -> 9399.7916
I34: Sub-Total | J34: =+SUM(I30:I33) -> 24439.458
C36: Total Costos Directos | J36: =+I13+I22+J27+J34 -> 80999.337
C40: NOMBRE DEL CONTRATISTA: | G40: FECHA:
C42: NOMBRE Y FIRMA DEL REPRESENTANTE LEGAL:

Sheet 3.2
C3: ESTADIO SAN MARTÍN DE LOBA
C5: DESCRIPCION: | D5: Concreto zapatas (incluye encofrado y desencofrado) de baños y gradas | H5: ITEM: | I5: 3.2
H6: UNIDAD: | I6: m3
C7: I. EQUIPO
C8: Descripcion | E8: Cantidad | F8: Tarifa/Hora | G8: Rendimiento | H8: Valor-Unit.
C9: Herramienta menor | E9: 1 | F9: 2000 | G9: 0.12495074 | H9: =+E9*F9/G9 -> 16006.308
C10: Vibrador de concreto | E10: 1 | F10: 7500 | G10: =+G9*5 -> 0.6247537 | H10: =+E10*F10/G10 -> 12004.731
C11: Formaleta | E11: 1 | F11: 5500 | G11: =+G9*1.4 -> 0.17493104 | H11: =+E11*F11/G11 -> 31440.962
H13: Sub-Total | I13: =+SUM(H9:H12) -> 59452
C14: II. MATERIALES EN OBRA
C15: Descripcion | E15: Unidad | F15: Pecio-Unit. | G15: Cantidad | H15: Valor-Unit.
C16: Concreto | E16: m3 | F16: 907878.88 | G16: 1 | H16: =+G16*F16 -> 907878.88
C17: Autobomba | E17: m3 | F17: 60000 | G17: 1 | H17: =+G17*F17 -> 60000
H18: =+G18*F18 -> 0
H19: =+G19*F19 -> 0
H20: =+G20*F20 -> 0
H21: =+G21*F21 -> 0
H22: Sub-Total | I22: =+SUM(H16:H21) -> 967878.88
C23: III. TRANSPORTES
C24: Trabajador | E24: Valor peso o Cant. | F24: Distancia | G24: M2-km | H24: Tarifa | I24: Valor-Unit.
I27: Sub-Total | J27: =+SUM(I25:I26) -> 0
C28: IV. MANO DE OBRA
C29: Descripcion | E29: Jornal | F29: Prestaciones | G29: Jornal Total | H29: Rendimientos | I29: Valor-Unit.
C30: Oficial | E30: 92196.56 | F30: 1.85 | G30: =+F30*E30 -> 170563.64 | H30: 0.6937517 | I30: =+G30/H30 -> 245856.89
C31: Ayudante | E31: 57622.85 | F31: 1.85 | G31: =+F31*E31 -> 106602.27 | H31: =+H30 -> 0.6937517 | I31: =+G31/H31 -> 153660.56
I34: Sub-Total | J34: =+SUM(I30:I33) -> 399517.45
C36: Total Costos Directos | J36: =+I13+I22+J27+J34 -> 1426848.3
C40: NOMBRE DEL CONTRATISTA: | G40: FECHA:
C42: NOMBRE Y FIRMA DEL REPRESENTANTE LEGAL:

Sheet 3.3
C3: ESTADIO SAN MARTÍN DE LOBA
C5: DESCRIPCION: | D5: Concreto vigas de cimentación (incluye encofrado y desencofrado) en baños y gradas | H5: ITEM: | I5: 3.3
H6: UNIDAD: | I6: m3
C7: I. EQUIPO
C8: Descripcion | E8: Cantidad | F8: Tarifa/Hora | G8: Rendimiento | H8: Valor-Unit.
C9: Herramienta menor | E9: 1 | F9: 2000 | G9: 0.10970833 | H9: =+E9*F9/G9 -> 18230.157
C10: Vibrador de concreto | E10: 1 | F10: 7500 | G10: =+G9*5 -> 0.54854164 | H10: =+E10*F10/G10 -> 13672.617
C11: Formaleta | E11: 1 | F11: 5500 | G11: =+G9*1.4 -> 0.15359166 | H11: =+E11*F11/G11 -> 35809.236
H13: Sub-Total | I13: =+SUM(H9:H12) -> 67712.01
C14: II. MATERIALES EN OBRA
C15: Descripcion | E15: Unidad | F15: Pecio-Unit. | G15: Cantidad | H15: Valor-Unit.
C16: Concreto | E16: m3 | F16: 907878.88 | G16: 1 | H16: =+G16*F16 -> 907878.88
C17: Autobomba | E17: m3 | F17: 60000 | G17: 1 | H17: =+G17*F17 -> 60000
H22: Sub-Total | I22: =+SUM(H16:H21) -> 967878.88
C23: III. TRANSPORTES
C24: Trabajador | E24: Valor peso o Cant. | F24: Distancia | G24: M2-km | H24: Tarifa | I24: Valor-Unit.
I27: Sub-Total | J27: =+SUM(I25:I26) -> 0
C28: IV. MANO DE OBRA
C29: Descripcion | E29: Jornal | F29: Prestaciones | G29: Jornal Total | H29: Rendimientos | I29: Valor-Unit.
C30: Oficial | E30: 92196.56 | F30: 1.85 | G30: =+F30*E30 -> 170563.64 | H30: 0.47017322 | I30: =+G30/H30 -> 362767.65
C31: Ayudante | E31: 57622.85 | F31: 1.85 | G31: =+F31*E31 -> 106602.27 | H31: =+H30 -> 0.47017322 | I31: =+G31/H31 -> 226729.78
I34: Sub-Total | J34: =+SUM(I30:I33) -> 589497.44
C36: Total Costos Directos | J36: =+I13+I22+J27+J34 -> 1625088.3
C40: NOMBRE DEL CONTRATISTA: | G40: FECHA:
C42: NOMBRE Y FIRMA DEL REPRESENTANTE LEGAL:

Sheet 3.4
C3: ESTADIO SAN MARTÍN DE LOBA
C5: DESCRIPCION: | D5: Acero de refuerzo | H5: ITEM: | I5: 3.4
H6: UNIDAD: | I6: kg
C7: I. EQUIPO
C8: Descripcion | E8: Cantidad | F8: Tarifa/Hora | G8: Rendimiento | H8: Valor-Unit.
C9: Herramienta menor | E9: 1 | F9: 2000 | G9: 3.6185995 | H9: =+E9*F9/G9 -> 552.70002
H13: Sub-Total | I13: =+SUM(H9:H12) -> 552.70002
C14: II. MATERIALES EN OBRA
C15: Descripcion | E15: Unidad | F15: Pecio-Unit. | G15: Cantidad | H15: Valor-Unit.
C16: Acero de refuerzo | E16: kg | F16: 7747.419 | G16: 1 | H16: =+G16*F16 -> 7747.419
C17: Alambre recocido | E17: kg | F17: =+F16*1.08 -> 8367.2125 | G17: =+G16*0.03 -> 0.03 | H17: =+G17*F17 -> 251.01637
H22: Sub-Total | I22: =+SUM(H16:H21) -> 7998.4353
C23: III. TRANSPORTES
C24: Trabajador | E24: Valor peso o Cant. | F24: Distancia | G24: M2-km | H24: Tarifa | I24: Valor-Unit.
I27: Sub-Total | J27: =+SUM(I25:I26) -> 0
C28: IV. MANO DE OBRA
C29: Descripcion | E29: Jornal | F29: Prestaciones | G29: Jornal Total | H29: Rendimientos | I29: Valor-Unit.
C30: Oficial | E30: 92196.56 | F30: 1.85 | G30: =+F30*E30 -> 170563.64 | H30: 58.796923 | I30: =+G30/H30 -> 2900.8939
C31: Ayudante | E31: 57622.85 | F31: 1.85 | G31: =+F31*E31 -> 106602.27 | H31: =+H30 -> 58.796923 | I31: =+G31/H31 -> 1813.0587
I34: Sub-Total | J34: =+SUM(I30:I33) -> 4713.9526
C36: Total Costos Directos | J36: =+I13+I22+J27+J34 -> 13265.088
C40: NOMBRE DEL CONTRATISTA: | G40: FECHA:
C42: NOMBRE Y FIRMA DEL REPRESENTANTE LEGAL:

Sheet 3.5
C3: ESTADIO SAN MARTÍN DE LOBA
C5: DESCRIPCION: | D5: Traslado de material sobrante por excavacion, lugar aprobado por interventoría | H5: ITEM: | I5: 3.5
H6: UNIDAD: | I6: m3
C7: I. EQUIPO
C8: Descripcion | E8: Cantidad | F8: Tarifa/Hora | G8: Rendimiento | H8: Valor-Unit.
C9: Herramienta menor | E9: 1 | F9: 2000.0002 | G9: 2.5 | H9: =+E9*F9/G9 -> 800.00008
H13: Sub-Total | I13: =+SUM(H9:H12) -> 800.00008
C14: II. MATERIALES EN OBRA
C15: Descripcion | E15: Unidad | F15: Pecio-Unit. | G15: Cantidad | H15: Valor-Unit.
H16: =+G16*F16 -> 0
H17: =+G17*F17 -> 0
H18: =+G18*F18 -> 0
H19: =+G19*F19 -> 0
H20: =+G20*F20 -> 0
H21: =+G21*F21 -> 0
H22: Sub-Total | I22: =+SUM(H16:H21) -> 0
C23: III. TRANSPORTES
C24: Trabajador | E24: Valor peso o Cant. | F24: Distancia | G24: M2-km | H24: Tarifa | I24: Valor-Unit.
C25: Transporte | E25: 0.083783784 | H25: 370000 | I25: =+H25*E25 -> 31000
C26: Disposición certificada | E26: 1.3684211 | H26: 19000 | I26: =+H26*E26 -> 26000
I27: Sub-Total | J27: =+SUM(I25:I26) -> 57000
C28: IV. MANO DE OBRA
C29: Descripcion | E29: Jornal | F29: Prestaciones | G29: Jornal Total | H29: Rendimientos | I29: Valor-Unit.
C30: Oficial | E30: 92196.56 | F30: 1.85 | G30: =+F30*E30 -> 170563.64 | H30: 9.9292724 | I30: =+G30/H30 -> 17177.858
C31: Ayudante | E31: 57622.85 | F31: 1.85 | G31: =+F31*E31 -> 106602.27 | H31: =+H30 -> 9.9292724 | I31: =+G31/H31 -> 10736.162
I34: Sub-Total | J34: =+SUM(I30:I33) -> 27914.02
C36: Total Costos Directos | J36: =+I13+I22+J27+J34 -> 85714.02
C40: NOMBRE DEL CONTRATISTA: | G40: FECHA:
C42: NOMBRE Y FIRMA DEL REPRESENTANTE LEGAL:

Sheet 4.1
C3: ESTADIO SAN MARTÍN DE LOBA
C5: DESCRIPCION: | D5: Construcción de columnas de baños | H5: ITEM: | I5: 4.1
H6: UNIDAD: | I6: m3
C7: I. EQUIPO
C8: Descripcion | E8: Cantidad | F8: Tarifa/Hora | G8: Rendimiento | H8: Valor-Unit.
C9: Herramienta menor | E9: 1 | F9: 2000 | G9: 0.087362069 | H9: =+E9*F9/G9 -> 22893.231
C10: Vibrador de concreto | E10: 1 | F10: 7500 | G10: =+G9*5 -> 0.43681034 | H10: =+E10*F10/G10 -> 17169.923
C11: Formaleta | E11: 1 | F11: 5500 | G11: =+G9*1.4 -> 0.1223069 | H11: =+E11*F11/G11 -> 44968.846
H13: Sub-Total | I13: =+SUM(H9:H12) -> 85032
C14: II. MATERIALES EN OBRA
C15: Descripcion | E15: Unidad | F15: Pecio-Unit. | G15: Cantidad | H15: Valor-Unit.
C16: Concreto | E16: m3 | F16: 1315252.5 | G16: 1 | H16: =+G16*F16 -> 1315252.5
C17: Autobomba | E17: m3 | F17: 60000 | G17: 1 | H17: =+G17*F17 -> 60000
H22: Sub-Total | I22: =+SUM(H16:H21) -> 1375252.5
C23: III. TRANSPORTES
C24: Trabajador | E24: Valor peso o Cant. | F24: Distancia | G24: M2-km | H24: Tarifa | I24: Valor-Unit.
I27: Sub-Total | J27: =+SUM(I25:I26) -> 0
C28: IV. MANO DE OBRA
C29: Descripcion | E29: Jornal | F29: Prestaciones | G29: Jornal Total | H29: Rendimientos | I29: Valor-Unit.
C30: Oficial | E30: 92196.56 | F30: 1.85 | G30: =+F30*E30 -> 170563.64 | H30: 0.47746065 | I30: =+G30/H30 -> 357230.77
C31: Ayudante | E31: 57622.85 | F31: 1.85 | G31: =+F31*E31 -> 106602.27 | H31: =+H30 -> 0.47746065 | I31: =+G31/H31 -> 223269.23
I34: Sub-Total | J34: =+SUM(I30:I33) -> 580500
C36: Total Costos Directos | J36: =+I13+I22+J27+J34 -> 2040784.5
C40: NOMBRE DEL CONTRATISTA: | G40: FECHA:
C42: NOMBRE Y FIRMA DEL REPRESENTANTE LEGAL:

Sheet 4.2
C3: ESTADIO SAN MARTÍN DE LOBA
C5: DESCRIPCION: | D5: Construcción de vigas aereas de baños de hombres y mujeres | H5: ITEM: | I5: 4.2
H6: UNIDAD: | I6: m3
C7: I. EQUIPO
C8: Descripcion | E8: Cantidad | F8: Tarifa/Hora | G8: Rendimiento | H8: Valor-Unit.
C9: Herramienta menor | E9: 1 | F9: 2000 | G9: 0.087362069 | H9: =+E9*F9/G9 -> 22893.231
C10: Vibrador de concreto | E10: 1 | F10: 7500 | G10: =+G9*5 -> 0.43681034 | H10: =+E10*F10/G10 -> 17169.923
H13: Sub-Total | I13: =+SUM(H9:H12) -> 40063.154
C14: II. MATERIALES EN OBRA
C15: Descripcion | E15: Unidad | F15: Pecio-Unit. | G15: Cantidad | H15: Valor-Unit.
C16: Concreto | E16: m3 | F16: 780000 | G16: 1.05 | H16: =+G16*F16 -> 819000
C17: Formaleta | E17: m2 | F17: 95000 | G17: 8 | H17: =+G17*F17 -> 760000
C18: Alambre recocido | E18: kg | F18: 8000 | G18: 5 | H18: =+G18*F18 -> 40000
H19: =+G19*F19 -> 0
H20: =+G20*F20 -> 0
H21: =+G21*F21 -> 0
H22: Sub-Total | I22: =+SUM(H16:H21) -> 1619000
C23: III. TRANSPORTES
C24: Trabajador | E24: Valor peso o Cant. | F24: Distancia | G24: M2-km | H24: Tarifa | I24: Valor-Unit.
I27: Sub-Total | J27: =+SUM(I25:I26) -> 0
C28: IV. MANO DE OBRA
C29: Descripcion | E29: Jornal | F29: Prestaciones | G29: Jornal Total | H29: Rendimientos | I29: Valor-Unit.
C30: Oficial | E30: 92196.56 | F30: 1.85 | G30: =+F30*E30 -> 170563.64 | H30: 0.40656774 | I30: =+G30/H30 -> 419520.84
C31: Ayudante | E31: 57622.85 | F31: 1.85 | G31: =+F31*E31 -> 106602.27 | H31: =+H30 -> 0.40656774 | I31: =+G31/H31 -> 262200.52
I34: Sub-Total | J34: =+SUM(I30:I33) -> 681721.36
C36: Total Costos Directos | J36: =+I13+I22+J27+J34 -> 2340784.5
C40: NOMBRE DEL CONTRATISTA: | G40: FECHA:
C42: NOMBRE Y FIRMA DEL REPRESENTANTE LEGAL:

Sheet 4.3
C3: ESTADIO SAN MARTÍN DE LOBA
C5: DESCRIPCION: | D5: Acero de refuerzo para baños | H5: ITEM: | I5: 4.3
H6: UNIDAD: | I6: kg
C7: I. EQUIPO
C8: Descripcion | E8: Cantidad | F8: Tarifa/Hora | G8: Rendimiento | H8: Valor-Unit.
C9: Herramienta menor | E9: 1 | F9: 2000 | G9: 14.5 | H9: =+E9*F9/G9 -> 137.93103
H13: Sub-Total | I13: =+SUM(H9:H12) -> 137.93103
C14: II. MATERIALES EN OBRA
C15: Descripcion | E15: Unidad | F15: Pecio-Unit. | G15: Cantidad | H15: Valor-Unit.
C16: Acero figurado | E16: kg | F16: 9500 | G16: 1.05 | H16: =+G16*F16 -> 9975
H22: Sub-Total | I22: =+SUM(H16:H21) -> 9975
C23: III. TRANSPORTES
C24: Trabajador | E24: Valor peso o Cant. | F24: Distancia | G24: M2-km | H24: Tarifa | I24: Valor-Unit.
I27: Sub-Total | J27: =+SUM(I25:I26) -> 0
C28: IV. MANO DE OBRA
C29: Descripcion | E29: Jornal | F29: Prestaciones | G29: Jornal Total | H29: Rendimientos | I29: Valor-Unit.
C30: Oficial | E30: 92196.56 | F30: 1.85 | G30: =+F30*E30 -> 170563.64 | H30: 87.931423 | I30: =+G30/H30 -> 1939.7347
C31: Ayudante | E31: 57622.85 | F31: 1.85 | G31: =+F31*E31 -> 106602.27 | H31: =+H30 -> 87.931423 | I31: =+G31/H31 -> 1212.3342
I34: Sub-Total | J34: =+SUM(I30:I33) -> 3152.069
C36: Total Costos Directos | J36: =+I13+I22+J27+J34 -> 13265
C40: NOMBRE DEL CONTRATISTA: | G40: FECHA:
C42: NOMBRE Y FIRMA DEL REPRESENTANTE LEGAL:

Sheet 4.4
C3: ESTADIO SAN MARTÍN DE LOBA
C5: DESCRIPCION: | D5: Estructura metalica para cubierta | H5: ITEM: | I5: 4.4
H6: UNIDAD: | I6: kg
C7: I. EQUIPO
C8: Descripcion | E8: Cantidad | F8: Tarifa/Hora | G8: Rendimiento | H8: Valor-Unit.
C9: Herramienta menor | E9: 1 | F9: 2000 | G9: 1 | H9: =+E9*F9/G9 -> 2000
C10: Equipo soldadura | E10: 1 | F10: 15000 | G10: 20 | H10: =+E10*F10/G10 -> 750
H13: Sub-Total | I13: =+SUM(H9:H12) -> 2750
C14: II. MATERIALES EN OBRA
C15: Descripcion | E15: Unidad | F15: Pecio-Unit. | G15: Cantidad | H15: Valor-Unit.
C16: Acero figurado | E16: kg | F16: 9500 | G16: 1.05 | H16: =+G16*F16 -> 9975
H22: Sub-Total | I22: =+SUM(H16:H21) -> 9975
C23: III. TRANSPORTES
C24: Trabajador | E24: Valor peso o Cant. | F24: Distancia | G24: M2-km | H24: Tarifa | I24: Valor-Unit.
I27: Sub-Total | J27: =+SUM(I25:I26) -> 0
C28: IV. MANO DE OBRA
C29: Descripcion | E29: Jornal | F29: Prestaciones | G29: Jornal Total | H29: Rendimientos | I29: Valor-Unit.
C30: Oficial | E30: 92196.56 | F30: 1.85 | G30: =+F30*E30 -> 170563.64 | H30: 21.619039 | I30: =+G30/H30 -> 7889.5105
C31: Ayudante | E31: 57622.85 | F31: 1.85 | G31: =+F31*E31 -> 106602.27 | H31: =+H30 -> 21.619039 | I31: =+G31/H31 -> 4930.9441
I34: Sub-Total | J34: =+SUM(I30:I33) -> 12820.455
C36: Total Costos Directos | J36: =+I13+I22+J27+J34 -> 25545.455
C40: NOMBRE DEL CONTRATISTA: | G40: FECHA:
C42: NOMBRE Y FIRMA DEL REPRESENTANTE LEGAL:

Sheet 4.5
C3: ESTADIO SAN MARTÍN DE LOBA
C5: DESCRIPCION: | D5: Cubierta en lámina metálica o teja upvc para baños y gradas | H5: ITEM: | I5: 4.5
H6: UNIDAD: | I6: m2
C7: I. EQUIPO
C8: Descripcion | E8: Cantidad | F8: Tarifa/Hora | G8: Rendimiento | H8: Valor-Unit.
C9: Herramienta menor | E9: 1 | F9: 2000 | G9: 1 | H9: =+E9*F9/G9 -> 2000
H13: Sub-Total | I13: =+SUM(H9:H12) -> 2000
C14: II. MATERIALES EN OBRA
C15: Descripcion | E15: Unidad | F15: Pecio-Unit. | G15: Cantidad | H15: Valor-Unit.
C16: Lámina metálica cal 26 | E16: kg | F16: 61000 | G16: 1.05 | H16: =+G16*F16 -> 64050
C17: Andamios | E17: und | F17: 8000 | G17: 1 | H17: =+G17*F17 -> 8000
H22: Sub-Total | I22: =+SUM(H16:H21) -> 72050
C23: III. TRANSPORTES
C24: Trabajador | E24: Valor peso o Cant. | F24: Distancia | G24: M2-km | H24: Tarifa | I24: Valor-Unit.
I27: Sub-Total | J27: =+SUM(I25:I26) -> 0
C28: IV. MANO DE OBRA
C29: Descripcion | E29: Jornal | F29: Prestaciones | G29: Jornal Total | H29: Rendimientos | I29: Valor-Unit.
C30: Oficial | E30: 92196.56 | F30: 1.85 | G30: =+F30*E30 -> 170563.64 | H30: 1.7750185 | I30: =+G30/H30 -> 96091.189
C31: Ayudante | E31: 57622.85 | F31: 1.85 | G31: =+F31*E31 -> 106602.27 | H31: =+H30 -> 1.7750185 | I31: =+G31/H31 -> 60056.993
I34: Sub-Total | J34: =+SUM(I30:I33) -> 156148.18
C36: Total Costos Directos | J36: =+I13+I22+J27+J34 -> 230198.18
C40: NOMBRE DEL CONTRATISTA: | G40: FECHA:
C42: NOMBRE Y FIRMA DEL REPRESENTANTE LEGAL:

Sheet 4.6
C3: ESTADIO SAN MARTÍN DE LOBA
C5: DESCRIPCION: | D5: Estructura metálica para gradas | H5: ITEM: | I5: 4.6
H6: UNIDAD: | I6: kg
C7: I. EQUIPO
C8: Descripcion | E8: Cantidad | F8: Tarifa/Hora | G8: Rendimiento | H8: Valor-Unit.
C9: Herramienta menor | E9: 1 | F9: 2000 | G9: 1 | H9: =+E9*F9/G9 -> 2000
C10: Equipo de soldadura | E10: 1 | F10: 15000 | G10: 20 | H10: =+E10*F10/G10 -> 750
H13: Sub-Total | I13: =+SUM(H9:H12) -> 2750
C14: II. MATERIALES EN OBRA
C15: Descripcion | E15: Unidad | F15: Pecio-Unit. | G15: Cantidad | H15: Valor-Unit.
C16: Acero estructural ASTM A36 | E16: kg | F16: 17200 | G16: 1.05 | H16: =+G16*F16 -> 18060
H22: Sub-Total | I22: =+SUM(H16:H21) -> 18060
C23: III. TRANSPORTES
C24: Trabajador | E24: Valor peso o Cant. | F24: Distancia | G24: M2-km | H24: Tarifa | I24: Valor-Unit.
I27: Sub-Total | J27: =+SUM(I25:I26) -> 0
C28: IV. MANO DE OBRA
C29: Descripcion | E29: Jornal | F29: Prestaciones | G29: Jornal Total | H29: Rendimientos | I29: Valor-Unit.
C30: Oficial | E30: 92196.56 | F30: 1.85 | G30: =+F30*E30 -> 170563.64 | H30: 58.529948 | I30: =+G30/H30 -> 2914.1259
C31: Ayudante | E31: 57622.85 | F31: 1.85 | G31: =+F31*E31 -> 106602.27 | H31: =+H30 -> 58.529948 | I31: =+G31/H31 -> 1821.3287
I34: Sub-Total | J34: =+SUM(I30:I33) -> 4735.4545
C36: Total Costos Directos | J36: =+I13+I22+J27+J34 -> 25545.455
C40: NOMBRE DEL CONTRATISTA: | G40: FECHA:
C42: NOMBRE Y FIRMA DEL REPRESENTANTE LEGAL:

Sheet 4.7
C3: ESTADIO SAN MARTÍN DE LOBA
C5: DESCRIPCION: | D5: Losa concreto en metaldeck cal 20 e:12 cm, incluye malla electrosoldada de 6 mm | H5: ITEM: | I5: 4.7
H6: UNIDAD: | I6: m2
C7: I. EQUIPO
C8: Descripcion | E8: Cantidad | F8: Tarifa/Hora | G8: Rendimiento | H8: Valor-Unit.
C9: Herramienta menor | E9: 1 | F9: 2000 | G9: 1 | H9: =+E9*F9/G9 -> 2000
H13: Sub-Total | I13: =+SUM(H9:H12) -> 2000
C14: II. MATERIALES EN OBRA
C15: Descripcion | E15: Unidad | F15: Pecio-Unit. | G15: Cantidad | H15: Valor-Unit.
C16: Concreto 3000 psi | E16: m3 | F16: 780000 | G16: 0.12 | H16: =+G16*F16 -> 93600
C17: Metaldeck cal 20 | E17: m2 | F17: 115000 | G17: 1.05 | H17: =+G17*F17 -> 120750
C18: Malla electrosoldada 6mm | E18: m2 | F18: 35000 | G18: 1 | H18: =+G18*F18 -> 35000
H19: =+G19*F19 -> 0
H20: =+G20*F20 -> 0
H21: =+G21*F21 -> 0
H22: Sub-Total | I22: =+SUM(H16:H21) -> 249350
C23: III. TRANSPORTES
C24: Trabajador | E24: Valor peso o Cant. | F24: Distancia | G24: M2-km | H24: Tarifa | I24: Valor-Unit.
I27: Sub-Total | J27: =+SUM(I25:I26) -> 0
C28: IV. MANO DE OBRA
C29: Descripcion | E29: Jornal | F29: Prestaciones | G29: Jornal Total | H29: Rendimientos | I29: Valor-Unit.
C30: Oficial | E30: 92196.56 | F30: 1.85 | G30: =+F30*E30 -> 170563.64 | H30: 9.2904467 | I30: =+G30/H30 -> 18359.035
C31: Ayudante | E31: 57622.85 | F31: 1.85 | G31: =+F31*E31 -> 106602.27 | H31: =+H30 -> 9.2904467 | I31: =+G31/H31 -> 11474.397
I34: Sub-Total | J34: =+SUM(I30:I33) -> 29833.432
C36: Total Costos Directos | J36: =+I13+I22+J27+J34 -> 281183.43
C40: NOMBRE DEL CONTRATISTA: | G40: FECHA:
C42: NOMBRE Y FIRMA DEL REPRESENTANTE LEGAL:

Sheet 4.8
C3: ESTADIO SAN MARTÍN DE LOBA
C5: DESCRIPCION: | D5: Levante de muros en block # 6 | H5: ITEM: | I5: 4.8
H6: UNIDAD: | I6: m2
C7: I. EQUIPO
C8: Descripcion | E8: Cantidad | F8: Tarifa/Hora | G8: Rendimiento | H8: Valor-Unit.
C9: Herramienta menor | E9: 1 | F9: 2000 | G9: 1 | H9: =+E9*F9/G9 -> 2000
H13: Sub-Total | I13: =+SUM(H9:H12) -> 2000
C14: II. MATERIALES EN OBRA
C15: Descripcion | E15: Unidad | F15: Pecio-Unit. | G15: Cantidad | H15: Valor-Unit.
C16: Block #6 | E16: und | F16: 6800 | G16: 13 | H16: =+G16*F16 -> 88400
C17: Mortero 1:4 | E17: m3 | F17: 620000 | G17: 0.1 | H17: =+G17*F17 -> 62000
H18: =+G18*F18 -> 0
H19: =+G19*F19 -> 0
H20: =+G20*F20 -> 0
H21: =+G21*F21 -> 0
H22: Sub-Total | I22: =+SUM(H16:H21) -> 150400
C23: III. TRANSPORTES
C24: Trabajador | E24: Valor peso o Cant. | F24: Distancia | G24: M2-km | H24: Tarifa | I24: Valor-Unit.
I27: Sub-Total | J27: =+SUM(I25:I26) -> 0
C28: IV. MANO DE OBRA
C29: Descripcion | E29: Jornal | F29: Prestaciones | G29: Jornal Total | H29: Rendimientos | I29: Valor-Unit.
C30: Oficial | E30: 92196.56 | F30: 1.85 | G30: =+F30*E30 -> 170563.64 | H30: 11.258482 | I30: =+G30/H30 -> 15149.79
C31: Ayudante | E31: 57622.85 | F31: 1.85 | G31: =+F31*E31 -> 106602.27 | H31: =+H30 -> 11.258482 | I31: =+G31/H31 -> 9468.6185
I34: Sub-Total | J34: =+SUM(I30:I33) -> 24618.408
C36: Total Costos Directos | J36: =+I13+I22+J27+J34 -> 177018.41
C40: NOMBRE DEL CONTRATISTA: | G40: FECHA:
C42: NOMBRE Y FIRMA DEL REPRESENTANTE LEGAL:

Sheet 5.1
C3: ESTADIO SAN MARTÍN DE LOBA
C5: DESCRIPCION: | D5: Levante de muros en block # 4 | H5: ITEM: | I5: 5.1
H6: UNIDAD: | I6: m2
C7: I. EQUIPO
C8: Descripcion | E8: Cantidad | F8: Tarifa/Hora | G8: Rendimiento | H8: Valor-Unit.
C9: Herramienta menor | E9: 1 | F9: 2000 | G9: 1 | H9: =+E9*F9/G9 -> 2000
H13: Sub-Total | I13: =+SUM(H9:H12) -> 2000
C14: II. MATERIALES EN OBRA
C15: Descripcion | E15: Unidad | F15: Pecio-Unit. | G15: Cantidad | H15: Valor-Unit.
C16: Block #4 | E16: und | F16: 6800 | G16: 13 | H16: =+G16*F16 -> 88400
C17: Mortero 1:4 | E17: m3 | F17: 20000 | G17: 0.1 | H17: =+G17*F17 -> 2000
H18: =+G18*F18 -> 0
H19: =+G19*F19 -> 0
H20: =+G20*F20 -> 0
H21: =+G21*F21 -> 0
H22: Sub-Total | I22: =+SUM(H16:H21) -> 90400
C23: III. TRANSPORTES
C24: Trabajador | E24: Valor peso o Cant. | F24: Distancia | G24: M2-km | H24: Tarifa | I24: Valor-Unit.
I27: Sub-Total | J27: =+SUM(I25:I26) -> 0
C28: IV. MANO DE OBRA
C29: Descripcion | E29: Jornal | F29: Prestaciones | G29: Jornal Total | H29: Rendimientos | I29: Valor-Unit.
C30: Oficial | E30: 92196.56 | F30: 1.85 | G30: =+F30*E30 -> 170563.64 | H30: 60.013301 | I30: =+G30/H30 -> 2842.0972
C31: Ayudante | E31: 57622.85 | F31: 1.85 | G31: =+F31*E31 -> 106602.27 | H31: =+H30 -> 60.013301 | I31: =+G31/H31 -> 1776.3108
I34: Sub-Total | J34: =+SUM(I30:I33) -> 4618.408
C36: Total Costos Directos | J36: =+I13+I22+J27+J34 -> 97018.408
C40: NOMBRE DEL CONTRATISTA: | G40: FECHA:
C42: NOMBRE Y FIRMA DEL REPRESENTANTE LEGAL:

Sheet 5.2
C3: ESTADIO SAN MARTÍN DE LOBA
C5: DESCRIPCION: | D5: Construcción de plantilla de concreto de 0,07m | H5: ITEM: | I5: 5.2
H6: UNIDAD: | I6: m2
C7: I. EQUIPO
C8: Descripcion | E8: Cantidad | F8: Tarifa/Hora | G8: Rendimiento | H8: Valor-Unit.
C9: Herramienta menor | E9: 1 | F9: 1200.0001 | G9: 0.19594694 | H9: =+E9*F9/G9 -> 6124.1072
C10: Vibrador de concreto | E10: 1 | F10: 7500 | G10: 4 | H10: =+E10*F10/G10 -> 1875
C11: Formaleta | E11: 1 | F11: 12500 | G11: 4 | H11: =+E11*F11/G11 -> 3125
H13: Sub-Total | I13: =+SUM(H9:H12) -> 11124.107
C14: II. MATERIALES EN OBRA
C15: Descripcion | E15: Unidad | F15: Pecio-Unit. | G15: Cantidad | H15: Valor-Unit.
C16: Concreto | E16: m3 | F16: =632445*1.3 -> 822178.5 | G16: =0.1*1.06 -> 0.106 | H16: =+G16*F16 -> 87150.921
C17: Malla electrosoldada de 7mm | E17: m2 | F17: =125000/(2.5*6) -> 8333.3333 | G17: 2 | H17: =+G17*F17 -> 16666.667
C18: Autobomba | E18: m3 | F18: 60000 | G18: 1 | H18: =+G18*F18 -> 60000
H21: =+G21*F21 -> 0
H22: Sub-Total | I22: =+SUM(H16:H21) -> 163817.59
C23: III. TRANSPORTES
C24: Trabajador | E24: Valor peso o Cant. | F24: Distancia | G24: M2-km | H24: Tarifa | I24: Valor-Unit.
I27: Sub-Total | J27: =+SUM(I25:I26) -> 0
C28: IV. MANO DE OBRA
C29: Descripcion | E29: Jornal | F29: Prestaciones | G29: Jornal Total | H29: Rendimientos | I29: Valor-Unit.
C30: Oficial | E30: 92196.56 | F30: 1.85 | G30: =+F30*E30 -> 170563.64 | H30: 10.173167 | I30: =+G30/H30 -> 16766.031
C31: Ayudante | E31: 57622.85 | F31: 1.85 | G31: =+F31*E31 -> 106602.27 | H31: =+H30 -> 10.173167 | I31: =+G31/H31 -> 10478.769
I34: Sub-Total | J34: =+SUM(I30:I33) -> 27244.8
C36: Total Costos Directos | J36: =+I13+I22+J27+J34 -> 202186.5
C40: NOMBRE DEL CONTRATISTA: | G40: FECHA:
C42: NOMBRE Y FIRMA DEL REPRESENTANTE LEGAL:

Sheet 5.3
C3: ESTADIO SAN MARTÍN DE LOBA
C5: DESCRIPCION: | D5: Pañete impermeabilizado incluye filo y dilataciones - graderas | H5: ITEM: | I5: 5.3
H6: UNIDAD: | I6: m2
C7: I. EQUIPO
C8: Descripcion | E8: Cantidad | F8: Tarifa/Hora | G8: Rendimiento | H8: Valor-Unit.
C9: Herramienta menor | E9: 1 | F9: 1200.0001 | G9: 0.19594694 | H9: =+E9*F9/G9 -> 6124.1072
H13: Sub-Total | I13: =+SUM(H9:H12) -> 6124.1072
C14: II. MATERIALES EN OBRA
C15: Descripcion | E15: Unidad | F15: Pecio-Unit. | G15: Cantidad | H15: Valor-Unit.
C16: Mortero impermeabilizado | E16: m3 | F16: 18600 | G16: 0.03 | H16: =+G16*F16 -> 558
C17: Aditivo impermeabilizante | E17: m3 | F17: 4600 | G17: 2 | H17: =+G17*F17 -> 9200
H21: =+G21*F21 -> 0
H22: Sub-Total | I22: =+SUM(H16:H21) -> 9758
C23: III. TRANSPORTES
C24: Trabajador | E24: Valor peso o Cant. | F24: Distancia | G24: M2-km | H24: Tarifa | I24: Valor-Unit.
I27: Sub-Total | J27: =+SUM(I25:I26) -> 0
C28: IV. MANO DE OBRA
C29: Descripcion | E29: Jornal | F29: Prestaciones | G29: Jornal Total | H29: Rendimientos | I29: Valor-Unit. | M29: =I30/J34 -> 0.61538462 | N29: =M29*M30 -> 28830.703 | O29: =G30/N29 -> 5.9160415
C30: Oficial | E30: 92196.56 | F30: 1.85 | G30: =+F30*E30 -> 170563.64 | H30: 5.9160415 | I30: =+G30/H30 -> 28830.703 | M30: =+M32-I13-J27-I22 -> 46849.893
C31: Ayudante | E31: 57622.85 | F31: 1.85 | G31: =+F31*E31 -> 106602.27 | H31: =+H30 -> 5.9160415 | I31: =+G31/H31 -> 18019.19
M32: 62732
O33: 5.9160415
I34: Sub-Total | J34: =+SUM(I30:I33) -> 46849.893
C36: Total Costos Directos | J36: =+I13+I22+J27+J34 -> 62732
C40: NOMBRE DEL CONTRATISTA: | G40: FECHA:
C42: NOMBRE Y FIRMA DEL REPRESENTANTE LEGAL:

Sheet 5.4
C3: ESTADIO SAN MARTÍN DE LOBA
C5: DESCRIPCION: | D5: viga cinta 15cm x 20 xm | H5: ITEM: | I5: 5.4
H6: UNIDAD: | I6: ml
C7: I. EQUIPO
C8: Descripcion | E8: Cantidad | F8: Tarifa/Hora | G8: Rendimiento | H8: Valor-Unit.
C9: Herramienta menor | E9: 1 | F9: 1200.0001 | G9: 0.19594694 | H9: =+E9*F9/G9 -> 6124.1072
H13: Sub-Total | I13: =+SUM(H9:H12) -> 6124.1072
C14: II. MATERIALES EN OBRA
C15: Descripcion | E15: Unidad | F15: Pecio-Unit. | G15: Cantidad | H15: Valor-Unit.
C16: Concreto 3000 psi | E16: m3 | F16: 18600 | G16: 0.03 | H16: =+G16*F16 -> 558
C17: Formaleta lateral | E17: m2 | F17: 18000 | G17: 1 | H17: =+G17*F17 -> 18000
C18: Alambre | F18: 5000 | G18: 1 | H18: =+G18*F18 -> 5000
H21: =+G21*F21 -> 0
H22: Sub-Total | I22: =+SUM(H16:H21) -> 23558
C23: III. TRANSPORTES
C24: Trabajador | E24: Valor peso o Cant. | F24: Distancia | G24: M2-km | H24: Tarifa | I24: Valor-Unit.
I27: Sub-Total | J27: =+SUM(I25:I26) -> 0
C28: IV. MANO DE OBRA
C29: Descripcion | E29: Jornal | F29: Prestaciones | G29: Jornal Total | H29: Rendimientos | I29: Valor-Unit.
C30: Oficial | E30: 92196.56 | F30: 1.85 | G30: =+F30*E30 -> 170563.64 | H30: 9.0244156 | I30: =+G30/H30 -> 18900.242
C31: Ayudante | E31: 57622.85 | F31: 1.85 | G31: =+F31*E31 -> 106602.27 | H31: =+H30 -> 9.0244156 | I31: =+G31/H31 -> 11812.651
I34: Sub-Total | J34: =+SUM(I30:I33) -> 30712.893
C36: Total Costos Directos | J36: =+I13+I22+J27+J34 -> 60395
C40: NOMBRE DEL CONTRATISTA: | G40: FECHA:
C42: NOMBRE Y FIRMA DEL REPRESENTANTE LEGAL:

Sheet 5.5
C3: ESTADIO SAN MARTÍN DE LOBA
C5: DESCRIPCION: | D5: Suministro e instalación de malla anti impacto panel prefabricada en alambre de acero galvanizada, recubrimiento en pintura de poliéster de 4.75mm de diámetro con puntos de cruce electrosoldados, en cuadros de 100mm x 50mm | H5: ITEM: | I5: 5.5
H6: UNIDAD: | I6: m2
C7: I. EQUIPO
C8: Descripcion | E8: Cantidad | F8: Tarifa/Hora | G8: Rendimiento | H8: Valor-Unit.
C9: Herramienta menor | E9: 1 | F9: 2000 | G9: 0.22973458 | H9: =+E9*F9/G9 -> 8705.6984
H13: Sub-Total | I13: =+SUM(H9:H12) -> 8705.6984
C14: II. MATERIALES EN OBRA
C15: Descripcion | E15: Unidad | F15: Pecio-Unit. | G15: Cantidad | H15: Valor-Unit.
C16: Malla panel prefabricada (incluye material general para su instalación) | E16: m2 | F16: 65500 | G16: 1 | H16: =+G16*F16 -> 65500
C17: Concreto (incluye acero de refuerzo) | E17: m3 | F17: 1231915.9 | G17: 0.035177523 | H17: =+G17*F17 -> 43335.75
C18: Bloque vibrado estructural No.6 | E18: und | F18: 9836.0502 | G18: 12.5 | H18: =+G18*F18 -> 122950.63
H19: =+G19*F19 -> 0
H20: =+G20*F20 -> 0
H21: =+G21*F21 -> 0
H22: Sub-Total | I22: =+SUM(H16:H21) -> 231786.38
C23: III. TRANSPORTES
C24: Trabajador | E24: Valor peso o Cant. | F24: Distancia | G24: M2-km | H24: Tarifa | I24: Valor-Unit.
C25: Conductor | E25: 1 | H25: 3864.2505 | I25: =+H25*E25 -> 3864.2505
I27: Sub-Total | J27: =+SUM(I25:I26) -> 3864.2505
C28: IV. MANO DE OBRA
C29: Descripcion | E29: Jornal | F29: Prestaciones | G29: Jornal Total | H29: Rendimientos | I29: Valor-Unit.
C30: Oficial | E30: 92196.56 | F30: 1.85 | G30: =+F30*E30 -> 170563.64 | H30: 5.5500245 | I30: =+G30/H30 -> 30732.051
C31: Ayudante | E31: 57622.85 | F31: 1.85 | G31: =+F31*E31 -> 106602.27 | H31: =+H30 -> 5.5500245 | I31: =+G31/H31 -> 19207.532
I34: Sub-Total | J34: =+SUM(I30:I33) -> 49939.583
C36: Total Costos Directos | J36: =+I13+I22+J27+J34 -> 294295.91
C40: NOMBRE DEL CONTRATISTA: | G40: FECHA:
C42: NOMBRE Y FIRMA DEL REPRESENTANTE LEGAL:

Sheet 5.6
C3: ESTADIO SAN MARTÍN DE LOBA
C5: DESCRIPCION: | D5: Muro de contencion y nivelacion | H5: ITEM: | I5: 5.6
H6: UNIDAD: | I6: ml
C7: I. EQUIPO
C8: Descripcion | E8: Cantidad | F8: Tarifa/Hora | G8: Rendimiento | H8: Valor-Unit.
C9: Herramienta menor | E9: 1 | F9: 2000 | G9: 0.22973458 | H9: =+E9*F9/G9 -> 8705.6984
H13: Sub-Total | I13: =+SUM(H9:H12) -> 8705.6984
C14: II. MATERIALES EN OBRA
C15: Descripcion | E15: Unidad | F15: Pecio-Unit. | G15: Cantidad | H15: Valor-Unit.
C16: Concreto | E16: m3 | F16: 18600 | G16: 1 | H16: =+G16*F16 -> 18600
C17: Formaleta | E17: m2 | F17: 18000 | G17: 0.035177523 | H17: =+G17*F17 -> 633.19541
H19: =+G19*F19 -> 0
H20: =+G20*F20 -> 0
H21: =+G21*F21 -> 0
H22: Sub-Total | I22: =+SUM(H16:H21) -> 19233.195
C23: III. TRANSPORTES
C24: Trabajador | E24: Valor peso o Cant. | F24: Distancia | G24: M2-km | H24: Tarifa | I24: Valor-Unit.
I27: Sub-Total | J27: =+SUM(I25:I26) -> 0
C28: IV. MANO DE OBRA
C29: Descripcion | E29: Jornal | F29: Prestaciones | G29: Jornal Total | H29: Rendimientos | I29: Valor-Unit.
C30: Oficial | E30: 92196.56 | F30: 1.85 | G30: =+F30*E30 -> 170563.64 | H30: 0.56444726 | I30: =+G30/H30 -> 302178.16
C31: Ayudante | E31: 57622.85 | F31: 1.85 | G31: =+F31*E31 -> 106602.27 | H31: =+H30 -> 0.56444726 | I31: =+G31/H31 -> 188861.35
I34: Sub-Total | J34: =+SUM(I30:I33) -> 491039.52
C36: Total Costos Directos | J36: =+I13+I22+J27+J34 -> 518978.41
C40: NOMBRE DEL CONTRATISTA: | G40: FECHA:
C42: NOMBRE Y FIRMA DEL REPRESENTANTE LEGAL:

Sheet 5.7
C3: ESTADIO SAN MARTÍN DE LOBA
C5: DESCRIPCION: | D5: Acero de refuerzo muro de contencion y nivelacion | H5: ITEM: | I5: 5.7
H6: UNIDAD: | I6: kg
C7: I. EQUIPO
C8: Descripcion | E8: Cantidad | F8: Tarifa/Hora | G8: Rendimiento | H8: Valor-Unit.
C9: Herramienta menor | E9: 1 | F9: 2000 | G9: 2 | H9: =+E9*F9/G9 -> 1000
H13: Sub-Total | I13: =+SUM(H9:H12) -> 1000
C14: II. MATERIALES EN OBRA
C15: Descripcion | E15: Unidad | F15: Pecio-Unit. | G15: Cantidad | H15: Valor-Unit.
C16: Acero figurado | E16: kg | F16: 10000 | G16: 1.05 | H16: =+G16*F16 -> 10500
H19: =+G19*F19 -> 0
H20: =+G20*F20 -> 0
H21: =+G21*F21 -> 0
H22: Sub-Total | I22: =+SUM(H16:H21) -> 10500
C23: III. TRANSPORTES
C24: Trabajador | E24: Valor peso o Cant. | F24: Distancia | G24: M2-km | H24: Tarifa | I24: Valor-Unit.
I27: Sub-Total | J27: =+SUM(I25:I26) -> 0
C28: IV. MANO DE OBRA
C29: Descripcion | E29: Jornal | F29: Prestaciones | G29: Jornal Total | H29: Rendimientos | I29: Valor-Unit.
C30: Oficial | E30: 92196.56 | F30: 1.85 | G30: =+F30*E30 -> 170563.64 | H30: 157.05341 | I30: =+G30/H30 -> 1086.0231
C31: Ayudante | E31: 57622.85 | F31: 1.85 | G31: =+F31*E31 -> 106602.27 | H31: =+H30 -> 157.05341 | I31: =+G31/H31 -> 678.76445
I34: Sub-Total | J34: =+SUM(I30:I33) -> 1764.7876
C36: Total Costos Directos | J36: =+I13+I22+J27+J34 -> 13264.788
C40: NOMBRE DEL CONTRATISTA: | G40: FECHA:
C42: NOMBRE Y FIRMA DEL REPRESENTANTE LEGAL:

Sheet 5.8
C3: ESTADIO SAN MARTÍN DE LOBA
C5: DESCRIPCION: | D5: Mamposteria en block ·8 estructural, incluye dovelas de refuerzo y anclajes | H5: ITEM: | I5: 5.8
H6: UNIDAD: | I6: m2
C7: I. EQUIPO
C8: Descripcion | E8: Cantidad | F8: Tarifa/Hora | G8: Rendimiento | H8: Valor-Unit.
C9: Herramienta menor | E9: 1 | F9: 2000 | G9: 2 | H9: =+E9*F9/G9 -> 1000
H13: Sub-Total | I13: =+SUM(H9:H12) -> 1000
C14: II. MATERIALES EN OBRA
C15: Descripcion | E15: Unidad | F15: Pecio-Unit. | G15: Cantidad | H15: Valor-Unit.
C16: Block #8 | E16: Und | F16: 6800 | G16: 1.05 | H16: =+G16*F16 -> 7140
C17: Mortero | E17: m3 | F17: 20000 | G17: 0.3 | H17: =+G17*F17 -> 6000
H19: =+G19*F19 -> 0
H20: =+G20*F20 -> 0
H21: =+G21*F21 -> 0
H22: Sub-Total | I22: =+SUM(H16:H21) -> 13140
C23: III. TRANSPORTES
C24: Trabajador | E24: Valor peso o Cant. | F24: Distancia | G24: M2-km | H24: Tarifa | I24: Valor-Unit.
I27: Sub-Total | J27: =+SUM(I25:I26) -> 0
C28: IV. MANO DE OBRA
C29: Descripcion | E29: Jornal | F29: Prestaciones | G29: Jornal Total | H29: Rendimientos | I29: Valor-Unit.
C30: Oficial | E30: 92196.56 | F30: 1.85 | G30: =+F30*E30 -> 170563.64 | H30: 1.1038596 | I30: =+G30/H30 -> 154515.69
C31: Ayudante | E31: 57622.85 | F31: 1.85 | G31: =+F31*E31 -> 106602.27 | H31: =+H30 -> 1.1038596 | I31: =+G31/H31 -> 96572.308
I34: Sub-Total | J34: =+SUM(I30:I33) -> 251088
C36: Total Costos Directos | J36: =+I13+I22+J27+J34 -> 265228
C40: NOMBRE DEL CONTRATISTA: | G40: FECHA:
C42: NOMBRE Y FIRMA DEL REPRESENTANTE LEGAL:

Sheet 5.9
C3: ESTADIO SAN MARTÍN DE LOBA
C5: DESCRIPCION: | D5: Muro vertical de contrahuella en graderias, incluye acabado liso | H5: ITEM: | I5: 5.9
H6: UNIDAD: | I6: ml
C7: I. EQUIPO
C8: Descripcion | E8: Cantidad | F8: Tarifa/Hora | G8: Rendimiento | H8: Valor-Unit.
C9: Herramienta menor | E9: 1 | F9: 2000 | G9: 2 | H9: =+E9*F9/G9 -> 1000
H13: Sub-Total | I13: =+SUM(H9:H12) -> 1000
C14: II. MATERIALES EN OBRA
C15: Descripcion | E15: Unidad | F15: Pecio-Unit. | G15: Cantidad | H15: Valor-Unit.
C16: Concreto + acabado liso | E16: m3 | F16: 110000 | G16: 1.05 | H16: =+G16*F16 -> 115500
C17: Formaleta | E17: m2 | F17: 40000 | G17: 1 | H17: =+G17*F17 -> 40000
H19: =+G19*F19 -> 0
H20: =+G20*F20 -> 0
H21: =+G21*F21 -> 0
H22: Sub-Total | I22: =+SUM(H16:H21) -> 155500
C23: III. TRANSPORTES
C24: Trabajador | E24: Valor peso o Cant. | F24: Distancia | G24: M2-km | H24: Tarifa | I24: Valor-Unit.
I27: Sub-Total | J27: =+SUM(I25:I26) -> 0
C28: IV. MANO DE OBRA
C29: Descripcion | E29: Jornal | F29: Prestaciones | G29: Jornal Total | H29: Rendimientos | I29: Valor-Unit.
C30: Oficial | E30: 92196.56 | F30: 1.85 | G30: =+F30*E30 -> 170563.64 | H30: 5.8146694 | I30: =+G30/H30 -> 29333.333
C31: Ayudante | E31: 57622.85 | F31: 1.85 | G31: =+F31*E31 -> 106602.27 | H31: =+H30 -> 5.8146694 | I31: =+G31/H31 -> 18333.333
I34: Sub-Total | J34: =+SUM(I30:I33) -> 47666.667
C36: Total Costos Directos | J36: =+I13+I22+J27+J34 -> 204166.67
C40: NOMBRE DEL CONTRATISTA: | G40: FECHA:
C42: NOMBRE Y FIRMA DEL REPRESENTANTE LEGAL:

Sheet 6.1
C3: ESTADIO SAN MARTÍN DE LOBA
C5: DESCRIPCION: | D5: Impermeabilizaciones baños y zonas humedas | H5: ITEM: | I5: 6.1
H6: UNIDAD: | I6: m2
C7: I. EQUIPO
C8: Descripcion | E8: Cantidad | F8: Tarifa/Hora | G8: Rendimiento | H8: Valor-Unit.
C9: Herramienta menor | E9: 1 | F9: 2000 | G9: 1.0934937 | H9: =+E9*F9/G9 -> 1829
H13: Sub-Total | I13: =+SUM(H9:H12) -> 1829
C14: II. MATERIALES EN OBRA
C15: Descripcion | E15: Unidad | F15: Pecio-Unit. | G15: Cantidad | H15: Valor-Unit.
C16: Impermeabilizante con fibra | E16: cuñete | F16: =445000*1.5 -> 667500 | G16: 0.034889948 | H16: =+G16*F16 -> 23289.04
H17: =+G17*F17 -> 0
H18: =+G18*F18 -> 0
H19: =+G19*F19 -> 0
H20: =+G20*F20 -> 0
H21: =+G21*F21 -> 0
H22: Sub-Total | I22: =+SUM(H16:H21) -> 23289.04
C23: III. TRANSPORTES
C24: Trabajador | E24: Valor peso o Cant. | F24: Distancia | G24: M2-km | H24: Tarifa | I24: Valor-Unit.
I27: Sub-Total | J27: =+SUM(I25:I26) -> 0
C28: IV. MANO DE OBRA
C29: Descripcion | E29: Jornal | F29: Prestaciones | G29: Jornal Total | H29: Rendimientos | I29: Valor-Unit.
C30: Oficial | E30: 92196.56 | F30: 1.85 | G30: =+F30*E30 -> 170563.64 | H30: 14.760172 | I30: =+G30/H30 -> 11555.668
C31: Ayudante | E31: 57622.85 | F31: 1.85 | G31: =+F31*E31 -> 106602.27 | H31: =+H30 -> 14.760172 | I31: =+G31/H31 -> 7222.2922
I34: Sub-Total | J34: =+SUM(I30:I33) -> 18777.96
C36: Total Costos Directos | J36: =+I13+I22+J27+J34 -> 43896
C40: NOMBRE DEL CONTRATISTA: | G40: FECHA:
C42: NOMBRE Y FIRMA DEL REPRESENTANTE LEGAL:

Sheet 7.1
C3: ESTADIO SAN MARTÍN DE LOBA
C5: DESCRIPCION: | D5: Punto conexión subdrenaje | H5: ITEM: | I5: 7.1
H6: UNIDAD: | I6: pto
C7: I. EQUIPO
C8: Descripcion | E8: Cantidad | F8: Tarifa/Hora | G8: Rendimiento | H8: Valor-Unit.
C9: Herramienta menor | E9: 1 | F9: 3028.6386 | G9: 0.17625744 | H9: =+E9*F9/G9 -> 17183.039
H13: Sub-Total | I13: =+SUM(H9:H12) -> 17183.039
C14: II. MATERIALES EN OBRA
C15: Descripcion | E15: Unidad | F15: Pecio-Unit. | G15: Cantidad | H15: Valor-Unit.
C16: Punto de conexión subdrenaje | E16: Pto | F16: 8500 | G16: 36 | H16: =+G16*F16 -> 306000
H17: =+G17*F17 -> 0
H18: =+G18*F18 -> 0
H19: =+G19*F19 -> 0
H20: =+G20*F20 -> 0
H21: =+G21*F21 -> 0
H22: Sub-Total | I22: =+SUM(H16:H21) -> 306000
C23: III. TRANSPORTES
C24: Trabajador | E24: Valor peso o Cant. | F24: Distancia | G24: M2-km | H24: Tarifa | I24: Valor-Unit.
I27: Sub-Total | J27: =+SUM(I25:I26) -> 0
C28: IV. MANO DE OBRA
C29: Descripcion | E29: Jornal | F29: Prestaciones | G29: Jornal Total | H29: Rendimientos | I29: Valor-Unit.
C30: Oficial | E30: 92196.56 | F30: 1.85 | G30: =+F30*E30 -> 170563.64 | H30: 4.474585 | I30: =+G30/H30 -> 38118.314
C31: Ayudante | E31: 57622.85 | F31: 1.85 | G31: =+F31*E31 -> 106602.27 | H31: =+H30 -> 4.474585 | I31: =+G31/H31 -> 23823.946
I34: Sub-Total | J34: =+SUM(I30:I33) -> 61942.261
C36: Total Costos Directos | J36: =+I13+I22+J27+J34 -> 385125.3
C40: NOMBRE DEL CONTRATISTA: | G40: FECHA:
C42: NOMBRE Y FIRMA DEL REPRESENTANTE LEGAL:

Sheet 7.2
C3: ESTADIO SAN MARTÍN DE LOBA
C5: DESCRIPCION: | D5: Suministro e instalación de geodren para drenaje, incluye tuberia de 8" | H5: ITEM: | I5: 7.2
H6: UNIDAD: | I6: ml
C7: I. EQUIPO
C8: Descripcion | E8: Cantidad | F8: Tarifa/Hora | G8: Rendimiento | H8: Valor-Unit.
C9: Herramienta menor | E9: 1 | F9: 2000 | G9: 1 | H9: =+E9*F9/G9 -> 2000
H13: Sub-Total | I13: =+SUM(H9:H12) -> 2000
C14: II. MATERIALES EN OBRA
C15: Descripcion | E15: Unidad | F15: Pecio-Unit. | G15: Cantidad | H15: Valor-Unit.
C16: Geodren | E16: M2 | F16: 15617.14 | G16: 1 | H16: =+G16*F16 -> 15617.14
C17: Tubo 8" | E17: Und | F17: 102907.69 | G17: 1 | H17: =+G17*F17 -> 102907.69
H18: =+G18*F18 -> 0
H19: =+G19*F19 -> 0
H20: =+G20*F20 -> 0
H21: =+G21*F21 -> 0
H22: Sub-Total | I22: =+SUM(H16:H21) -> 118524.83
C23: III. TRANSPORTES
C24: Trabajador | E24: Valor peso o Cant. | F24: Distancia | G24: M2-km | H24: Tarifa | I24: Valor-Unit.
I27: Sub-Total | J27: =+SUM(I25:I26) -> 0
C28: IV. MANO DE OBRA
C29: Descripcion | E29: Jornal | F29: Prestaciones | G29: Jornal Total | H29: Rendimientos | I29: Valor-Unit.
C30: Oficial | E30: 92196.56 | F30: 1.85 | G30: =+F30*E30 -> 170563.64 | H30: 2.5718133 | I30: =+G30/H30 -> 66320.382
C31: Ayudante | E31: 57622.85 | F31: 1.85 | G31: =+F31*E31 -> 106602.27 | H31: =+H30 -> 2.5718133 | I31: =+G31/H31 -> 41450.238
I34: Sub-Total | J34: =+SUM(I30:I33) -> 107770.62
C36: Total Costos Directos | J36: =+I13+I22+J27+J34 -> 228295.45
C40: NOMBRE DEL CONTRATISTA: | G40: FECHA:
C42: NOMBRE Y FIRMA DEL REPRESENTANTE LEGAL:

Sheet 7.3
C3: ESTADIO SAN MARTÍN DE LOBA
C5: DESCRIPCION: | D5: Tuberia de desagüe alcatarillado PVC 16" (desde zona de juego hacia la calle) | H5: ITEM: | I5: 7.3
H6: UNIDAD: | I6: ml
C7: I. EQUIPO
C8: Descripcion | E8: Cantidad | F8: Tarifa/Hora | G8: Rendimiento | H8: Valor-Unit.
C9: Herramienta menor | E9: 1 | F9: 12000 | G9: 1 | H9: =+E9*F9/G9 -> 12000
H13: Sub-Total | I13: =+SUM(H9:H12) -> 12000
C14: II. MATERIALES EN OBRA
C15: Descripcion | E15: Unidad | F15: Pecio-Unit. | G15: Cantidad | H15: Valor-Unit.
C16: Tubo Pvc Alcantarillado 16pulg-400mmx6m | E16: ml | F16: 350000 | G16: 1.05 | H16: =+G16*F16 -> 367500
C17: Accesorios varios | E17: und | F17: 100000 | G17: 1 | H17: =+G17*F17 -> 100000
C18: Cama de arena (10cm) | E18: m3 | F18: 95000 | G18: 0.07 | H18: =+G18*F18 -> 6650
H19: =+G19*F19 -> 0
H20: =+G20*F20 -> 0
H21: =+G21*F21 -> 0
H22: Sub-Total | I22: =+SUM(H16:H21) -> 474150
C23: III. TRANSPORTES
C24: Trabajador | E24: Valor peso o Cant. | F24: Distancia | G24: M2-km | H24: Tarifa | I24: Valor-Unit.
I27: Sub-Total | J27: =+SUM(I25:I26) -> 0
C28: IV. MANO DE OBRA
C29: Descripcion | E29: Jornal | F29: Prestaciones | G29: Jornal Total | H29: Rendimientos | I29: Valor-Unit.
C30: Oficial | E30: 92196.56 | F30: 1.85 | G30: =+F30*E30 -> 170563.64 | H30: 1.5556576 | I30: =+G30/H30 -> 109640.86
C31: Ayudante | E31: 57622.85 | F31: 1.85 | G31: =+F31*E31 -> 106602.27 | H31: =+H30 -> 1.5556576 | I31: =+G31/H31 -> 68525.538
I34: Sub-Total | J34: =+SUM(I30:I33) -> 178166.4
C36: Total Costos Directos | J36: =+I13+I22+J27+J34 -> 664316.4
C40: NOMBRE DEL CONTRATISTA: | G40: FECHA:
C42: NOMBRE Y FIRMA DEL REPRESENTANTE LEGAL:

Sheet 7.4
C3: ESTADIO SAN MARTÍN DE LOBA
C5: DESCRIPCION: | D5: Tubería Colectores De ø 8" PVC-TDP Alc. | H5: ITEM: | I5: 7.4
H6: UNIDAD: | I6: ml
C7: I. EQUIPO
C8: Descripcion | E8: Cantidad | F8: Tarifa/Hora | G8: Rendimiento | H8: Valor-Unit.
C9: Herramienta menor | E9: 1 | F9: 2000 | G9: 0.3168097 | H9: =+E9*F9/G9 -> 6312.9381
H13: Sub-Total | I13: =+SUM(H9:H12) -> 6312.9381
C14: II. MATERIALES EN OBRA
C15: Descripcion | E15: Unidad | F15: Pecio-Unit. | G15: Cantidad | H15: Valor-Unit.
C16: Tubo PVC Sanitaria de 8" | E16: m | F16: 75000 | G16: 1 | H16: =+G16*F16 -> 75000
C17: Soldadura liquida 1/4 galón | E17: und | F17: 100000 | G17: 0.03 | H17: =+G17*F17 -> 3000
C18: Limpiador PVC 1/4 de galón | E18: und | F18: 130000 | G18: 0.03 | H18: =+G18*F18 -> 3900
H19: =+G19*F19 -> 0
H20: =+G20*F20 -> 0
H21: =+G21*F21 -> 0
H22: Sub-Total | I22: =+SUM(H16:H21) -> 81900
C23: III. TRANSPORTES
C24: Trabajador | E24: Valor peso o Cant. | F24: Distancia | G24: M2-km | H24: Tarifa | I24: Valor-Unit.
I27: Sub-Total | J27: =+SUM(I25:I26) -> 0
C28: IV. MANO DE OBRA
C29: Descripcion | E29: Jornal | F29: Prestaciones | G29: Jornal Total | H29: Rendimientos | I29: Valor-Unit.
C30: Oficial | E30: 92196.56 | F30: 1.85 | G30: =+F30*E30 -> 170563.64 | H30: 5.2710563 | I30: =+G30/H30 -> 32358.53
C31: Ayudante | E31: 57622.85 | F31: 1.85 | G31: =+F31*E31 -> 106602.27 | H31: =+H30 -> 5.2710563 | I31: =+G31/H31 -> 20224.082
I34: Sub-Total | J34: =+SUM(I30:I33) -> 52582.612
C36: Total Costos Directos | J36: =+I13+I22+J27+J34 -> 140795.55
C40: NOMBRE DEL CONTRATISTA: | G40: FECHA:
C42: NOMBRE Y FIRMA DEL REPRESENTANTE LEGAL:

Sheet 7.5
C3: ESTADIO SAN MARTÍN DE LOBA
C5: DESCRIPCION: | D5: Registro de Paso | H5: ITEM: | I5: 7.5
H6: UNIDAD: | I6: und
C7: I. EQUIPO
C8: Descripcion | E8: Cantidad | F8: Tarifa/Hora | G8: Rendimiento | H8: Valor-Unit.
C9: Herramienta menor | E9: 1 | F9: 2000 | G9: 0.063283268 | H9: =+E9*F9/G9 -> 31603.93
H13: Sub-Total | I13: =+SUM(H9:H12) -> 31603.93
C14: II. MATERIALES EN OBRA
C15: Descripcion | E15: Unidad | F15: Pecio-Unit. | G15: Cantidad | H15: Valor-Unit.
C16: Registro de paso | E16: Und | F16: 145000 | G16: 1 | H16: =+G16*F16 -> 145000
H17: =+G17*F17 -> 0
H18: =+G18*F18 -> 0
H19: =+G19*F19 -> 0
H20: =+G20*F20 -> 0
H21: =+G21*F21 -> 0
H22: Sub-Total | I22: =+SUM(H16:H21) -> 145000
C23: III. TRANSPORTES
C24: Trabajador | E24: Valor peso o Cant. | F24: Distancia | G24: M2-km | H24: Tarifa | I24: Valor-Unit.
I27: Sub-Total | J27: =+SUM(I25:I26) -> 0
C28: IV. MANO DE OBRA
C29: Descripcion | E29: Jornal | F29: Prestaciones | G29: Jornal Total | H29: Rendimientos | I29: Valor-Unit.
C30: Oficial | E30: 92196.56 | F30: 1.85 | G30: =+F30*E30 -> 170563.64 | H30: 0.52124489 | I30: =+G30/H30 -> 327223.61
C31: Ayudante | E31: 57622.85 | F31: 1.85 | G31: =+F31*E31 -> 106602.27 | H31: =+H30 -> 0.52124489 | I31: =+G31/H31 -> 204514.76
I34: Sub-Total | J34: =+SUM(I30:I33) -> 531738.37
C36: Total Costos Directos | J36: =+I13+I22+J27+J34 -> 708342.3
C40: NOMBRE DEL CONTRATISTA: | G40: FECHA:
C42: NOMBRE Y FIRMA DEL REPRESENTANTE LEGAL:

Sheet 7.6
C3: ESTADIO SAN MARTÍN DE LOBA
C5: DESCRIPCION: | D5: Registro Pozo Eyector | H5: ITEM: | I5: 7.6
H6: UNIDAD: | I6: und
C7: I. EQUIPO
C8: Descripcion | E8: Cantidad | F8: Tarifa/Hora | G8: Rendimiento | H8: Valor-Unit.
C9: Herramienta menor | E9: 1 | F9: 2000 | G9: 0.018279872 | H9: =+E9*F9/G9 -> 109409.95
H13: Sub-Total | I13: =+SUM(H9:H12) -> 109409.95
C14: II. MATERIALES EN OBRA
C15: Descripcion | E15: Unidad | F15: Pecio-Unit. | G15: Cantidad | H15: Valor-Unit.
C16: Registro Pozo Eyector | E16: Und | F16: 2110136 | G16: 1 | H16: =+G16*F16 -> 2110136
H17: =+G17*F17 -> 0
H18: =+G18*F18 -> 0
H19: =+G19*F19 -> 0
H20: =+G20*F20 -> 0
H21: =+G21*F21 -> 0
H22: Sub-Total | I22: =+SUM(H16:H21) -> 2110136
C23: III. TRANSPORTES
C24: Trabajador | E24: Valor peso o Cant. | F24: Distancia | G24: M2-km | H24: Tarifa | I24: Valor-Unit.
I27: Sub-Total | J27: =+SUM(I25:I26) -> 0
C28: IV. MANO DE OBRA
C29: Descripcion | E29: Jornal | F29: Prestaciones | G29: Jornal Total | H29: Rendimientos | I29: Valor-Unit.
C30: Oficial | E30: 92196.56 | F30: 1.85 | G30: =+F30*E30 -> 170563.64 | H30: 1.2564686 | I30: =+G30/H30 -> 135748.43
C31: Ayudante | E31: 57622.85 | F31: 1.85 | G31: =+F31*E31 -> 106602.27 | H31: =+H30 -> 1.2564686 | I31: =+G31/H31 -> 84842.768
I34: Sub-Total | J34: =+SUM(I30:I33) -> 220591.2
C36: Total Costos Directos | J36: =+I13+I22+J27+J34 -> 2440137.1
C40: NOMBRE DEL CONTRATISTA: | G40: FECHA:
C42: NOMBRE Y FIRMA DEL REPRESENTANTE LEGAL:

Sheet 7.7
C3: ESTADIO SAN MARTÍN DE LOBA
C5: DESCRIPCION: | D5: Excavación | H5: ITEM: | I5: 7.7
H6: UNIDAD: | I6: ml
C7: I. EQUIPO
C8: Descripcion | E8: Cantidad | F8: Tarifa/Hora | G8: Rendimiento | H8: Valor-Unit.
C9: Herramienta menor | E9: 1 | F9: 2000 | G9: 1 | H9: =+E9*F9/G9 -> 2000
C10: Retro-excavadora de neumáticos | E10: 1 | F10: 155000 | G10: 10.5 | H10: =+E10*F10/G10 -> 14761.905
H13: Sub-Total | I13: =+SUM(H9:H12) -> 16761.905
C14: II. MATERIALES EN OBRA
C15: Descripcion | E15: Unidad | F15: Pecio-Unit. | G15: Cantidad | H15: Valor-Unit.
H16: =+G16*F16 -> 0
H17: =+G17*F17 -> 0
H18: =+G18*F18 -> 0
H19: =+G19*F19 -> 0
H20: =+G20*F20 -> 0
H21: =+G21*F21 -> 0
H22: Sub-Total | I22: =+SUM(H16:H21) -> 0
C23: III. TRANSPORTES
C24: Trabajador | E24: Valor peso o Cant. | F24: Distancia | G24: M2-km | H24: Tarifa | I24: Valor-Unit.
I27: Sub-Total | J27: =+SUM(I25:I26) -> 0
C28: IV. MANO DE OBRA
C29: Descripcion | E29: Jornal | F29: Prestaciones | G29: Jornal Total | H29: Rendimientos | I29: Valor-Unit.
C30: Oficial | E30: 92196.56 | F30: 1.85 | G30: =+F30*E30 -> 170563.64 | H30: 43.224808 | I30: =+G30/H30 -> 3945.9663
C31: Ayudante | E31: 57622.85 | F31: 1.85 | G31: =+F31*E31 -> 106602.27 | H31: =+H30 -> 43.224808 | I31: =+G31/H31 -> 2466.2289
I34: Sub-Total | J34: =+SUM(I30:I33) -> 6412.1952
C36: Total Costos Directos | J36: =+I13+I22+J27+J34 -> 23174.1
C40: NOMBRE DEL CONTRATISTA: | G40: FECHA:
C42: NOMBRE Y FIRMA DEL REPRESENTANTE LEGAL:

Sheet 7.8
C3: ESTADIO SAN MARTÍN DE LOBA
C5: DESCRIPCION: | D5: Relleno material seleccionado | H5: ITEM: | I5: 7.8
H6: UNIDAD: | I6: ml
C7: I. EQUIPO
C8: Descripcion | E8: Cantidad | F8: Tarifa/Hora | G8: Rendimiento | H8: Valor-Unit.
C9: Herramienta menor | E9: 1 | F9: 2000 | G9: 1 | H9: =+E9*F9/G9 -> 2000
C10: Retro-excavadora de neumáticos | E10: 1 | F10: 155000 | G10: 25 | H10: =+E10*F10/G10 -> 6200
H13: Sub-Total | I13: =+SUM(H9:H12) -> 8200
C14: II. MATERIALES EN OBRA
C15: Descripcion | E15: Unidad | F15: Pecio-Unit. | G15: Cantidad | H15: Valor-Unit.
C16: Material de Relleno seleccionado (Incluye transporte) | E16: m3 | F16: 38150 | G16: 0.5 | H16: =+G16*F16 -> 19075
H17: =+G17*F17 -> 0
H18: =+G18*F18 -> 0
H19: =+G19*F19 -> 0
H20: =+G20*F20 -> 0
H21: =+G21*F21 -> 0
H22: Sub-Total | I22: =+SUM(H16:H21) -> 19075
C23: III. TRANSPORTES
C24: Trabajador | E24: Valor peso o Cant. | F24: Distancia | G24: M2-km | H24: Tarifa | I24: Valor-Unit.
I27: Sub-Total | J27: =+SUM(I25:I26) -> 0
C28: IV. MANO DE OBRA
C29: Descripcion | E29: Jornal | F29: Prestaciones | G29: Jornal Total | H29: Rendimientos | I29: Valor-Unit.
C30: Oficial | E30: 92196.56 | F30: 1.85 | G30: =+F30*E30 -> 170563.64 | H30: 18.376534 | I30: =+G30/H30 -> 9281.6
C31: Ayudante | E31: 57622.85 | F31: 1.85 | G31: =+F31*E31 -> 106602.27 | H31: =+H30 -> 18.376534 | I31: =+G31/H31 -> 5801
I34: Sub-Total | J34: =+SUM(I30:I33) -> 15082.6
C36: Total Costos Directos | J36: =+I13+I22+J27+J34 -> 42357.6
C40: NOMBRE DEL CONTRATISTA: | G40: FECHA:
C42: NOMBRE Y FIRMA DEL REPRESENTANTE LEGAL:

Sheet 7.9
C3: ESTADIO SAN MARTÍN DE LOBA
C5: DESCRIPCION: | D5: Relleno material sitio | H5: ITEM: | I5: 7.9
H6: UNIDAD: | I6: ml
C7: I. EQUIPO
C8: Descripcion | E8: Cantidad | F8: Tarifa/Hora | G8: Rendimiento | H8: Valor-Unit.
C9: Herramienta menor | E9: 1 | F9: 2000 | G9: 1 | H9: =+E9*F9/G9 -> 2000
C10: Retro-excavadora de neumáticos | E10: 1 | F10: 155000 | G10: 27.88 | H10: =+E10*F10/G10 -> 5559.5409
H13: Sub-Total | I13: =+SUM(H9:H12) -> 7559.5409
C14: II. MATERIALES EN OBRA
C15: Descripcion | E15: Unidad | F15: Pecio-Unit. | G15: Cantidad | H15: Valor-Unit.
C16: Material de Relleno seleccionado (Incluye transporte) | E16: m3 | F16: 38150 | G16: 0.25 | H16: =+G16*F16 -> 9537.5
H17: =+G17*F17 -> 0
H18: =+G18*F18 -> 0
H19: =+G19*F19 -> 0
H20: =+G20*F20 -> 0
H21: =+G21*F21 -> 0
H22: Sub-Total | I22: =+SUM(H16:H21) -> 9537.5
C23: III. TRANSPORTES
C24: Trabajador | E24: Valor peso o Cant. | F24: Distancia | G24: M2-km | H24: Tarifa | I24: Valor-Unit.
I27: Sub-Total | J27: =+SUM(I25:I26) -> 0
C28: IV. MANO DE OBRA
C29: Descripcion | E29: Jornal | F29: Prestaciones | G29: Jornal Total | H29: Rendimientos | I29: Valor-Unit.
C30: Oficial | E30: 92196.56 | F30: 1.85 | G30: =+F30*E30 -> 170563.64 | H30: 33.593591 | I30: =+G30/H30 -> 5077.2671
C31: Ayudante | E31: 57622.85 | F31: 1.85 | G31: =+F31*E31 -> 106602.27 | H31: =+H30 -> 33.593591 | I31: =+G31/H31 -> 3173.292
I34: Sub-Total | J34: =+SUM(I30:I33) -> 8250.5591
C36: Total Costos Directos | J36: =+I13+I22+J27+J34 -> 25347.6
C40: NOMBRE DEL CONTRATISTA: | G40: FECHA:
C42: NOMBRE Y FIRMA DEL REPRESENTANTE LEGAL:

Sheet 7.10
C3: ESTADIO SAN MARTÍN DE LOBA
C5: DESCRIPCION: | D5: Retiro de sobrantes En Obra | H5: ITEM: | I5: 7.10
H6: UNIDAD: | I6: ml
C7: I. EQUIPO
C8: Descripcion | E8: Cantidad | F8: Tarifa/Hora | G8: Rendimiento | H8: Valor-Unit.
C9: Herramienta menor | E9: 1 | F9: 1999.9996 | G9: 1 | H9: =+E9*F9/G9 -> 1999.9996
C10: Volqueta 6 M3 | E10: 1 | F10: 230000 | G10: 25.6 | H10: =+E10*F10/G10 -> 8984.375
C11: Retro-excavadora de neumáticos | E11: 1 | F11: 155000 | G11: 27.8 | H11: =+E11*F11/G11 -> 5575.5396
H13: Sub-Total | I13: =+SUM(H9:H12) -> 16559.914
C14: II. MATERIALES EN OBRA
C15: Descripcion | E15: Unidad | F15: Pecio-Unit. | G15: Cantidad | H15: Valor-Unit.
H16: =+G16*F16 -> 0
H17: =+G17*F17 -> 0
H18: =+G18*F18 -> 0
H19: =+G19*F19 -> 0
H20: =+G20*F20 -> 0
H21: =+G21*F21 -> 0
H22: Sub-Total | I22: =+SUM(H16:H21) -> 0
C23: III. TRANSPORTES
C24: Trabajador | E24: Valor peso o Cant. | F24: Distancia | G24: M2-km | H24: Tarifa | I24: Valor-Unit.
I27: Sub-Total | J27: =+SUM(I25:I26) -> 0
C28: IV. MANO DE OBRA
C29: Descripcion | E29: Jornal | F29: Prestaciones | G29: Jornal Total | H29: Rendimientos | I29: Valor-Unit.
C30: Oficial | E30: 92196.56 | F30: 1.85 | G30: =+F30*E30 -> 170563.64 | H30: 25.273673 | I30: =+G30/H30 -> 6748.6682
C31: Ayudante | E31: 57622.85 | F31: 1.85 | G31: =+F31*E31 -> 106602.27 | H31: =+H30 -> 25.273673 | I31: =+G31/H31 -> 4217.9176
I34: Sub-Total | J34: =+SUM(I30:I33) -> 10966.586
C36: Total Costos Directos | J36: =+I13+I22+J27+J34 -> 27526.5
C40: NOMBRE DEL CONTRATISTA: | G40: FECHA:
C42: NOMBRE Y FIRMA DEL REPRESENTANTE LEGAL:

Sheet 7.11
C3: ESTADIO SAN MARTÍN DE LOBA
C5: DESCRIPCION: | D5: Puntos desagües ø 2" en Muro | H5: ITEM: | I5: 7.11
H6: UNIDAD: | I6: pto
C7: I. EQUIPO
C8: Descripcion | E8: Cantidad | F8: Tarifa/Hora | G8: Rendimiento | H8: Valor-Unit.
C9: Herramienta menor | E9: 1 | F9: 1999.9998 | G9: 0.41914416 | H9: =+E9*F9/G9 -> 4771.6276
H13: Sub-Total | I13: =+SUM(H9:H12) -> 4771.6276
C14: II. MATERIALES EN OBRA
C15: Descripcion | E15: Unidad | F15: Pecio-Unit. | G15: Cantidad | H15: Valor-Unit.
C16: TUBERIA DESAGUE PVC-S 2" | E16: Und | F16: 65800 | G16: 1 | H16: =+G16*F16 -> 65800
H17: =+G17*F17 -> 0
H18: =+G18*F18 -> 0
H19: =+G19*F19 -> 0
H20: =+G20*F20 -> 0
H21: =+G21*F21 -> 0
H22: Sub-Total | I22: =+SUM(H16:H21) -> 65800
C23: III. TRANSPORTES
C24: Trabajador | E24: Valor peso o Cant. | F24: Distancia | G24: M2-km | H24: Tarifa | I24: Valor-Unit.
I27: Sub-Total | J27: =+SUM(I25:I26) -> 0
C28: IV. MANO DE OBRA
C29: Descripcion | E29: Jornal | F29: Prestaciones | G29: Jornal Total | H29: Rendimientos | I29: Valor-Unit.
C30: Oficial | E30: 92196.56 | F30: 1.85 | G30: =+F30*E30 -> 170563.64 | H30: 7.6196033 | I30: =+G30/H30 -> 22384.845
C31: Ayudante | E31: 57622.85 | F31: 1.85 | G31: =+F31*E31 -> 106602.27 | H31: =+H30 -> 7.6196033 | I31: =+G31/H31 -> 13990.528
I34: Sub-Total | J34: =+SUM(I30:I33) -> 36375.372
C36: Total Costos Directos | J36: =+I13+I22+J27+J34 -> 106947
C40: NOMBRE DEL CONTRATISTA: | G40: FECHA:
C42: NOMBRE Y FIRMA DEL REPRESENTANTE LEGAL:

Sheet 7.12
C3: ESTADIO SAN MARTÍN DE LOBA
C5: DESCRIPCION: | D5: Puntos desagües ø 2" en Piso | H5: ITEM: | I5: 7.12
H6: UNIDAD: | I6: pto
C7: I. EQUIPO
C8: Descripcion | E8: Cantidad | F8: Tarifa/Hora | G8: Rendimiento | H8: Valor-Unit.
C9: Herramienta menor | E9: 1 | F9: 2000 | G9: 0.41914416 | H9: =+E9*F9/G9 -> 4771.628
H13: Sub-Total | I13: =+SUM(H9:H12) -> 4771.628
C14: II. MATERIALES EN OBRA
C15: Descripcion | E15: Unidad | F15: Pecio-Unit. | G15: Cantidad | H15: Valor-Unit.
C16: TUBERIA DESAGUE PVC-S 2" | E16: Und | F16: 65800 | G16: 1 | H16: =+G16*F16 -> 65800
H17: =+G17*F17 -> 0
H18: =+G18*F18 -> 0
H19: =+G19*F19 -> 0
H20: =+G20*F20 -> 0
H21: =+G21*F21 -> 0
H22: Sub-Total | I22: =+SUM(H16:H21) -> 65800
C23: III. TRANSPORTES
C24: Trabajador | E24: Valor peso o Cant. | F24: Distancia | G24: M2-km | H24: Tarifa | I24: Valor-Unit.
I27: Sub-Total | J27: =+SUM(I25:I26) -> 0
C28: IV. MANO DE OBRA
C29: Descripcion | E29: Jornal | F29: Prestaciones | G29: Jornal Total | H29: Rendimientos | I29: Valor-Unit.
C30: Oficial | E30: 92196.56 | F30: 1.85 | G30: =+F30*E30 -> 170563.64 | H30: 8.2153728 | I30: =+G30/H30 -> 20761.521
C31: Ayudante | E31: 57622.85 | F31: 1.85 | G31: =+F31*E31 -> 106602.27 | H31: =+H30 -> 8.2153728 | I31: =+G31/H31 -> 12975.951
I34: Sub-Total | J34: =+SUM(I30:I33) -> 33737.472
C36: Total Costos Directos | J36: =+I13+I22+J27+J34 -> 104309.1
C40: NOMBRE DEL CONTRATISTA: | G40: FECHA:
C42: NOMBRE Y FIRMA DEL REPRESENTANTE LEGAL:

Sheet 7.13
C3: ESTADIO SAN MARTÍN DE LOBA
C5: DESCRIPCION: | D5: Rejilla metalica 2x3" Metalica | H5: ITEM: | I5: 7.13
H6: UNIDAD: | I6: und
C7: I. EQUIPO
C8: Descripcion | E8: Cantidad | F8: Tarifa/Hora | G8: Rendimiento | H8: Valor-Unit.
C9: Herramienta menor | E9: 1 | F9: 2000 | G9: 0.5 | H9: =+E9*F9/G9 -> 4000
H13: Sub-Total | I13: =+SUM(H9:H12) -> 4000
C14: II. MATERIALES EN OBRA
C15: Descripcion | E15: Unidad | F15: Pecio-Unit. | G15: Cantidad | H15: Valor-Unit.
C16: REJILLA METÁLICA 2" X 3" | E16: Und | F16: 42500 | G16: 1 | H16: =+G16*F16 -> 42500
C17: ANTICORROSIVO Y PINTURA | E17: global | F17: 3500 | G17: 1 | H17: =+G17*F17 -> 3500
C18: SOLDADURA / SOLDADURA DE PUNTO | E18: global | F18: 2200 | G18: 1 | H18: =+G18*F18 -> 2200
H19: =+G19*F19 -> 0
H20: =+G20*F20 -> 0
H21: =+G21*F21 -> 0
H22: Sub-Total | I22: =+SUM(H16:H21) -> 48200
C23: III. TRANSPORTES
C24: Trabajador | E24: Valor peso o Cant. | F24: Distancia | G24: M2-km | H24: Tarifa | I24: Valor-Unit.
I27: Sub-Total | J27: =+SUM(I25:I26) -> 0
C28: IV. MANO DE OBRA
C29: Descripcion | E29: Jornal | F29: Prestaciones | G29: Jornal Total | H29: Rendimientos | I29: Valor-Unit.
C30: Oficial | E30: 92196.56 | F30: 1.85 | G30: =+F30*E30 -> 170563.64 | H30: 9.3510765 | I30: =+G30/H30 -> 18240
C31: Ayudante | E31: 57622.85 | F31: 1.85 | G31: =+F31*E31 -> 106602.27 | H31: =+H30 -> 9.3510765 | I31: =+G31/H31 -> 11400
I34: Sub-Total | J34: =+SUM(I30:I33) -> 29640
C36: Total Costos Directos | J36: =+I13+I22+J27+J34 -> 81840
C40: NOMBRE DEL CONTRATISTA: | G40: FECHA:
C42: NOMBRE Y FIRMA DEL REPRESENTANTE LEGAL:

Sheet 7.14
C3: ESTADIO SAN MARTÍN DE LOBA
C5: DESCRIPCION: | D5: Puntos desagües ø 4" | H5: ITEM: | I5: 7.14
H6: UNIDAD: | I6: pto
C7: I. EQUIPO
C8: Descripcion | E8: Cantidad | F8: Tarifa/Hora | G8: Rendimiento | H8: Valor-Unit.
C9: Herramienta menor | E9: 1 | F9: 2000 | G9: 0.30537755 | H9: =+E9*F9/G9 -> 6549.27
H13: Sub-Total | I13: =+SUM(H9:H12) -> 6549.27
C14: II. MATERIALES EN OBRA
C15: Descripcion | E15: Unidad | F15: Pecio-Unit. | G15: Cantidad | H15: Valor-Unit.
C16: TUBERIA DESAGUE SANITARIO PVC-S 4" | E16: Und | F16: 91689.772 | G16: 1 | H16: =+G16*F16 -> 91689.772
H17: =+G17*F17 -> 0
H18: =+G18*F18 -> 0
H19: =+G19*F19 -> 0
H20: =+G20*F20 -> 0
H21: =+G21*F21 -> 0
H22: Sub-Total | I22: =+SUM(H16:H21) -> 91689.772
C23: III. TRANSPORTES
C24: Trabajador | E24: Valor peso o Cant. | F24: Distancia | G24: M2-km | H24: Tarifa | I24: Valor-Unit.
I27: Sub-Total | J27: =+SUM(I25:I26) -> 0
C28: IV. MANO DE OBRA
C29: Descripcion | E29: Jornal | F29: Prestaciones | G29: Jornal Total | H29: Rendimientos | I29: Valor-Unit.
C30: Oficial | E30: 92196.56 | F30: 1.85 | G30: =+F30*E30 -> 170563.64 | H30: 7.4591465 | I30: =+G30/H30 -> 22866.374
C31: Ayudante | E31: 57622.85 | F31: 1.85 | G31: =+F31*E31 -> 106602.27 | H31: =+H30 -> 7.4591465 | I31: =+G31/H31 -> 14291.484
I34: Sub-Total | J34: =+SUM(I30:I33) -> 37157.858
C36: Total Costos Directos | J36: =+I13+I22+J27+J34 -> 135396.9
C40: NOMBRE DEL CONTRATISTA: | G40: FECHA:
C42: NOMBRE Y FIRMA DEL REPRESENTANTE LEGAL:

Sheet 7.15
C3: ESTADIO SAN MARTÍN DE LOBA
C5: DESCRIPCION: | D5: Puntos ventilación | H5: ITEM: | I5: 7.15
H6: UNIDAD: | I6: pto
C7: I. EQUIPO
C8: Descripcion | E8: Cantidad | F8: Tarifa/Hora | G8: Rendimiento | H8: Valor-Unit.
C9: Herramienta menor | E9: 1 | F9: 2000 | G9: 0.52914167 | H9: =+E9*F9/G9 -> 3779.7061
H13: Sub-Total | I13: =+SUM(H9:H12) -> 3779.7061
C14: II. MATERIALES EN OBRA
C15: Descripcion | E15: Unidad | F15: Pecio-Unit. | G15: Cantidad | H15: Valor-Unit.
C16: Ventilación | E16: Pto | F16: 71990 | G16: 1 | H16: =+G16*F16 -> 71990
H17: =+G17*F17 -> 0
H18: =+G18*F18 -> 0
H19: =+G19*F19 -> 0
H20: =+G20*F20 -> 0
H21: =+G21*F21 -> 0
H22: Sub-Total | I22: =+SUM(H16:H21) -> 71990
C23: III. TRANSPORTES
C24: Trabajador | E24: Valor peso o Cant. | F24: Distancia | G24: M2-km | H24: Tarifa | I24: Valor-Unit.
I27: Sub-Total | J27: =+SUM(I25:I26) -> 0
C28: IV. MANO DE OBRA
C29: Descripcion | E29: Jornal | F29: Prestaciones | G29: Jornal Total | H29: Rendimientos | I29: Valor-Unit.
C30: Oficial | E30: 92196.56 | F30: 1.85 | G30: =+F30*E30 -> 170563.64 | H30: 38.152193 | I30: =+G30/H30 -> 4470.6116
C31: Ayudante | E31: 57622.85 | F31: 1.85 | G31: =+F31*E31 -> 106602.27 | H31: =+H30 -> 38.152193 | I31: =+G31/H31 -> 2794.1323
I34: Sub-Total | J34: =+SUM(I30:I33) -> 7264.7439
C36: Total Costos Directos | J36: =+I13+I22+J27+J34 -> 83034.45
C40: NOMBRE DEL CONTRATISTA: | G40: FECHA:
C42: NOMBRE Y FIRMA DEL REPRESENTANTE LEGAL:

Sheet 7.16
C3: ESTADIO SAN MARTÍN DE LOBA
C5: DESCRIPCION: | D5: Tubería Colectores Enterrados De ø 2" PVC-Sanitaria | H5: ITEM: | I5: 7.16
H6: UNIDAD: | I6: ml
C7: I. EQUIPO
C8: Descripcion | E8: Cantidad | F8: Tarifa/Hora | G8: Rendimiento | H8: Valor-Unit.
C9: Herramienta menor | E9: 1 | F9: 2000 | G9: 1.0862181 | H9: =+E9*F9/G9 -> 1841.2509
H13: Sub-Total | I13: =+SUM(H9:H12) -> 1841.2509
C14: II. MATERIALES EN OBRA
C15: Descripcion | E15: Unidad | F15: Pecio-Unit. | G15: Cantidad | H15: Valor-Unit.
C16: TUBERIA DESAGUE PVC-S 2 | E16: Und | F16: 25800 | G16: 1 | H16: =+G16*F16 -> 25800
C17: ACCESORIOS SANITARIOS 2" | E17: Und | F17: 7600 | G17: 1 | H17: =+G17*F17 -> 7600
H18: =+G18*F18 -> 0
H19: =+G19*F19 -> 0
H20: =+G20*F20 -> 0
H21: =+G21*F21 -> 0
H22: Sub-Total | I22: =+SUM(H16:H21) -> 33400
C23: III. TRANSPORTES
C24: Trabajador | E24: Valor peso o Cant. | F24: Distancia | G24: M2-km | H24: Tarifa | I24: Valor-Unit.
I27: Sub-Total | J27: =+SUM(I25:I26) -> 0
C28: IV. MANO DE OBRA
C29: Descripcion | E29: Jornal | F29: Prestaciones | G29: Jornal Total | H29: Rendimientos | I29: Valor-Unit.
C30: Oficial | E30: 92196.56 | F30: 1.85 | G30: =+F30*E30 -> 170563.64 | H30: 55.333591 | I30: =+G30/H30 -> 3082.461
C31: Ayudante | E31: 57622.85 | F31: 1.85 | G31: =+F31*E31 -> 106602.27 | H31: =+H30 -> 55.333591 | I31: =+G31/H31 -> 1926.5381
I34: Sub-Total | J34: =+SUM(I30:I33) -> 5008.9991
C36: Total Costos Directos | J36: =+I13+I22+J27+J34 -> 40250.25
C40: NOMBRE DEL CONTRATISTA: | G40: FECHA:
C42: NOMBRE Y FIRMA DEL REPRESENTANTE LEGAL:

Sheet 7.17
C3: ESTADIO SAN MARTÍN DE LOBA
C5: DESCRIPCION: | D5: Tubería Colectores Enterrados De ø 4" PVC-Sanitaria | H5: ITEM: | I5: 7.17
H6: UNIDAD: | I6: ml
C7: I. EQUIPO
C8: Descripcion | E8: Cantidad | F8: Tarifa/Hora | G8: Rendimiento | H8: Valor-Unit.
C9: Herramienta menor | E9: 1 | F9: 2000 | G9: 0.60313777 | H9: =+E9*F9/G9 -> 3315.992
H13: Sub-Total | I13: =+SUM(H9:H12) -> 3315.992
C14: II. MATERIALES EN OBRA
C15: Descripcion | E15: Unidad | F15: Pecio-Unit. | G15: Cantidad | H15: Valor-Unit.
C16: TUBERIA DESAGUE SANITARIO PVC-S 4" | E16: Und | F16: 46423.883 | G16: 1 | H16: =+G16*F16 -> 46423.883
C17: ACCESORIOS 4" SANITARIOS | E17: Und | F17: 8600 | G17: 1 | H17: =+G17*F17 -> 8600
H19: =+G19*F19 -> 0
H20: =+G20*F20 -> 0
H21: =+G21*F21 -> 0
H22: Sub-Total | I22: =+SUM(H16:H21) -> 55023.883
C23: III. TRANSPORTES
C24: Trabajador | E24: Valor peso o Cant. | F24: Distancia | G24: M2-km | H24: Tarifa | I24: Valor-Unit.
I27: Sub-Total | J27: =+SUM(I25:I26) -> 0
C28: IV. MANO DE OBRA
C29: Descripcion | E29: Jornal | F29: Prestaciones | G29: Jornal Total | H29: Rendimientos | I29: Valor-Unit.
C30: Oficial | E30: 92196.56 | F30: 1.85 | G30: =+F30*E30 -> 170563.64 | H30: 19.105042 | I30: =+G30/H30 -> 8927.6768
C31: Ayudante | E31: 57622.85 | F31: 1.85 | G31: =+F31*E31 -> 106602.27 | H31: =+H30 -> 19.105042 | I31: =+G31/H31 -> 5579.798
I34: Sub-Total | J34: =+SUM(I30:I33) -> 14507.475
C36: Total Costos Directos | J36: =+I13+I22+J27+J34 -> 72847.35
C40: NOMBRE DEL CONTRATISTA: | G40: FECHA:
C42: NOMBRE Y FIRMA DEL REPRESENTANTE LEGAL:

Sheet 7.18
C3: ESTADIO SAN MARTÍN DE LOBA
C5: DESCRIPCION: | D5: Tubería Colectores De ø 2" PVC-Ventilación | H5: ITEM: | I5: 7.18
H6: UNIDAD: | I6: ml
C7: I. EQUIPO
C8: Descripcion | E8: Cantidad | F8: Tarifa/Hora | G8: Rendimiento | H8: Valor-Unit.
C9: Herramienta menor | E9: 1 | F9: 2000 | G9: 1.1670484 | H9: =+E9*F9/G9 -> 1713.725
H13: Sub-Total | I13: =+SUM(H9:H12) -> 1713.725
C14: II. MATERIALES EN OBRA
C15: Descripcion | E15: Unidad | F15: Pecio-Unit. | G15: Cantidad | H15: Valor-Unit.
C16: Tubería Colectores De ø 2" PVC-Ventilación | E16: Und | F16: 32550 | G16: 1 | H16: =+G16*F16 -> 32550
H17: =+G17*F17 -> 0
H18: =+G18*F18 -> 0
H19: =+G19*F19 -> 0
H20: =+G20*F20 -> 0
H21: =+G21*F21 -> 0
H22: Sub-Total | I22: =+SUM(H16:H21) -> 32550
C23: III. TRANSPORTES
C24: Trabajador | E24: Valor peso o Cant. | F24: Distancia | G24: M2-km | H24: Tarifa | I24: Valor-Unit.
I27: Sub-Total | J27: =+SUM(I25:I26) -> 0
C28: IV. MANO DE OBRA
C29: Descripcion | E29: Jornal | F29: Prestaciones | G29: Jornal Total | H29: Rendimientos | I29: Valor-Unit.
C30: Oficial | E30: 92196.56 | F30: 1.85 | G30: =+F30*E30 -> 170563.64 | H30: 86.647517 | I30: =+G30/H30 -> 1968.4769
C31: Ayudante | E31: 57622.85 | F31: 1.85 | G31: =+F31*E31 -> 106602.27 | H31: =+H30 -> 86.647517 | I31: =+G31/H31 -> 1230.2981
I34: Sub-Total | J34: =+SUM(I30:I33) -> 3198.775
C36: Total Costos Directos | J36: =+I13+I22+J27+J34 -> 37462.5
C40: NOMBRE DEL CONTRATISTA: | G40: FECHA:
C42: NOMBRE Y FIRMA DEL REPRESENTANTE LEGAL:

Sheet 7.19
C3: ESTADIO SAN MARTÍN DE LOBA
C5: DESCRIPCION: | D5: Cajas de Inspección De 0.60×0.60 mts. | H5: ITEM: | I5: 7.19
H6: UNIDAD: | I6: und
C7: I. EQUIPO
C8: Descripcion | E8: Cantidad | F8: Tarifa/Hora | G8: Rendimiento | H8: Valor-Unit.
C9: Herramienta menor | E9: 1 | F9: 2000 | G9: 0.086171663 | H9: =+E9*F9/G9 -> 23209.486
H13: Sub-Total | I13: =+SUM(H9:H12) -> 23209.486
C14: II. MATERIALES EN OBRA
C15: Descripcion | E15: Unidad | F15: Pecio-Unit. | G15: Cantidad | H15: Valor-Unit.
C16: Agua | E16: Lt | F16: 120 | G16: 74.51136 | H16: =+G16*F16 -> 8941.3632
C17: Arena lavada | E17: m3 | F17: 75000 | G17: 0.23181312 | H17: =+G17*F17 -> 17385.984
C18: Triturado | E18: m3 | F18: 135000 | G18: 0.34771968 | H18: =+G18*F18 -> 46942.157
C19: Cemento Gris | E19: Kg | F19: 700 | G19: 144.8832 | H19: =+G19*F19 -> 101418.24
C20: Acero refuerzo 60000 psi | E20: Kg | F20: 4800 | G20: 31.0464 | H20: =+G20*F20 -> 149022.72
C21: Alambre | E21: Kg | F21: 7200 | G21: 0.931392
C22: REVOQUE
C23: Aditivo impermeabilizante | E23: kg | F23: 12000 | G23: 2.97472 | H23: =+G23*F23 -> 35696.64
C24: Arena lavada | E24: m3 | F24: 75000 | G24: 0.0831488 | H24: =+G24*F24 -> 6236.16
C25: Cemento Gris | E25: Kg | F25: 700 | G25: 26.09152 | H25: =+G25*F25 -> 18264.064
C26: Agua | E26: Lt | F26: 120 | G26: 17.2032 | H26: =+G26*F26 -> 2064.384
H27: =+G27*F27 -> 0
H28: Sub-Total | I28: =+SUM(H16:H27) -> 385971.71
C29: III. TRANSPORTES
C30: Trabajador | E30: Valor peso o Cant. | F30: Distancia | G30: M2-km | H30: Tarifa | I30: Valor-Unit.
I33: Sub-Total | J33: =+SUM(I31:I32) -> 0
C34: IV. MANO DE OBRA
C35: Descripcion | E35: Jornal | F35: Prestaciones | G35: Jornal Total | H35: Rendimientos | I35: Valor-Unit.
C36: Oficial | E36: 92196.56 | F36: 1.85 | G36: =+F36*E36 -> 170563.64 | H36: 2.7524948 | I36: =+G36/H36 -> 61966.924
C37: Ayudante | E37: 57622.85 | F37: 1.85 | G37: =+F37*E37 -> 106602.27 | H37: =+H36 -> 2.7524948 | I37: =+G37/H37 -> 38729.328
I40: Sub-Total | J40: =+SUM(I36:I39) -> 100696.25
C42: Total Costos Directos | J42: =+I13+I28+J33+J40 -> 509877.45
C46: NOMBRE DEL CONTRATISTA: | G46: FECHA:
C48: NOMBRE Y FIRMA DEL REPRESENTANTE LEGAL:

Sheet 7.20
C3: ESTADIO SAN MARTÍN DE LOBA
C5: DESCRIPCION: | D5: Cajas de Inspección De 0.80×0.80 mts. | H5: ITEM: | I5: 7.20
H6: UNIDAD: | I6: und
C7: I. EQUIPO
C8: Descripcion | E8: Cantidad | F8: Tarifa/Hora | G8: Rendimiento | H8: Valor-Unit.
C9: Herramienta menor | E9: 1 | F9: 2000 | G9: 0.061722348 | H9: =+E9*F9/G9 -> 32403.174
H13: Sub-Total | I13: =+SUM(H9:H12) -> 32403.174
C14: II. MATERIALES EN OBRA
C15: Descripcion | E15: Unidad | F15: Pecio-Unit. | G15: Cantidad | H15: Valor-Unit.
C16: Agua | E16: Lt | F16: 120 | G16: 130.056 | H16: =+G16*F16 -> 15606.72
C17: Arena Lavada | E17: m3 | F17: 75000 | G17: 0.413952 | H17: =+G17*F17 -> 31046.4
C18: Triturado | E18: m3 | F18: 135000 | G18: 0.620928 | H18: =+G18*F18 -> 83825.28
C19: Cemento gris | E19: Kg | F19: 700 | G19: 230.72 | H19: =+G19*F19 -> 161504
C20: Acero de refuerzo 6000PSI | E20: Kg | F20: 4800 | G20: 50.44 | H20: =+G20*F20 -> 242112
C21: Alambre | E21: Kg | F21: 7200 | G21: 1.5632 | H21: =+G21*F21 -> 11255.04
C22: Revoque
C23: Aditivo impermeabilizante | E23: kg | F23: 12000 | G23: 1.312 | H23: =+G23*F23 -> 15744
C24: Arena Lavada | E24: m3 | F24: 75000 | G24: 0.14848 | H24: =+G24*F24 -> 11136
C25: Cemento gris | E25: Kg | F25: 700 | G25: 46.592 | H25: =+G25*F25 -> 32614.4
C26: Agua | E26: Lt | F26: 120 | G26: 30.72 | H26: =+G26*F26 -> 3686.4
H27: Sub-Total | I27: =+SUM(H16:H26) -> 608530.24
C28: III. TRANSPORTES
C29: Trabajador | E29: Valor peso o Cant. | F29: Distancia | G29: M2-km | H29: Tarifa | I29: Valor-Unit.
I32: Sub-Total | J32: =+SUM(I30:I31) -> 0
C33: IV. MANO DE OBRA
C34: Descripcion | E34: Jornal | F34: Prestaciones | G34: Jornal Total | H34: Rendimientos | I34: Valor-Unit.
C35: Oficial | E35: 92196.56 | F35: 1.85 | G35: =+F35*E35 -> 170563.64 | H35: 4.1117118 | I35: =+G35/H35 -> 41482.391
C36: Ayudante | E36: 57622.85 | F36: 1.85 | G36: =+F36*E36 -> 106602.27 | H36: =+H35 -> 4.1117118 | I36: =+G36/H36 -> 25926.494
I39: Sub-Total | J39: =+SUM(I35:I38) -> 67408.886
C41: Total Costos Directos | J41: =+I13+I27+J32+J39 -> 708342.3
C45: NOMBRE DEL CONTRATISTA: | G45: FECHA:
C47: NOMBRE Y FIRMA DEL REPRESENTANTE LEGAL:

Sheet 7.21
C3: ESTADIO SAN MARTÍN DE LOBA
C5: DESCRIPCION: | D5: Excavación | H5: ITEM: | I5: 7.21
H6: UNIDAD: | I6: ml
C7: I. EQUIPO
C8: Descripcion | E8: Cantidad | F8: Tarifa/Hora | G8: Rendimiento | H8: Valor-Unit.
C9: Herramienta menor | E9: 1 | F9: 2000 | G9: 0.3 | H9: =+E9*F9/G9 -> 6666.6667
C10: Retro-excavadora de neumáticos | E10: 1 | F10: 155000 | G10: 10.5 | H10: =+E10*F10/G10 -> 14761.905
H13: Sub-Total | I13: =+SUM(H9:H12) -> 21428.571
C14: II. MATERIALES EN OBRA
C15: Descripcion | E15: Unidad | F15: Pecio-Unit. | G15: Cantidad | H15: Valor-Unit.
H16: =+G16*F16 -> 0
H17: =+G17*F17 -> 0
H18: =+G18*F18 -> 0
H19: =+G19*F19 -> 0
H20: =+G20*F20 -> 0
H21: =+G21*F21 -> 0
H22: Sub-Total | I22: =+SUM(H16:H21) -> 0
C23: III. TRANSPORTES
C24: Trabajador | E24: Valor peso o Cant. | F24: Distancia | G24: M2-km | H24: Tarifa | I24: Valor-Unit.
I27: Sub-Total | J27: =+SUM(I25:I26) -> 0
C28: IV. MANO DE OBRA
C29: Descripcion | E29: Jornal | F29: Prestaciones | G29: Jornal Total | H29: Rendimientos | I29: Valor-Unit.
C30: Oficial | E30: 92196.56 | F30: 1.85 | G30: =+F30*E30 -> 170563.64 | H30: 158.78623 | I30: =+G30/H30 -> 1074.1714
C31: Ayudante | E31: 57622.85 | F31: 1.85 | G31: =+F31*E31 -> 106602.27 | H31: =+H30 -> 158.78623 | I31: =+G31/H31 -> 671.35715
I34: Sub-Total | J34: =+SUM(I30:I33) -> 1745.5286
C36: Total Costos Directos | J36: =+I13+I22+J27+J34 -> 23174.1
C40: NOMBRE DEL CONTRATISTA: | G40: FECHA:
C42: NOMBRE Y FIRMA DEL REPRESENTANTE LEGAL:

Sheet 7.22
C3: ESTADIO SAN MARTÍN DE LOBA
C5: DESCRIPCION: | D5: Relleno material sitio | H5: ITEM: | I5: 7.22
H6: UNIDAD: | I6: ml
C7: I. EQUIPO
C8: Descripcion | E8: Cantidad | F8: Tarifa/Hora | G8: Rendimiento | H8: Valor-Unit.
C9: Herramienta menor | E9: 1 | F9: 2000 | G9: 1.0530671 | H9: =+E9*F9/G9 -> 1899.2142
H13: Sub-Total | I13: =+SUM(H9:H12) -> 1899.2142
C14: II. MATERIALES EN OBRA
C15: Descripcion | E15: Unidad | F15: Pecio-Unit. | G15: Cantidad | H15: Valor-Unit.
C16: =+D5 -> Relleno material sitio | E16: m3 | F16: 79500 | G16: 0.33445281 | H16: =+G16*F16 -> 26588.999
H17: =+G17*F17 -> 0
H18: =+G18*F18 -> 0
H19: =+G19*F19 -> 0
H20: =+G20*F20 -> 0
H21: =+G21*F21 -> 0
H22: Sub-Total | I22: =+SUM(H16:H21) -> 26588.999
C23: III. TRANSPORTES
C24: Trabajador | E24: Valor peso o Cant. | F24: Distancia | G24: M2-km | H24: Tarifa | I24: Valor-Unit.
I27: Sub-Total | J27: =+SUM(I25:I26) -> 0
C28: IV. MANO DE OBRA
C29: Descripcion | E29: Jornal | F29: Prestaciones | G29: Jornal Total | H29: Rendimientos | I29: Valor-Unit.
C30: Oficial | E30: 92196.56 | F30: 1.85 | G30: =+F30*E30 -> 170563.64 | H30: 19.984005 | I30: =+G30/H30 -> 8535.0075
C31: Ayudante | E31: 57622.85 | F31: 1.85 | G31: =+F31*E31 -> 106602.27 | H31: =+H30 -> 19.984005 | I31: =+G31/H31 -> 5334.3797
I34: Sub-Total | J34: =+SUM(I30:I33) -> 13869.387
C36: Total Costos Directos | J36: =+I13+I22+J27+J34 -> 42357.6
C40: NOMBRE DEL CONTRATISTA: | G40: FECHA:
C42: NOMBRE Y FIRMA DEL REPRESENTANTE LEGAL:

Sheet 7.23
C3: ESTADIO SAN MARTÍN DE LOBA
C5: DESCRIPCION: | D5: Relleno material sitio | H5: ITEM: | I5: 7.23
H6: UNIDAD: | I6: ml
C7: I. EQUIPO
C8: Descripcion | E8: Cantidad | F8: Tarifa/Hora | G8: Rendimiento | H8: Valor-Unit.
C9: Herramienta menor | E9: 1 | F9: 2000 | G9: 1.0530671 | H9: =+E9*F9/G9 -> 1899.2142
C10: Minicargador | E10: 1 | F10: =200000/8 -> 25000 | G10: 2.2275157 | H10: =+E10*F10/G10 -> 11223.266
H13: Sub-Total | I13: =+SUM(H9:H12) -> 13122.48
C14: II. MATERIALES EN OBRA
C15: Descripcion | E15: Unidad | F15: Pecio-Unit. | G15: Cantidad | H15: Valor-Unit.
H16: =+G16*F16 -> 0
H17: =+G17*F17 -> 0
H18: =+G18*F18 -> 0
H19: =+G19*F19 -> 0
H20: =+G20*F20 -> 0
H21: =+G21*F21 -> 0
H22: Sub-Total | I22: =+SUM(H16:H21) -> 0
C23: III. TRANSPORTES
C24: Trabajador | E24: Valor peso o Cant. | F24: Distancia | G24: M2-km | H24: Tarifa | I24: Valor-Unit.
I27: Sub-Total | J27: =+SUM(I25:I26) -> 0
C28: IV. MANO DE OBRA
C29: Descripcion | E29: Jornal | F29: Prestaciones | G29: Jornal Total | H29: Rendimientos | I29: Valor-Unit.
C30: Oficial | E30: 92196.56 | F30: 1.85 | G30: =+F30*E30 -> 170563.64 | H30: 22.671835 | I30: =+G30/H30 -> 7523.1509
C31: Ayudante | E31: 57622.85 | F31: 1.85 | G31: =+F31*E31 -> 106602.27 | H31: =+H30 -> 22.671835 | I31: =+G31/H31 -> 4701.9693
I34: Sub-Total | J34: =+SUM(I30:I33) -> 12225.12
C36: Total Costos Directos | J36: =+I13+I22+J27+J34 -> 25347.6
C40: NOMBRE DEL CONTRATISTA: | G40: FECHA:
C42: NOMBRE Y FIRMA DEL REPRESENTANTE LEGAL:

Sheet 7.24
C3: ESTADIO SAN MARTÍN DE LOBA
C5: DESCRIPCION: | D5: Retiro de sobrantes | H5: ITEM: | I5: 7.24
H6: UNIDAD: | I6: ml
C7: I. EQUIPO
C8: Descripcion | E8: Cantidad | F8: Tarifa/Hora | G8: Rendimiento | H8: Valor-Unit.
C9: Herramienta menor | E9: 1 | F9: 1999.9996 | G9: 1.0530671 | H9: =+E9*F9/G9 -> 1899.2138
C10: Volqueta | E10: 1 | F10: =200000/8 -> 25000 | G10: 2.2275157 | H10: =+E10*F10/G10 -> 11223.266
H13: Sub-Total | I13: =+SUM(H9:H12) -> 13122.479
C14: II. MATERIALES EN OBRA
C15: Descripcion | E15: Unidad | F15: Pecio-Unit. | G15: Cantidad | H15: Valor-Unit.
H16: =+G16*F16 -> 0
H17: =+G17*F17 -> 0
H18: =+G18*F18 -> 0
H19: =+G19*F19 -> 0
H20: =+G20*F20 -> 0
H21: =+G21*F21 -> 0
H22: Sub-Total | I22: =+SUM(H16:H21) -> 0
C23: III. TRANSPORTES
C24: Trabajador | E24: Valor peso o Cant. | F24: Distancia | G24: M2-km | H24: Tarifa | I24: Valor-Unit.
I27: Sub-Total | J27: =+SUM(I25:I26) -> 0
C28: IV. MANO DE OBRA
C29: Descripcion | E29: Jornal | F29: Prestaciones | G29: Jornal Total | H29: Rendimientos | I29: Valor-Unit.
C30: Oficial | E30: 92196.56 | F30: 1.85 | G30: =+F30*E30 -> 170563.64 | H30: 19.24226 | I30: =+G30/H30 -> 8864.0127
C31: Ayudante | E31: 57622.85 | F31: 1.85 | G31: =+F31*E31 -> 106602.27 | H31: =+H30 -> 19.24226 | I31: =+G31/H31 -> 5540.008
I34: Sub-Total | J34: =+SUM(I30:I33) -> 14404.021
C36: Total Costos Directos | J36: =+I13+I22+J27+J34 -> 27526.5
C40: NOMBRE DEL CONTRATISTA: | G40: FECHA:
C42: NOMBRE Y FIRMA DEL REPRESENTANTE LEGAL:

Sheet 7.25
C3: ESTADIO SAN MARTÍN DE LOBA
C5: DESCRIPCION: | D5: Puntos hidráulicos Ø 1/2" | H5: ITEM: | I5: 7.25
H6: UNIDAD: | I6: pto
C7: I. EQUIPO
C8: Descripcion | E8: Cantidad | F8: Tarifa/Hora | G8: Rendimiento | H8: Valor-Unit.
C9: Herramienta menor | E9: 1 | F9: 2000 | G9: 0.47827882 | H9: =+E9*F9/G9 -> 4181.6613
H13: Sub-Total | I13: =+SUM(H9:H12) -> 4181.6613
C14: II. MATERIALES EN OBRA
C15: Descripcion | E15: Unidad | F15: Pecio-Unit. | G15: Cantidad | H15: Valor-Unit.
C16: ACCESORIOS DE 1/2" | E16: Und | F16: 1500 | G16: 20 | H16: =+G16*F16 -> 30000
H17: =+G17*F17 -> 0
H18: =+G18*F18 -> 0
H19: =+G19*F19 -> 0
H20: =+G20*F20 -> 0
H21: =+G21*F21 -> 0
H22: Sub-Total | I22: =+SUM(H16:H21) -> 30000
C23: III. TRANSPORTES
C24: Trabajador | E24: Valor peso o Cant. | F24: Distancia | G24: M2-km | H24: Tarifa | I24: Valor-Unit.
I27: Sub-Total | J27: =+SUM(I25:I26) -> 0
C28: IV. MANO DE OBRA
C29: Descripcion | E29: Jornal | F29: Prestaciones | G29: Jornal Total | H29: Rendimientos | I29: Valor-Unit.
C30: Oficial | E30: 92196.56 | F30: 1.85 | G30: =+F30*E30 -> 170563.64 | H30: 4.8049727 | I30: =+G30/H30 -> 35497.316
C31: Ayudante | E31: 57622.85 | F31: 1.85 | G31: =+F31*E31 -> 106602.27 | H31: =+H30 -> 4.8049727 | I31: =+G31/H31 -> 22185.823
I34: Sub-Total | J34: =+SUM(I30:I33) -> 57683.139
C36: Total Costos Directos | J36: =+I13+I22+J27+J34 -> 91864.8
C40: NOMBRE DEL CONTRATISTA: | G40: FECHA:
C42: NOMBRE Y FIRMA DEL REPRESENTANTE LEGAL:

Sheet 7.26
C3: ESTADIO SAN MARTÍN DE LOBA
C5: DESCRIPCION: | D5: Punto medidor Ø 1" | H5: ITEM: | I5: 7.26
H6: UNIDAD: | I6: pto
C7: I. EQUIPO
C8: Descripcion | E8: Cantidad | F8: Tarifa/Hora | G8: Rendimiento | H8: Valor-Unit.
C9: Herramienta menor | E9: 1 | F9: 2000 | G9: 0.2420484 | H9: =+E9*F9/G9 -> 8262.8101
H13: Sub-Total | I13: =+SUM(H9:H12) -> 8262.8101
C14: II. MATERIALES EN OBRA
C15: Descripcion | E15: Unidad | F15: Pecio-Unit. | G15: Cantidad | H15: Valor-Unit.
C16: ACCESORIOS VARIOS | E16: GLB | F16: 45000 | G16: 1 | H16: =+G16*F16 -> 45000
H17: =+G17*F17 -> 0
H18: =+G18*F18 -> 0
H19: =+G19*F19 -> 0
H20: =+G20*F20 -> 0
H21: =+G21*F21 -> 0
H22: Sub-Total | I22: =+SUM(H16:H21) -> 45000
C23: III. TRANSPORTES
C24: Trabajador | E24: Valor peso o Cant. | F24: Distancia | G24: M2-km | H24: Tarifa | I24: Valor-Unit.
I27: Sub-Total | J27: =+SUM(I25:I26) -> 0
C28: IV. MANO DE OBRA
C29: Descripcion | E29: Jornal | F29: Prestaciones | G29: Jornal Total | H29: Rendimientos | I29: Valor-Unit.
C30: Oficial | E30: 92196.56 | F30: 1.85 | G30: =+F30*E30 -> 170563.64 | H30: 2.1761631 | I30: =+G30/H30 -> 78378.148
C31: Ayudante | E31: 57622.85 | F31: 1.85 | G31: =+F31*E31 -> 106602.27 | H31: =+H30 -> 2.1761631 | I31: =+G31/H31 -> 48986.342
I34: Sub-Total | J34: =+SUM(I30:I33) -> 127364.49
C36: Total Costos Directos | J36: =+I13+I22+J27+J34 -> 180627.3
C40: NOMBRE DEL CONTRATISTA: | G40: FECHA:
C42: NOMBRE Y FIRMA DEL REPRESENTANTE LEGAL:

Sheet 7.27
C3: ESTADIO SAN MARTÍN DE LOBA
C5: DESCRIPCION: | D5: Tubería PVC presión RDE 9 - 21 De ø 1/2" | H5: ITEM: | I5: 7.27
H6: UNIDAD: | I6: ml
C7: I. EQUIPO
C8: Descripcion | E8: Cantidad | F8: Tarifa/Hora | G8: Rendimiento | H8: Valor-Unit.
C9: Herramienta menor | E9: 1 | F9: 2000 | G9: 2.5638819 | H9: =+E9*F9/G9 -> 780.06713
H13: Sub-Total | I13: =+SUM(H9:H12) -> 780.06713
C14: II. MATERIALES EN OBRA
C15: Descripcion | E15: Unidad | F15: Pecio-Unit. | G15: Cantidad | H15: Valor-Unit.
C16: TUBERIA PVC-P RDE-9 1/2" | E16: UND | F16: 15600 | G16: 0.2 | H16: =+G16*F16 -> 3120
C17: ACCESORIOS DE 1/2" | E17: UND | F17: 1500 | G17: 0.5 | H17: =+G17*F17 -> 750
C18: PEGANTE PVC 1/8 GL | E18: UND | F18: 52600 | G18: 0.02 | H18: =+G18*F18 -> 1052
H19: =+G19*F19 -> 0
H20: =+G20*F20 -> 0
H21: =+G21*F21 -> 0
H22: Sub-Total | I22: =+SUM(H16:H21) -> 4922
C23: III. TRANSPORTES
C24: Trabajador | E24: Valor peso o Cant. | F24: Distancia | G24: M2-km | H24: Tarifa | I24: Valor-Unit.
I27: Sub-Total | J27: =+SUM(I25:I26) -> 0
C28: IV. MANO DE OBRA
C29: Descripcion | E29: Jornal | F29: Prestaciones | G29: Jornal Total | H29: Rendimientos | I29: Valor-Unit.
C30: Oficial | E30: 92196.56 | F30: 1.85 | G30: =+F30*E30 -> 170563.64 | H30: 24.238737 | I30: =+G30/H30 -> 7036.8202
C31: Ayudante | E31: 57622.85 | F31: 1.85 | G31: =+F31*E31 -> 106602.27 | H31: =+H30 -> 24.238737 | I31: =+G31/H31 -> 4398.0126
I34: Sub-Total | J34: =+SUM(I30:I33) -> 11434.833
C36: Total Costos Directos | J36: =+I13+I22+J27+J34 -> 17136.9
C40: NOMBRE DEL CONTRATISTA: | G40: FECHA:
C42: NOMBRE Y FIRMA DEL REPRESENTANTE LEGAL:

Sheet 7.28
C3: ESTADIO SAN MARTÍN DE LOBA
C5: DESCRIPCION: | D5: Tubería PVC presión RDE 9 - 21 De ø 3/4" | H5: ITEM: | I5: 7.28
H6: UNIDAD: | I6: ml
C7: I. EQUIPO
C8: Descripcion | E8: Cantidad | F8: Tarifa/Hora | G8: Rendimiento | H8: Valor-Unit.
C9: Herramienta menor | E9: 1 | F9: 2000 | G9: 2.1892511 | H9: =+E9*F9/G9 -> 913.55439
H13: Sub-Total | I13: =+SUM(H9:H12) -> 913.55439
C14: II. MATERIALES EN OBRA
C15: Descripcion | E15: Unidad | F15: Pecio-Unit. | G15: Cantidad | H15: Valor-Unit.
C16: TUBERIA PVC-P RDE-11 3/4" | E16: UND | F16: 34900 | G16: 0.2 | H16: =+G16*F16 -> 6980
C17: ACCESORIOS DE 1/2" | E17: UND | F17: 1500 | G17: 0.5 | H17: =+G17*F17 -> 750
C18: PEGANTE PVC 1/8GL | E18: UND | F18: 52600 | G18: 0.02 | H18: =+G18*F18 -> 1052
H19: =+G19*F19 -> 0
H20: =+G20*F20 -> 0
H21: =+G21*F21 -> 0
H22: Sub-Total | I22: =+SUM(H16:H21) -> 8782
C23: III. TRANSPORTES
C24: Trabajador | E24: Valor peso o Cant. | F24: Distancia | G24: M2-km | H24: Tarifa | I24: Valor-Unit.
I27: Sub-Total | J27: =+SUM(I25:I26) -> 0
C28: IV. MANO DE OBRA
C29: Descripcion | E29: Jornal | F29: Prestaciones | G29: Jornal Total | H29: Rendimientos | I29: Valor-Unit.
C30: Oficial | E30: 92196.56 | F30: 1.85 | G30: =+F30*E30 -> 170563.64 | H30: 26.974796 | I30: =+G30/H30 -> 6323.0742
C31: Ayudante | E31: 57622.85 | F31: 1.85 | G31: =+F31*E31 -> 106602.27 | H31: =+H30 -> 26.974796 | I31: =+G31/H31 -> 3951.9214
I34: Sub-Total | J34: =+SUM(I30:I33) -> 10274.996
C36: Total Costos Directos | J36: =+I13+I22+J27+J34 -> 19970.55
C40: NOMBRE DEL CONTRATISTA: | G40: FECHA:
C42: NOMBRE Y FIRMA DEL REPRESENTANTE LEGAL:

Sheet 7.29
C3: ESTADIO SAN MARTÍN DE LOBA
C5: DESCRIPCION: | D5: Tubería PVC presión RDE 9 - 21 De ø 1" | H5: ITEM: | I5: 7.29
H6: UNIDAD: | I6: ml
C7: I. EQUIPO
C8: Descripcion | E8: Cantidad | F8: Tarifa/Hora | G8: Rendimiento | H8: Valor-Unit.
C9: Herramienta menor | E9: 1 | F9: 2000 | G9: 2.1239912 | H9: =+E9*F9/G9 -> 941.62349
H13: Sub-Total | I13: =+SUM(H9:H12) -> 941.62349
C14: II. MATERIALES EN OBRA
C15: Descripcion | E15: Unidad | F15: Pecio-Unit. | G15: Cantidad | H15: Valor-Unit.
C16: Todo lo necesario para la correcta instalación y funcionamiento | E16: Und | F16: 13182.728 | G16: 1 | H16: =+G16*F16 -> 13182.728
H17: =+G17*F17 -> 0
H18: =+G18*F18 -> 0
H19: =+G19*F19 -> 0
H20: =+G20*F20 -> 0
H21: =+G21*F21 -> 0
H22: Sub-Total | I22: =+SUM(H16:H21) -> 13182.728
C23: III. TRANSPORTES
C24: Trabajador | E24: Valor peso o Cant. | F24: Distancia | G24: M2-km | H24: Tarifa | I24: Valor-Unit.
I27: Sub-Total | J27: =+SUM(I25:I26) -> 0
C28: IV. MANO DE OBRA
C29: Descripcion | E29: Jornal | F29: Prestaciones | G29: Jornal Total | H29: Rendimientos | I29: Valor-Unit.
C30: Oficial | E30: 92196.56 | F30: 1.85 | G30: =+F30*E30 -> 170563.64 | H30: 42.239961 | I30: =+G30/H30 -> 4037.9686
C31: Ayudante | E31: 57622.85 | F31: 1.85 | G31: =+F31*E31 -> 106602.27 | H31: =+H30 -> 42.239961 | I31: =+G31/H31 -> 2523.7304
I34: Sub-Total | J34: =+SUM(I30:I33) -> 6561.6989
C36: Total Costos Directos | J36: =+I13+I22+J27+J34 -> 20686.05
C40: NOMBRE DEL CONTRATISTA: | G40: FECHA:
C42: NOMBRE Y FIRMA DEL REPRESENTANTE LEGAL:

Sheet 7.30
C3: ESTADIO SAN MARTÍN DE LOBA
C5: DESCRIPCION: | D5: Tubería PVC presión RDE 9 - 21 De ø 1-1/2" | H5: ITEM: | I5: 7.30
H6: UNIDAD: | I6: ml
C7: I. EQUIPO
C8: Descripcion | E8: Cantidad | F8: Tarifa/Hora | G8: Rendimiento | H8: Valor-Unit.
C9: Herramienta menor | E9: 1 | F9: 2000 | G9: 1.1486697 | H9: =+E9*F9/G9 -> 1741.1446
H13: Sub-Total | I13: =+SUM(H9:H12) -> 1741.1446
C14: II. MATERIALES EN OBRA
C15: Descripcion | E15: Unidad | F15: Pecio-Unit. | G15: Cantidad | H15: Valor-Unit.
C16: TUBERIA PVC-P RDE-13,5 1" | E16: UND | F16: 43200 | G16: 0.2 | H16: =+G16*F16 -> 8640
C17: ACCESORIOS DE 1/2" | E17: UND | F17: 1500 | G17: 0.5 | H17: =+G17*F17 -> 750
C18: PEGANTE PVC 1/8 GL | E18: UND | F18: 52600 | G18: 0.02 | H18: =+G18*F18 -> 1052
H19: =+G19*F19 -> 0
H20: =+G20*F20 -> 0
H21: =+G21*F21 -> 0
H22: Sub-Total | I22: =+SUM(H16:H21) -> 10442
C23: III. TRANSPORTES
C24: Trabajador | E24: Valor peso o Cant. | F24: Distancia | G24: M2-km | H24: Tarifa | I24: Valor-Unit.
I27: Sub-Total | J27: =+SUM(I25:I26) -> 0
C28: IV. MANO DE OBRA
C29: Descripcion | E29: Jornal | F29: Prestaciones | G29: Jornal Total | H29: Rendimientos | I29: Valor-Unit.
C30: Oficial | E30: 92196.56 | F30: 1.85 | G30: =+F30*E30 -> 170563.64 | H30: 10.710172 | I30: =+G30/H30 -> 15925.388
C31: Ayudante | E31: 57622.85 | F31: 1.85 | G31: =+F31*E31 -> 106602.27 | H31: =+H30 -> 10.710172 | I31: =+G31/H31 -> 9953.3675
I34: Sub-Total | J34: =+SUM(I30:I33) -> 25878.755
C36: Total Costos Directos | J36: =+I13+I22+J27+J34 -> 38061.9
C40: NOMBRE DEL CONTRATISTA: | G40: FECHA:
C42: NOMBRE Y FIRMA DEL REPRESENTANTE LEGAL:

Sheet 7.31
C3: ESTADIO SAN MARTÍN DE LOBA
C5: DESCRIPCION: | D5: Tubería PVC presión RDE 9 - 21 De ø 1-1/4" | H5: ITEM: | I5: 7.31
H6: UNIDAD: | I6: ml
C7: I. EQUIPO
C8: Descripcion | E8: Cantidad | F8: Tarifa/Hora | G8: Rendimiento | H8: Valor-Unit.
C9: Herramienta menor | E9: 1 | F9: 2000 | G9: 1.1486697 | H9: =+E9*F9/G9 -> 1741.1446
H13: Sub-Total | I13: =+SUM(H9:H12) -> 1741.1446
C14: II. MATERIALES EN OBRA
C15: Descripcion | E15: Unidad | F15: Pecio-Unit. | G15: Cantidad | H15: Valor-Unit.
C16: Tubo Presión 6 mts Rde 21 200 Psi 1 1/4 Pulg | E16: UND | F16: 56900 | G16: 0.16666667 | H16: =+G16*F16 -> 9483.3333
C17: ACCESORIOS DE 1/2" | E17: UND | F17: 1500 | G17: 0.5 | H17: =+G17*F17 -> 750
C18: PEGANTE PVC 1/8 GL | E18: UND | F18: 52600 | G18: 0.02 | H18: =+G18*F18 -> 1052
H19: =+G19*F19 -> 0
H20: =+G20*F20 -> 0
H21: =+G21*F21 -> 0
H22: Sub-Total | I22: =+SUM(H16:H21) -> 11285.333
C23: III. TRANSPORTES
C24: Trabajador | E24: Valor peso o Cant. | F24: Distancia | G24: M2-km | H24: Tarifa | I24: Valor-Unit.
I27: Sub-Total | J27: =+SUM(I25:I26) -> 0
C28: IV. MANO DE OBRA
C29: Descripcion | E29: Jornal | F29: Prestaciones | G29: Jornal Total | H29: Rendimientos | I29: Valor-Unit.
C30: Oficial | E30: 92196.56 | F30: 1.85 | G30: =+F30*E30 -> 170563.64 | H30: 9.5585915 | I30: =+G30/H30 -> 17844.014
C31: Ayudante | E31: 57622.85 | F31: 1.85 | G31: =+F31*E31 -> 106602.27 | H31: =+H30 -> 9.5585915 | I31: =+G31/H31 -> 11152.508
I34: Sub-Total | J34: =+SUM(I30:I33) -> 28996.522
C36: Total Costos Directos | J36: =+I13+I22+J27+J34 -> 42023
C40: NOMBRE DEL CONTRATISTA: | G40: FECHA:
C42: NOMBRE Y FIRMA DEL REPRESENTANTE LEGAL:

Sheet 7.32
C3: ESTADIO SAN MARTÍN DE LOBA
C5: DESCRIPCION: | D5: Tubería PVC presión RDE 9 - 21 De ø 2" | H5: ITEM: | I5: 7.32
H6: UNIDAD: | I6: ml
C7: I. EQUIPO
C8: Descripcion | E8: Cantidad | F8: Tarifa/Hora | G8: Rendimiento | H8: Valor-Unit.
C9: Herramienta menor | E9: 1 | F9: 2000 | G9: 0.88775312 | H9: =+E9*F9/G9 -> 2252.8786
H13: Sub-Total | I13: =+SUM(H9:H12) -> 2252.8786
C14: II. MATERIALES EN OBRA
C15: Descripcion | E15: Unidad | F15: Pecio-Unit. | G15: Cantidad | H15: Valor-Unit.
C16: Tubo presión 2" PVC | E16: Und | F16: 31540.297 | G16: 1 | H16: =+G16*F16 -> 31540.297
C17: Unión de presión PVC 2" | H17: =+G17*F17 -> 0
H18: =+G18*F18 -> 0
H19: =+G19*F19 -> 0
H20: =+G20*F20 -> 0
H21: =+G21*F21 -> 0
H22: Sub-Total | I22: =+SUM(H16:H21) -> 31540.297
C23: III. TRANSPORTES
C24: Trabajador | E24: Valor peso o Cant. | F24: Distancia | G24: M2-km | H24: Tarifa | I24: Valor-Unit.
I27: Sub-Total | J27: =+SUM(I25:I26) -> 0
C28: IV. MANO DE OBRA
C29: Descripcion | E29: Jornal | F29: Prestaciones | G29: Jornal Total | H29: Rendimientos | I29: Valor-Unit.
C30: Oficial | E30: 92196.56 | F30: 1.85 | G30: =+F30*E30 -> 170563.64 | H30: 17.654808 | I30: =+G30/H30 -> 9661.0302
C31: Ayudante | E31: 57622.85 | F31: 1.85 | G31: =+F31*E31 -> 106602.27 | H31: =+H30 -> 17.654808 | I31: =+G31/H31 -> 6038.1439
I34: Sub-Total | J34: =+SUM(I30:I33) -> 15699.174
C36: Total Costos Directos | J36: =+I13+I22+J27+J34 -> 49492.35
C40: NOMBRE DEL CONTRATISTA: | G40: FECHA:
C42: NOMBRE Y FIRMA DEL REPRESENTANTE LEGAL:

Sheet 7.33
C3: ESTADIO SAN MARTÍN DE LOBA
C5: DESCRIPCION: | D5: Tubería PVC presión RDE 9 - 21 De ø 3" | H5: ITEM: | I5: 7.33
H6: UNIDAD: | I6: ml
C7: I. EQUIPO
C8: Descripcion | E8: Cantidad | F8: Tarifa/Hora | G8: Rendimiento | H8: Valor-Unit.
C9: Herramienta menor | E9: 1 | F9: 2000 | G9: 0.45508392 | H9: =+E9*F9/G9 -> 4394.7938
H13: Sub-Total | I13: =+SUM(H9:H12) -> 4394.7938
C14: II. MATERIALES EN OBRA
C15: Descripcion | E15: Unidad | F15: Pecio-Unit. | G15: Cantidad | H15: Valor-Unit.
C16: Tubo presión 3" PVC | E16: ml | F16: 24000 | G16: 1 | H16: =+G16*F16 -> 24000
C17: Unión de presión PVC 3" | E17: UND | F17: 4500 | G17: 0.5 | H17: =+G17*F17 -> 2250
C18: PEGANTE PVC 1/8 GL | E18: UND | F18: 52600 | G18: 0.02 | H18: =+G18*F18 -> 1052
H19: =+G19*F19 -> 0
H20: =+G20*F20 -> 0
H21: =+G21*F21 -> 0
H22: Sub-Total | I22: =+SUM(H16:H21) -> 27302
C23: III. TRANSPORTES
C24: Trabajador | E24: Valor peso o Cant. | F24: Distancia | G24: M2-km | H24: Tarifa | I24: Valor-Unit.
I27: Sub-Total | J27: =+SUM(I25:I26) -> 0
C28: IV. MANO DE OBRA
C29: Descripcion | E29: Jornal | F29: Prestaciones | G29: Jornal Total | H29: Rendimientos | I29: Valor-Unit.
C30: Oficial | E30: 92196.56 | F30: 1.85 | G30: =+F30*E30 -> 170563.64 | H30: 4.3055162 | I30: =+G30/H30 -> 39615.142
C31: Ayudante | E31: 57622.85 | F31: 1.85 | G31: =+F31*E31 -> 106602.27 | H31: =+H30 -> 4.3055162 | I31: =+G31/H31 -> 24759.464
I34: Sub-Total | J34: =+SUM(I30:I33) -> 64374.606
C36: Total Costos Directos | J36: =+I13+I22+J27+J34 -> 96071.4
C40: NOMBRE DEL CONTRATISTA: | G40: FECHA:
C42: NOMBRE Y FIRMA DEL REPRESENTANTE LEGAL:

Sheet 7.34
C3: ESTADIO SAN MARTÍN DE LOBA
C5: DESCRIPCION: | D5: Tubería PVC presión RDE 9 - 21 De ø 4 | H5: ITEM: | I5: 7.34
H6: UNIDAD: | I6: ml
C7: I. EQUIPO
C8: Descripcion | E8: Cantidad | F8: Tarifa/Hora | G8: Rendimiento | H8: Valor-Unit.
C9: Herramienta menor | E9: 1 | F9: 2000 | G9: 0.2583481 | H9: =+E9*F9/G9 -> 7741.4931
H13: Sub-Total | I13: =+SUM(H9:H12) -> 7741.4931
C14: II. MATERIALES EN OBRA
C15: Descripcion | E15: Unidad | F15: Pecio-Unit. | G15: Cantidad | H15: Valor-Unit.
C16: Tubo presión 4" PVC | E16: ml | F16: 47500 | G16: 1 | H16: =+G16*F16 -> 47500
C17: PEGANTE PVC 1/8 GL | E17: UND | F17: 52600 | G17: 0.5 | H17: =+G17*F17 -> 26300
H18: =+G18*F18 -> 0
H19: =+G19*F19 -> 0
H20: =+G20*F20 -> 0
H21: =+G21*F21 -> 0
H22: Sub-Total | I22: =+SUM(H16:H21) -> 73800
C23: III. TRANSPORTES
C24: Trabajador | E24: Valor peso o Cant. | F24: Distancia | G24: M2-km | H24: Tarifa | I24: Valor-Unit.
I27: Sub-Total | J27: =+SUM(I25:I26) -> 0
C28: IV. MANO DE OBRA
C29: Descripcion | E29: Jornal | F29: Prestaciones | G29: Jornal Total | H29: Rendimientos | I29: Valor-Unit.
C30: Oficial | E30: 92196.56 | F30: 1.85 | G30: =+F30*E30 -> 170563.64 | H30: 3.1308468 | I30: =+G30/H30 -> 54478.435
C31: Ayudante | E31: 57622.85 | F31: 1.85 | G31: =+F31*E31 -> 106602.27 | H31: =+H30 -> 3.1308468 | I31: =+G31/H31 -> 34049.022
I34: Sub-Total | J34: =+SUM(I30:I33) -> 88527.457
C36: Total Costos Directos | J36: =+I13+I22+J27+J34 -> 170068.95
C40: NOMBRE DEL CONTRATISTA: | G40: FECHA:
C42: NOMBRE Y FIRMA DEL REPRESENTANTE LEGAL:

Sheet 7.35
C3: ESTADIO SAN MARTÍN DE LOBA
C5: DESCRIPCION: | D5: Válvulas de compuerta De ø 1/2" | H5: ITEM: | I5: 7.35
H6: UNIDAD: | I6: und
C7: I. EQUIPO
C8: Descripcion | E8: Cantidad | F8: Tarifa/Hora | G8: Rendimiento | H8: Valor-Unit.
C9: Herramienta menor | E9: 1 | F9: 2000 | G9: 0.33918364 | H9: =+E9*F9/G9 -> 5896.5108
H13: Sub-Total | I13: =+SUM(H9:H12) -> 5896.5108
C14: II. MATERIALES EN OBRA
C15: Descripcion | E15: Unidad | F15: Pecio-Unit. | G15: Cantidad | H15: Valor-Unit.
C16: ACCESORIOS DE 1/2" | E16: UND | F16: 1500 | G16: 1 | H16: =+G16*F16 -> 1500
C17: Valvula de Compuerta de 1/2" | E17: UND | F17: 62000 | G17: 1 | H17: =+G17*F17 -> 62000
H18: =+G18*F18 -> 0
H19: =+G19*F19 -> 0
H20: =+G20*F20 -> 0
H21: =+G21*F21 -> 0
H22: Sub-Total | I22: =+SUM(H16:H21) -> 63500
C23: III. TRANSPORTES
C24: Trabajador | E24: Valor peso o Cant. | F24: Distancia | G24: M2-km | H24: Tarifa | I24: Valor-Unit.
I27: Sub-Total | J27: =+SUM(I25:I26) -> 0
C28: IV. MANO DE OBRA
C29: Descripcion | E29: Jornal | F29: Prestaciones | G29: Jornal Total | H29: Rendimientos | I29: Valor-Unit.
C30: Oficial | E30: 92196.56 | F30: 1.85 | G30: =+F30*E30 -> 170563.64 | H30: 4.6580283 | I30: =+G30/H30 -> 36617.132
C31: Ayudante | E31: 57622.85 | F31: 1.85 | G31: =+F31*E31 -> 106602.27 | H31: =+H30 -> 4.6580283 | I31: =+G31/H31 -> 22885.707
I34: Sub-Total | J34: =+SUM(I30:I33) -> 59502.839
C36: Total Costos Directos | J36: =+I13+I22+J27+J34 -> 128899.35
C40: NOMBRE DEL CONTRATISTA: | G40: FECHA:
C42: NOMBRE Y FIRMA DEL REPRESENTANTE LEGAL:

Sheet 7.36
C3: ESTADIO SAN MARTÍN DE LOBA
C5: DESCRIPCION: | D5: Válvulas de compuerta De ø 3/4" | H5: ITEM: | I5: 7.36
H6: UNIDAD: | I6: und
C7: I. EQUIPO
C8: Descripcion | E8: Cantidad | F8: Tarifa/Hora | G8: Rendimiento | H8: Valor-Unit.
C9: Herramienta menor | E9: 1 | F9: 2000 | G9: 0.25795291 | H9: =+E9*F9/G9 -> 7753.3532
H13: Sub-Total | I13: =+SUM(H9:H12) -> 7753.3532
C14: II. MATERIALES EN OBRA
C15: Descripcion | E15: Unidad | F15: Pecio-Unit. | G15: Cantidad | H15: Valor-Unit.
C16: Valvula de compuerta 3/4" | E16: UND | F16: 85000 | G16: 1 | H16: =+G16*F16 -> 85000
H17: =+G17*F17 -> 0
H18: =+G18*F18 -> 0
H19: =+G19*F19 -> 0
H20: =+G20*F20 -> 0
H21: =+G21*F21 -> 0
H22: Sub-Total | I22: =+SUM(H16:H21) -> 85000
C23: III. TRANSPORTES
C24: Trabajador | E24: Valor peso o Cant. | F24: Distancia | G24: M2-km | H24: Tarifa | I24: Valor-Unit.
I27: Sub-Total | J27: =+SUM(I25:I26) -> 0
C28: IV. MANO DE OBRA
C29: Descripcion | E29: Jornal | F29: Prestaciones | G29: Jornal Total | H29: Rendimientos | I29: Valor-Unit.
C30: Oficial | E30: 92196.56 | F30: 1.85 | G30: =+F30*E30 -> 170563.64 | H30: 3.5728239 | I30: =+G30/H30 -> 47739.167
C31: Ayudante | E31: 57622.85 | F31: 1.85 | G31: =+F31*E31 -> 106602.27 | H31: =+H30 -> 3.5728239 | I31: =+G31/H31 -> 29836.98
I34: Sub-Total | J34: =+SUM(I30:I33) -> 77576.147
C36: Total Costos Directos | J36: =+I13+I22+J27+J34 -> 170329.5
C40: NOMBRE DEL CONTRATISTA: | G40: FECHA:
C42: NOMBRE Y FIRMA DEL REPRESENTANTE LEGAL:

Sheet 7.37
C3: ESTADIO SAN MARTÍN DE LOBA
C5: DESCRIPCION: | D5: Válvulas de compuerta De ø 1" | H5: ITEM: | I5: 7.37
H6: UNIDAD: | I6: und
C7: I. EQUIPO
C8: Descripcion | E8: Cantidad | F8: Tarifa/Hora | G8: Rendimiento | H8: Valor-Unit.
C9: Herramienta menor | E9: 1 | F9: 2000 | G9: 0.20968877 | H9: =+E9*F9/G9 -> 9537.945
H13: Sub-Total | I13: =+SUM(H9:H12) -> 9537.945
C14: II. MATERIALES EN OBRA
C15: Descripcion | E15: Unidad | F15: Pecio-Unit. | G15: Cantidad | H15: Valor-Unit.
C16: Válvula de entrada ø 1" | E16: UND | F16: 100000 | G16: 1 | H16: =+G16*F16 -> 100000
H17: =+G17*F17 -> 0
H18: =+G18*F18 -> 0
H19: =+G19*F19 -> 0
H20: =+G20*F20 -> 0
H21: =+G21*F21 -> 0
H22: Sub-Total | I22: =+SUM(H16:H21) -> 100000
C23: III. TRANSPORTES
C24: Trabajador | E24: Valor peso o Cant. | F24: Distancia | G24: M2-km | H24: Tarifa | I24: Valor-Unit.
I27: Sub-Total | J27: =+SUM(I25:I26) -> 0
C28: IV. MANO DE OBRA
C29: Descripcion | E29: Jornal | F29: Prestaciones | G29: Jornal Total | H29: Rendimientos | I29: Valor-Unit.
C30: Oficial | E30: 92196.56 | F30: 1.85 | G30: =+F30*E30 -> 170563.64 | H30: 2.8006697 | I30: =+G30/H30 -> 60901.018
C31: Ayudante | E31: 57622.85 | F31: 1.85 | G31: =+F31*E31 -> 106602.27 | H31: =+H30 -> 2.8006697 | I31: =+G31/H31 -> 38063.137
I34: Sub-Total | J34: =+SUM(I30:I33) -> 98964.155
C36: Total Costos Directos | J36: =+I13+I22+J27+J34 -> 208502.1
C40: NOMBRE DEL CONTRATISTA: | G40: FECHA:
C42: NOMBRE Y FIRMA DEL REPRESENTANTE LEGAL:

Sheet 7.38
C3: ESTADIO SAN MARTÍN DE LOBA
C5: DESCRIPCION: | D5: Válvulas de compuerta De ø 1-1/2" | H5: ITEM: | I5: 7.38
H6: UNIDAD: | I6: und
C7: I. EQUIPO
C8: Descripcion | E8: Cantidad | F8: Tarifa/Hora | G8: Rendimiento | H8: Valor-Unit.
C9: Herramienta menor | E9: 1 | F9: 2000 | G9: 0.1162321 | H9: =+E9*F9/G9 -> 17206.951
H13: Sub-Total | I13: =+SUM(H9:H12) -> 17206.951
C14: II. MATERIALES EN OBRA
C15: Descripcion | E15: Unidad | F15: Pecio-Unit. | G15: Cantidad | H15: Valor-Unit.
C16: Válvula de Compuerta de 1-1/2" | E16: Und | F16: 43000 | G16: 1 | H16: =+G16*F16 -> 43000
H17: =+G17*F17 -> 0
H18: =+G18*F18 -> 0
H19: =+G19*F19 -> 0
H20: =+G20*F20 -> 0
H21: =+G21*F21 -> 0
H22: Sub-Total | I22: =+SUM(H16:H21) -> 43000
C23: III. TRANSPORTES
C24: Trabajador | E24: Valor peso o Cant. | F24: Distancia | G24: M2-km | H24: Tarifa | I24: Valor-Unit.
I27: Sub-Total | J27: =+SUM(I25:I26) -> 0
C28: IV. MANO DE OBRA
C29: Descripcion | E29: Jornal | F29: Prestaciones | G29: Jornal Total | H29: Rendimientos | I29: Valor-Unit.
C30: Oficial | E30: 92196.56 | F30: 1.85 | G30: =+F30*E30 -> 170563.64 | H30: 0.87212886 | I30: =+G30/H30 -> 195571.6
C31: Ayudante | E31: 57622.85 | F31: 1.85 | G31: =+F31*E31 -> 106602.27 | H31: =+H30 -> 0.87212886 | I31: =+G31/H31 -> 122232.25
I34: Sub-Total | J34: =+SUM(I30:I33) -> 317803.85
C36: Total Costos Directos | J36: =+I13+I22+J27+J34 -> 378010.8
C40: NOMBRE DEL CONTRATISTA: | G40: FECHA:
C42: NOMBRE Y FIRMA DEL REPRESENTANTE LEGAL:

Sheet 7.39
C3: ESTADIO SAN MARTÍN DE LOBA
C5: DESCRIPCION: | D5: Tub PVC De ø4" | H5: ITEM: | I5: 7.39
H6: UNIDAD: | I6: ml
C7: I. EQUIPO
C8: Descripcion | E8: Cantidad | F8: Tarifa/Hora | G8: Rendimiento | H8: Valor-Unit.
C9: Herramienta menor | E9: 1 | F9: 2000 | G9: 0.45733681 | H9: =+E9*F9/G9 -> 4373.1446
H13: Sub-Total | I13: =+SUM(H9:H12) -> 4373.1446
C14: II. MATERIALES EN OBRA
C15: Descripcion | E15: Unidad | F15: Pecio-Unit. | G15: Cantidad | H15: Valor-Unit.
C16: Tubo presión 4" PVC | E16: ml | F16: 47500 | G16: 1 | H16: =+G16*F16 -> 47500
H17: =+G17*F17 -> 0
H18: =+G18*F18 -> 0
H19: =+G19*F19 -> 0
H20: =+G20*F20 -> 0
H21: =+G21*F21 -> 0
H22: Sub-Total | I22: =+SUM(H16:H21) -> 47500
C23: III. TRANSPORTES
C24: Trabajador | E24: Valor peso o Cant. | F24: Distancia | G24: M2-km | H24: Tarifa | I24: Valor-Unit.
I27: Sub-Total | J27: =+SUM(I25:I26) -> 0
C28: IV. MANO DE OBRA
C29: Descripcion | E29: Jornal | F29: Prestaciones | G29: Jornal Total | H29: Rendimientos | I29: Valor-Unit.
C30: Oficial | E30: 92196.56 | F30: 1.85 | G30: =+F30*E30 -> 170563.64 | H30: 6.2709694 | I30: =+G30/H30 -> 27198.926
C31: Ayudante | E31: 57622.85 | F31: 1.85 | G31: =+F31*E31 -> 106602.27 | H31: =+H30 -> 6.2709694 | I31: =+G31/H31 -> 16999.329
I34: Sub-Total | J34: =+SUM(I30:I33) -> 44198.255
C36: Total Costos Directos | J36: =+I13+I22+J27+J34 -> 96071.4
C40: NOMBRE DEL CONTRATISTA: | G40: FECHA:
C42: NOMBRE Y FIRMA DEL REPRESENTANTE LEGAL:

Sheet 7.40
C3: ESTADIO SAN MARTÍN DE LOBA
C5: DESCRIPCION: | D5: Val Cheque De ø4" | H5: ITEM: | I5: 7.40
H6: UNIDAD: | I6: und
C7: I. EQUIPO
C8: Descripcion | E8: Cantidad | F8: Tarifa/Hora | G8: Rendimiento | H8: Valor-Unit.
C9: Herramienta menor | E9: 1 | F9: 2000 | G9: 0.022877353 | H9: =+E9*F9/G9 -> 87422.702
H13: Sub-Total | I13: =+SUM(H9:H12) -> 87422.702
C14: II. MATERIALES EN OBRA
C15: Descripcion | E15: Unidad | F15: Pecio-Unit. | G15: Cantidad | H15: Valor-Unit.
C16: Valvula Cheque de 4" | E16: UND | F16: 150000 | G16: 1 | H16: =+G16*F16 -> 150000
H17: =+G17*F17 -> 0
H18: =+G18*F18 -> 0
H19: =+G19*F19 -> 0
H20: =+G20*F20 -> 0
H21: =+G21*F21 -> 0
H22: Sub-Total | I22: =+SUM(H16:H21) -> 150000
C23: III. TRANSPORTES
C24: Trabajador | E24: Valor peso o Cant. | F24: Distancia | G24: M2-km | H24: Tarifa | I24: Valor-Unit.
I27: Sub-Total | J27: =+SUM(I25:I26) -> 0
C28: IV. MANO DE OBRA
C29: Descripcion | E29: Jornal | F29: Prestaciones | G29: Jornal Total | H29: Rendimientos | I29: Valor-Unit.
C30: Oficial | E30: 92196.56 | F30: 1.85 | G30: =+F30*E30 -> 170563.64 | H30: 0.16560451 | I30: =+G30/H30 -> 1029945.6
C31: Ayudante | E31: 57622.85 | F31: 1.85 | G31: =+F31*E31 -> 106602.27 | H31: =+H30 -> 0.16560451 | I31: =+G31/H31 -> 643716
I34: Sub-Total | J34: =+SUM(I30:I33) -> 1673661.6
C36: Total Costos Directos | J36: =+I13+I22+J27+J34 -> 1911084.3
C40: NOMBRE DEL CONTRATISTA: | G40: FECHA:
C42: NOMBRE Y FIRMA DEL REPRESENTANTE LEGAL:

Sheet 7.41
C3: ESTADIO SAN MARTÍN DE LOBA
C5: DESCRIPCION: | D5: Tub PVC P De ø1" | H5: ITEM: | I5: 7.41
H6: UNIDAD: | I6: ml
C7: I. EQUIPO
C8: Descripcion | E8: Cantidad | F8: Tarifa/Hora | G8: Rendimiento | H8: Valor-Unit.
C9: Herramienta menor | E9: 1 | F9: 2000 | G9: 2.1239912 | H9: =+E9*F9/G9 -> 941.62349
H13: Sub-Total | I13: =+SUM(H9:H12) -> 941.62349
C14: II. MATERIALES EN OBRA
C15: Descripcion | E15: Unidad | F15: Pecio-Unit. | G15: Cantidad | H15: Valor-Unit.
C16: Tubería de presión 1" PVC RDE 21 | E16: ml | F16: 6500 | G16: 1 | H16: =+G16*F16 -> 6500
H17: =+G17*F17 -> 0
H18: =+G18*F18 -> 0
H19: =+G19*F19 -> 0
H20: =+G20*F20 -> 0
H21: =+G21*F21 -> 0
H22: Sub-Total | I22: =+SUM(H16:H21) -> 6500
C23: III. TRANSPORTES
C24: Trabajador | E24: Valor peso o Cant. | F24: Distancia | G24: M2-km | H24: Tarifa | I24: Valor-Unit.
I27: Sub-Total | J27: =+SUM(I25:I26) -> 0
C28: IV. MANO DE OBRA
C29: Descripcion | E29: Jornal | F29: Prestaciones | G29: Jornal Total | H29: Rendimientos | I29: Valor-Unit.
C30: Oficial | E30: 92196.56 | F30: 1.85 | G30: =+F30*E30 -> 170563.64 | H30: 20.926985 | I30: =+G30/H30 -> 8150.4163
C31: Ayudante | E31: 57622.85 | F31: 1.85 | G31: =+F31*E31 -> 106602.27 | H31: =+H30 -> 20.926985 | I31: =+G31/H31 -> 5094.0102
I34: Sub-Total | J34: =+SUM(I30:I33) -> 13244.427
C36: Total Costos Directos | J36: =+I13+I22+J27+J34 -> 20686.05
C40: NOMBRE DEL CONTRATISTA: | G40: FECHA:
C42: NOMBRE Y FIRMA DEL REPRESENTANTE LEGAL:

Sheet 7.42
C3: ESTADIO SAN MARTÍN DE LOBA
C5: DESCRIPCION: | D5: Tub ACERO GALVANIZADO De ø4" | H5: ITEM: | I5: 7.42
H6: UNIDAD: | I6: ml
C7: I. EQUIPO
C8: Descripcion | E8: Cantidad | F8: Tarifa/Hora | G8: Rendimiento | H8: Valor-Unit.
C9: Herramienta menor | E9: 1 | F9: 2000 | G9: 0.1933272 | H9: =+E9*F9/G9 -> 10345.156
H13: Sub-Total | I13: =+SUM(H9:H12) -> 10345.156
C14: II. MATERIALES EN OBRA
C15: Descripcion | E15: Unidad | F15: Pecio-Unit. | G15: Cantidad | H15: Valor-Unit.
C16: Tubo de 4" en acero Galvanizado | E16: m | F16: 120000 | G16: 1 | H16: =+G16*F16 -> 120000
H17: =+G17*F17 -> 0
H18: =+G18*F18 -> 0
H19: =+G19*F19 -> 0
H20: =+G20*F20 -> 0
H21: =+G21*F21 -> 0
H22: Sub-Total | I22: =+SUM(H16:H21) -> 120000
C23: III. TRANSPORTES
C24: Trabajador | E24: Valor peso o Cant. | F24: Distancia | G24: M2-km | H24: Tarifa | I24: Valor-Unit.
I27: Sub-Total | J27: =+SUM(I25:I26) -> 0
C28: IV. MANO DE OBRA
C29: Descripcion | E29: Jornal | F29: Prestaciones | G29: Jornal Total | H29: Rendimientos | I29: Valor-Unit.
C30: Oficial | E30: 92196.56 | F30: 1.85 | G30: =+F30*E30 -> 170563.64 | H30: 2.8930879 | I30: =+G30/H30 -> 58955.566
C31: Ayudante | E31: 57622.85 | F31: 1.85 | G31: =+F31*E31 -> 106602.27 | H31: =+H30 -> 2.8930879 | I31: =+G31/H31 -> 36847.229
I34: Sub-Total | J34: =+SUM(I30:I33) -> 95802.794
C36: Total Costos Directos | J36: =+I13+I22+J27+J34 -> 226147.95
C40: NOMBRE DEL CONTRATISTA: | G40: FECHA:
C42: NOMBRE Y FIRMA DEL REPRESENTANTE LEGAL:

Sheet 7.43
C3: ESTADIO SAN MARTÍN DE LOBA
C5: DESCRIPCION: | D5: Valv. Comp De ø3/4" | H5: ITEM: | I5: 7.43
H6: UNIDAD: | I6: und
C7: I. EQUIPO
C8: Descripcion | E8: Cantidad | F8: Tarifa/Hora | G8: Rendimiento | H8: Valor-Unit.
C9: Herramienta menor | E9: 1 | F9: 2000 | G9: 0.25795291 | H9: =+E9*F9/G9 -> 7753.3532
H13: Sub-Total | I13: =+SUM(H9:H12) -> 7753.3532
C14: II. MATERIALES EN OBRA
C15: Descripcion | E15: Unidad | F15: Pecio-Unit. | G15: Cantidad | H15: Valor-Unit.
C16: Valvula de compuerta 3/4" | E16: UND | F16: 85000 | G16: 1 | H16: =+G16*F16 -> 85000
H17: =+G17*F17 -> 0
H18: =+G18*F18 -> 0
H19: =+G19*F19 -> 0
H20: =+G20*F20 -> 0
H21: =+G21*F21 -> 0
H22: Sub-Total | I22: =+SUM(H16:H21) -> 85000
C23: III. TRANSPORTES
C24: Trabajador | E24: Valor peso o Cant. | F24: Distancia | G24: M2-km | H24: Tarifa | I24: Valor-Unit.
I27: Sub-Total | J27: =+SUM(I25:I26) -> 0
C28: IV. MANO DE OBRA
C29: Descripcion | E29: Jornal | F29: Prestaciones | G29: Jornal Total | H29: Rendimientos | I29: Valor-Unit.
C30: Oficial | E30: 92196.56 | F30: 1.85 | G30: =+F30*E30 -> 170563.64 | H30: 3.5728239 | I30: =+G30/H30 -> 47739.167
C31: Ayudante | E31: 57622.85 | F31: 1.85 | G31: =+F31*E31 -> 106602.27 | H31: =+H30 -> 3.5728239 | I31: =+G31/H31 -> 29836.98
I34: Sub-Total | J34: =+SUM(I30:I33) -> 77576.147
C36: Total Costos Directos | J36: =+I13+I22+J27+J34 -> 170329.5
C40: NOMBRE DEL CONTRATISTA: | G40: FECHA:
C42: NOMBRE Y FIRMA DEL REPRESENTANTE LEGAL:

Sheet 7.44
C3: ESTADIO SAN MARTÍN DE LOBA
C5: DESCRIPCION: | D5: Val Compuerta De ø4" | H5: ITEM: | I5: 7.44
H6: UNIDAD: | I6: und
C7: I. EQUIPO
C8: Descripcion | E8: Cantidad | F8: Tarifa/Hora | G8: Rendimiento | H8: Valor-Unit.
C9: Herramienta menor | E9: 1 | F9: 2000 | G9: 0.026406737 | H9: =+E9*F9/G9 -> 75738.247
H13: Sub-Total | I13: =+SUM(H9:H12) -> 75738.247
C14: II. MATERIALES EN OBRA
C15: Descripcion | E15: Unidad | F15: Pecio-Unit. | G15: Cantidad | H15: Valor-Unit.
C16: Valvula Cheque de 4" | E16: UND | F16: 150000 | G16: 1 | H16: =+G16*F16 -> 150000
H17: =+G17*F17 -> 0
H18: =+G18*F18 -> 0
H19: =+G19*F19 -> 0
H20: =+G20*F20 -> 0
H21: =+G21*F21 -> 0
H22: Sub-Total | I22: =+SUM(H16:H21) -> 150000
C23: III. TRANSPORTES
C24: Trabajador | E24: Valor peso o Cant. | F24: Distancia | G24: M2-km | H24: Tarifa | I24: Valor-Unit.
I27: Sub-Total | J27: =+SUM(I25:I26) -> 0
C28: IV. MANO DE OBRA
C29: Descripcion | E29: Jornal | F29: Prestaciones | G29: Jornal Total | H29: Rendimientos | I29: Valor-Unit.
C30: Oficial | E30: 92196.56 | F30: 1.85 | G30: =+F30*E30 -> 170563.64 | H30: 0.19383307 | I30: =+G30/H30 -> 879951.17
C31: Ayudante | E31: 57622.85 | F31: 1.85 | G31: =+F31*E31 -> 106602.27 | H31: =+H30 -> 0.19383307 | I31: =+G31/H31 -> 549969.48
I34: Sub-Total | J34: =+SUM(I30:I33) -> 1429920.7
C36: Total Costos Directos | J36: =+I13+I22+J27+J34 -> 1655658.9
C40: NOMBRE DEL CONTRATISTA: | G40: FECHA:
C42: NOMBRE Y FIRMA DEL REPRESENTANTE LEGAL:

Sheet 7.45
C3: ESTADIO SAN MARTÍN DE LOBA
C5: DESCRIPCION: | D5: Valv. Cheque de ø4" | H5: ITEM: | I5: 7.45
H6: UNIDAD: | I6: und
C7: I. EQUIPO
C8: Descripcion | E8: Cantidad | F8: Tarifa/Hora | G8: Rendimiento | H8: Valor-Unit.
C9: Herramienta menor | E9: 1 | F9: 2000 | G9: 0.15082847 | H9: =+E9*F9/G9 -> 13260.096
H13: Sub-Total | I13: =+SUM(H9:H12) -> 13260.096
C14: II. MATERIALES EN OBRA
C15: Descripcion | E15: Unidad | F15: Pecio-Unit. | G15: Cantidad | H15: Valor-Unit.
C16: Valvula Cheque de 4" | E16: UND | F16: 150000 | G16: 1 | H16: =+G16*F16 -> 150000
H17: =+G17*F17 -> 0
H18: =+G18*F18 -> 0
H19: =+G19*F19 -> 0
H20: =+G20*F20 -> 0
H21: =+G21*F21 -> 0
H22: Sub-Total | I22: =+SUM(H16:H21) -> 150000
C23: III. TRANSPORTES
C24: Trabajador | E24: Valor peso o Cant. | F24: Distancia | G24: M2-km | H24: Tarifa | I24: Valor-Unit.
I27: Sub-Total | J27: =+SUM(I25:I26) -> 0
C28: IV. MANO DE OBRA
C29: Descripcion | E29: Jornal | F29: Prestaciones | G29: Jornal Total | H29: Rendimientos | I29: Valor-Unit.
C30: Oficial | E30: 92196.56 | F30: 1.85 | G30: =+F30*E30 -> 170563.64 | H30: 2.1646103 | I30: =+G30/H30 -> 78796.464
C31: Ayudante | E31: 57622.85 | F31: 1.85 | G31: =+F31*E31 -> 106602.27 | H31: =+H30 -> 2.1646103 | I31: =+G31/H31 -> 49247.79
I34: Sub-Total | J34: =+SUM(I30:I33) -> 128044.25
C36: Total Costos Directos | J36: =+I13+I22+J27+J34 -> 291304.35
C40: NOMBRE DEL CONTRATISTA: | G40: FECHA:
C42: NOMBRE Y FIRMA DEL REPRESENTANTE LEGAL:

Sheet 7.46
C3: ESTADIO SAN MARTÍN DE LOBA
C5: DESCRIPCION: | D5: Equipo de Bombeo | H5: ITEM: | I5: 7.46
H6: UNIDAD: | I6: und
C7: I. EQUIPO
C8: Descripcion | E8: Cantidad | F8: Tarifa/Hora | G8: Rendimiento | H8: Valor-Unit.
C9: Herramienta menor | E9: 1 | F9: 2000 | G9: 0.001437929 | H9: =+E9*F9/G9 -> 1390889.3
H13: Sub-Total | I13: =+SUM(H9:H12) -> 1390889.3
C14: II. MATERIALES EN OBRA
C15: Descripcion | E15: Unidad | F15: Pecio-Unit. | G15: Cantidad | H15: Valor-Unit.
C16: Equipo de bombeo | E16: Und | F16: 26417852 | G16: 1 | H16: =+G16*F16 -> 26417852
H17: =+G17*F17 -> 0
H18: =+G18*F18 -> 0
H19: =+G19*F19 -> 0
H20: =+G20*F20 -> 0
H21: =+G21*F21 -> 0
H22: Sub-Total | I22: =+SUM(H16:H21) -> 26417852
C23: III. TRANSPORTES
C24: Trabajador | E24: Valor peso o Cant. | F24: Distancia | G24: M2-km | H24: Tarifa | I24: Valor-Unit.
I27: Sub-Total | J27: =+SUM(I25:I26) -> 0
C28: IV. MANO DE OBRA
C29: Descripcion | E29: Jornal | F29: Prestaciones | G29: Jornal Total | H29: Rendimientos | I29: Valor-Unit.
C30: Oficial | E30: 92196.56 | F30: 1.85 | G30: =+F30*E30 -> 170563.64 | H30: 0.10674672 | I30: =+G30/H30 -> 1597834.8
C31: Ayudante | E31: 57622.85 | F31: 1.85 | G31: =+F31*E31 -> 106602.27 | H31: =+H30 -> 0.10674672 | I31: =+G31/H31 -> 998646.78
I34: Sub-Total | J34: =+SUM(I30:I33) -> 2596481.6
C36: Total Costos Directos | J36: =+I13+I22+J27+J34 -> 30405222
C40: NOMBRE DEL CONTRATISTA: | G40: FECHA:
C42: NOMBRE Y FIRMA DEL REPRESENTANTE LEGAL:

Sheet 7.47
C3: ESTADIO SAN MARTÍN DE LOBA
C5: DESCRIPCION: | D5: Tanque de fibra de vidrio con capacidad de 10 M3, para almacenamiento de agua | H5: ITEM: | I5: 7.47
H6: UNIDAD: | I6: und
C7: I. EQUIPO
C8: Descripcion | E8: Cantidad | F8: Tarifa/Hora | G8: Rendimiento | H8: Valor-Unit.
C9: Herramienta menor | E9: 1 | F9: 2000 | G9: 0.001437929 | H9: =+E9*F9/G9 -> 1390889.3
H13: Sub-Total | I13: =+SUM(H9:H12) -> 1390889.3
C14: II. MATERIALES EN OBRA
C15: Descripcion | E15: Unidad | F15: Pecio-Unit. | G15: Cantidad | H15: Valor-Unit.
C16: Tanque de fibra de vidrio con capacidad de 10 M3 | E16: Und | F16: 24285499 | G16: 1 | H16: =+G16*F16 -> 24285499
H17: =+G17*F17 -> 0
H18: =+G18*F18 -> 0
H19: =+G19*F19 -> 0
H20: =+G20*F20 -> 0
H21: =+G21*F21 -> 0
H22: Sub-Total | I22: =+SUM(H16:H21) -> 24285499
C23: III. TRANSPORTES
C24: Trabajador | E24: Valor peso o Cant. | F24: Distancia | G24: M2-km | H24: Tarifa | I24: Valor-Unit.
I27: Sub-Total | J27: =+SUM(I25:I26) -> 0
C28: IV. MANO DE OBRA
C29: Descripcion | E29: Jornal | F29: Prestaciones | G29: Jornal Total | H29: Rendimientos | I29: Valor-Unit.
C30: Oficial | E30: 92196.56 | F30: 1.85 | G30: =+F30*E30 -> 170563.64 | H30: 1 | I30: =+G30/H30 -> 170563.64
C31: Ayudante | E31: 57622.85 | F31: 1.85 | G31: =+F31*E31 -> 106602.27 | H31: =+H30 -> 1 | I31: =+G31/H31 -> 106602.27
I34: Sub-Total | J34: =+SUM(I30:I33) -> 277165.91
C36: Total Costos Directos | J36: =+I13+I22+J27+J34 -> 25953554
C40: NOMBRE DEL CONTRATISTA: | G40: FECHA:
C42: NOMBRE Y FIRMA DEL REPRESENTANTE LEGAL:

Sheet 8.1
C3: ESTADIO SAN MARTÍN DE LOBA
C5: DESCRIPCION: | D5: Cajas primarias de 27kv 100 amp | H5: ITEM: | I5: 8.1
H6: UNIDAD: | I6: juegos
C7: I. EQUIPO
C8: Descripcion | E8: Cantidad | F8: Tarifa/Hora | G8: Rendimiento | H8: Valor-Unit.
C9: Caja primaria de 27kc 100 amp | E9: 1 | F9: 2000 | G9: 0.016909463 | H9: =+E9*F9/G9 -> 118276.96
H13: Sub-Total | I13: =+SUM(H9:H12) -> 118276.96
C14: II. MATERIALES EN OBRA
C15: Descripcion | E15: Unidad | F15: Pecio-Unit. | G15: Cantidad | H15: Valor-Unit.
C16: Seccionador tipo cuchilla 27kV 100A | E16: UND | F16: 686305.2 | G16: 1 | H16: =+G16*F16 -> 686305.2
C17: Fusibles expulsión 27kV 100A (par) | E17: PAR | F17: 228768.4 | G17: 1 | H17: =+G17*F17 -> 228768.4
C18: Pararrayos óxido metálico 27kV | E18: UND | F18: 106758.6 | G18: 3 | H18: =+G18*F18 -> 320275.8
C19: Aisladores poliméricos 27kV | E19: UND | F19: 34315.26 | G19: 6 | H19: =+G19*F19 -> 205891.56
C20: Herrajes y ménsulas galvanizadas | E20: UND | F20: 133448.2 | G20: 0.2 | H20: =+G20*F20 -> 26689.64
H21: =+G21*F21 -> 0
H22: Sub-Total | I22: =+SUM(H16:H21) -> 1467930.6
C23: III. TRANSPORTES
C24: Trabajador | E24: Valor peso o Cant. | F24: Distancia | G24: M2-km | H24: Tarifa | I24: Valor-Unit.
I27: Sub-Total | J27: =+SUM(I25:I26) -> 0
C28: IV. MANO DE OBRA
C29: Descripcion | E29: Jornal | F29: Prestaciones | G29: Jornal Total | H29: Rendimientos | I29: Valor-Unit.
C30: Ayudante electrico | E30: 57622.85 | F30: 1.85 | G30: 106602.27 | H30: 0.23948445 | I30: =+G30/H30 -> 445132.34
C31: Oficial electrico | E31: 90155 | F31: 1.85 | G31: 166786.75 | H31: =+H30 -> 0.23948445 | I31: =+G31/H31 -> 696440.84
C32: Supervisor electricista | E32: 90155 | F32: 1.85 | G32: 166786.75 | H32: =+H30 -> 0.23948445
C33: Ingeniero electricista | E33: 142350 | F33: 1.85 | G33: 263347.5 | H33: =+H30 -> 0.23948445
I34: Sub-Total | J34: =+SUM(I30:I33) -> 1141573.2
C36: Total Costos Directos | J36: =+I13+I22+J27+J34 -> 2727780.7
C40: NOMBRE DEL CONTRATISTA: | G40: FECHA:
C42: NOMBRE Y FIRMA DEL REPRESENTANTE LEGAL:

Sheet 8.2
C3: ESTADIO SAN MARTÍN DE LOBA
C5: DESCRIPCION: | D5: Suministro e instalación de transformador convencional monofasico de 75 kva 13200-240/120v | H5: ITEM: | I5: 8.2
H6: UNIDAD: | I6: und
C7: I. EQUIPO
C8: Descripcion | E8: Cantidad | F8: Tarifa/Hora | G8: Rendimiento | H8: Valor-Unit.
C9: Herramientas menores | E9: 1 | F9: 2000 | G9: 10 | H9: =+E9*F9/G9 -> 200
H13: Sub-Total | I13: =+SUM(H9:H12) -> 200
C14: II. MATERIALES EN OBRA
C15: Descripcion | E15: Unidad | F15: Pecio-Unit. | G15: Cantidad | H15: Valor-Unit.
C16: Transformador Monofasico 75 KVA-13.200 v-120-240 v | E16: UND | F16: 39871000 | G16: 1 | H16: =+G16*F16 -> 39871000
C17: Accesorios varios | E17: UND | F17: 100000 | G17: 1 | H17: =+G17*F17 -> 100000
H21: =+G21*F21 -> 0
H22: Sub-Total | I22: =+SUM(H16:H21) -> 39971000
C23: III. TRANSPORTES
C24: Trabajador | E24: Valor peso o Cant. | F24: Distancia | G24: M2-km | H24: Tarifa | I24: Valor-Unit.
I27: Sub-Total | J27: =+SUM(I25:I26) -> 0
C28: IV. MANO DE OBRA
C29: Descripcion | E29: Jornal | F29: Prestaciones | G29: Jornal Total | H29: Rendimientos | I29: Valor-Unit.
C30: Ayudante electrico | E30: 57622.85 | F30: 1.85 | G30: 106602.27 | H30: 0.081223157 | I30: =+G30/H30 -> 1312461.6
C31: Oficial electrico | E31: 90155 | F31: 1.85 | G31: 166786.75 | H31: =+H30 -> 0.081223157 | I31: =+G31/H31 -> 2053438.4
C32: Supervisor electricista | E32: 90155 | F32: 1.85 | G32: 166786.75 | H32: =+H30 -> 0.081223157 | I32: =+G32/H32 -> 2053438.4
C33: Ingeniero electricista | E33: 142350 | F33: 1.85 | G33: 263347.5 | H33: =+H30 -> 0.081223157 | I33: =+G33/H33 -> 3242271.2
I34: Sub-Total | J34: =+SUM(I30:I33) -> 8661609.6
C36: Total Costos Directos | J36: =+I13+I22+J27+J34 -> 48632810
C40: NOMBRE DEL CONTRATISTA: | G40: FECHA:
C42: NOMBRE Y FIRMA DEL REPRESENTANTE LEGAL:

Sheet 8.3
C3: ESTADIO SAN MARTÍN DE LOBA
C5: DESCRIPCION: | D5: Suministro e instalacion de bajante en tuberia imc de 3" | H5: ITEM: | I5: 8.3
H6: UNIDAD: | I6: m
C7: I. EQUIPO
C8: Descripcion | E8: Cantidad | F8: Tarifa/Hora | G8: Rendimiento | H8: Valor-Unit.
C9: Herramienta menor | E9: 1 | F9: 2000 | G9: 0.1521238 | H9: =+E9*F9/G9 -> 13147.187
H13: Sub-Total | I13: =+SUM(H9:H12) -> 13147.187
C14: II. MATERIALES EN OBRA
C15: Descripcion | E15: Unidad | F15: Pecio-Unit. | G15: Cantidad | H15: Valor-Unit.
C16: Codo/abrazaderas IMC 3" | E16: GLB | F16: 3414.08 | G16: 1 | H16: =+G16*F16 -> 3414.08
C17: Conductor cobre desnudo #4/0 ó equivalente | E17: ml | F17: 5690.14 | G17: 1 | H17: =+G17*F17 -> 5690.14
C18: Tubería IMC 3" | E18: ml | F18: 20484.5 | G18: 1 | H18: =+G18*F18 -> 20484.5
H19: =+G19*F19 -> 0
H20: =+G20*F20 -> 0
H21: =+G21*F21 -> 0
H22: Sub-Total | I22: =+SUM(H16:H21) -> 29588.72
C23: III. TRANSPORTES
C24: Trabajador | E24: Valor peso o Cant. | F24: Distancia | G24: M2-km | H24: Tarifa | I24: Valor-Unit.
I27: Sub-Total | J27: =+SUM(I25:I26) -> 0
C28: IV. MANO DE OBRA
C29: Descripcion | E29: Jornal | F29: Prestaciones | G29: Jornal Total | H29: Rendimientos | I29: Valor-Unit.
C30: Ayudante electrico | E30: 57622.85 | F30: 1.85 | G30: 106602.27 | H30: 1.0495863 | I30: =+G30/H30 -> 101565.99
C31: Oficial electrico | E31: 90155 | F31: 1.85 | G31: 166786.75 | H31: =+H30 -> 1.0495863 | I31: =+G31/H31 -> 158907.13
C32: Supervisor electricista | E32: 90155 | F32: 1.85 | G32: 166786.75 | H32: =+H30 -> 1.0495863
C33: Ingeniero electricista | E33: 142350 | F33: 1.85 | G33: 263347.5 | H33: =+H30 -> 1.0495863
I34: Sub-Total | J34: =+SUM(I30:I33) -> 260473.11
C36: Total Costos Directos | J36: =+I13+I22+J27+J34 -> 303209.02
C40: NOMBRE DEL CONTRATISTA: | G40: FECHA:
C42: NOMBRE Y FIRMA DEL REPRESENTANTE LEGAL:

Sheet 8.4
C3: ESTADIO SAN MARTÍN DE LOBA
C5: DESCRIPCION: | D5: Suministro e instalacion de capacete alvanizado de 3" | H5: ITEM: | I5: 8.4
H6: UNIDAD: | I6: und
C7: I. EQUIPO
C8: Descripcion | E8: Cantidad | F8: Tarifa/Hora | G8: Rendimiento | H8: Valor-Unit.
C9: Herramienta menor | E9: 1 | F9: 2000 | G9: 0.16201906 | H9: =+E9*F9/G9 -> 12344.227
H13: Sub-Total | I13: =+SUM(H9:H12) -> 12344.227
C14: II. MATERIALES EN OBRA
C15: Descripcion | E15: Unidad | F15: Pecio-Unit. | G15: Cantidad | H15: Valor-Unit.
C16: Capacete galvanizado 3" | E16: UND | F16: 138479.9 | G16: 1 | H16: =+G16*F16 -> 138479.9
C17: Tubería de acometida (boquillas) | E17: ml | F17: 11507.93 | G17: 1 | H17: =+G17*F17 -> 11507.93
H18: =+G18*F18 -> 0
H19: =+G19*F19 -> 0
H20: =+G20*F20 -> 0
H21: =+G21*F21 -> 0
H22: Sub-Total | I22: =+SUM(H16:H21) -> 149987.83
C23: III. TRANSPORTES
C24: Trabajador | E24: Valor peso o Cant. | F24: Distancia | G24: M2-km | H24: Tarifa | I24: Valor-Unit.
I27: Sub-Total | J27: =+SUM(I25:I26) -> 0
C28: IV. MANO DE OBRA
C29: Descripcion | E29: Jornal | F29: Prestaciones | G29: Jornal Total | H29: Rendimientos | I29: Valor-Unit.
C30: Ayudante electrico | E30: 57622.85 | F30: 1.85 | G30: 106602.27 | H30: 2.2343265 | I30: =+G30/H30 -> 47711.143
C31: Oficial electrico | E31: 90155 | F31: 1.85 | G31: 166786.75 | H31: =+H30 -> 2.2343265 | I31: =+G31/H31 -> 74647.437
C32: Supervisor electricista | E32: 90155 | F32: 1.85 | G32: 166786.75 | H32: =+H30 -> 2.2343265
C33: Ingeniero electricista | E33: 142350 | F33: 1.85 | G33: 263347.5 | H33: =+H30 -> 2.2343265
I34: Sub-Total | J34: =+SUM(I30:I33) -> 122358.58
C36: Total Costos Directos | J36: =+I13+I22+J27+J34 -> 284690.64
C40: NOMBRE DEL CONTRATISTA: | G40: FECHA:
C42: NOMBRE Y FIRMA DEL REPRESENTANTE LEGAL:

Sheet 8.5
C3: ESTADIO SAN MARTÍN DE LOBA
C5: DESCRIPCION: | D5: Suministro e instalacion registro electrico de 0,8 mts 0,8 mts | H5: ITEM: | I5: 8.5
H6: UNIDAD: | I6: und
C7: I. EQUIPO
C8: Descripcion | E8: Cantidad | F8: Tarifa/Hora | G8: Rendimiento | H8: Valor-Unit.
C9: Herramienta menor | E9: 1 | F9: 2000 | G9: 0.026547523 | H9: =+E9*F9/G9 -> 75336.594
H13: Sub-Total | I13: =+SUM(H9:H12) -> 75336.594
C14: II. MATERIALES EN OBRA
C15: Descripcion | E15: Unidad | F15: Pecio-Unit. | G15: Cantidad | H15: Valor-Unit.
C16: Tubería de acometida (boquillas) | E16: ml | F16: 11507.93 | G16: 1 | H16: =+G16*F16 -> 11507.93
C17: Tapa de Fundicion ductil | E17: UND | F17: 25892.85 | G17: 1 | H17: =+G17*F17 -> 25892.85
H18: =+G18*F18 -> 0
H19: =+G19*F19 -> 0
H20: =+G20*F20 -> 0
H21: =+G21*F21 -> 0
H22: Sub-Total | I22: =+SUM(H16:H21) -> 37400.78
C23: III. TRANSPORTES
C24: Trabajador | E24: Valor peso o Cant. | F24: Distancia | G24: M2-km | H24: Tarifa | I24: Valor-Unit.
I27: Sub-Total | J27: =+SUM(I25:I26) -> 0
C28: IV. MANO DE OBRA
C29: Descripcion | E29: Jornal | F29: Prestaciones | G29: Jornal Total | H29: Rendimientos | I29: Valor-Unit.
C30: Ayudante electrico | E30: 57622.85 | F30: 1.85 | G30: 106602.27 | H30: 0.16826793 | I30: =+G30/H30 -> 633526.97
C31: Oficial electrico | E31: 90155 | F31: 1.85 | G31: 166786.75 | H31: =+H30 -> 0.16826793 | I31: =+G31/H31 -> 991197.49
C32: Supervisor electricista | E32: 90155 | F32: 1.85 | G32: 166786.75 | H32: =+H30 -> 0.16826793
C33: Ingeniero electricista | E33: 142350 | F33: 1.85 | G33: 263347.5 | H33: =+H30 -> 0.16826793
I34: Sub-Total | J34: =+SUM(I30:I33) -> 1624724.5
C36: Total Costos Directos | J36: =+I13+I22+J27+J34 -> 1737461.8
C40: NOMBRE DEL CONTRATISTA: | G40: FECHA:
C42: NOMBRE Y FIRMA DEL REPRESENTANTE LEGAL:

Sheet 8.6
C3: ESTADIO SAN MARTÍN DE LOBA
C5: DESCRIPCION: | D5: Suministro e instaalcion de poste de 1050 kg.f | H5: ITEM: | I5: 8.6
H6: UNIDAD: | I6: und
C7: I. EQUIPO
C8: Descripcion | E8: Cantidad | F8: Tarifa/Hora | G8: Rendimiento | H8: Valor-Unit.
C9: Herramienta menor | E9: 1 | F9: 2000 | G9: 0.0076617178 | H9: =+E9*F9/G9 -> 261038.07
H13: Sub-Total | I13: =+SUM(H9:H12) -> 261038.07
C14: II. MATERIALES EN OBRA
C15: Descripcion | E15: Unidad | F15: Pecio-Unit. | G15: Cantidad | H15: Valor-Unit.
C16: Postes de Concreto 12m 1050 kg. F | E16: UND | F16: 2815752 | G16: 1 | H16: 2815752
C17: Herrajes galvanizados, ménsulas y tornillería | E17: GLB | F17: 250000 | G17: 1 | H17: 250000
H18: =+G18*F18 -> 0
H19: =+G19*F19 -> 0
H20: =+G20*F20 -> 0
H21: =+G21*F21 -> 0
H22: Sub-Total | I22: =+SUM(H16:H21) -> 3065752
C23: III. TRANSPORTES
C24: Trabajador | E24: Valor peso o Cant. | F24: Distancia | G24: M2-km | H24: Tarifa | I24: Valor-Unit.
I27: Sub-Total | J27: =+SUM(I25:I26) -> 0
C28: IV. MANO DE OBRA
C29: Descripcion | E29: Jornal | F29: Prestaciones | G29: Jornal Total | H29: Rendimientos | I29: Valor-Unit.
C30: Ayudante electrico | E30: 57622.85 | F30: 1.85 | G30: 106602.27 | H30: 0.080925758 | I30: =+G30/H30 -> 1317284.8
C31: Oficial electrico | E31: 90155 | F31: 1.85 | G31: 166786.75 | H31: =+H30 -> 0.080925758 | I31: =+G31/H31 -> 2060984.7
C32: Supervisor electricista | E32: 90155 | F32: 1.85 | G32: 166786.75 | H32: =+H30 -> 0.080925758 | I32: =+G32/H32 -> 2060984.7
C33: Ingeniero electricista | E33: 142350 | F33: 1.85 | G33: 263347.5 | H33: =+H30 -> 0.080925758 | I33: =+G33/H33 -> 3254186.4
I34: Sub-Total | J34: =+SUM(I30:I33) -> 8693440.6
C36: Total Costos Directos | J36: =+I13+I22+J27+J34 -> 12020231
C40: NOMBRE DEL CONTRATISTA: | G40: FECHA:
C42: NOMBRE Y FIRMA DEL REPRESENTANTE LEGAL:

Sheet 8.7
C3: ESTADIO SAN MARTÍN DE LOBA
C5: DESCRIPCION: | D5: Suministro e instalacion de cruzeta tipo horizontal de 2,4 mts | H5: ITEM: | I5: 8.7
H6: UNIDAD: | I6: und
C7: I. EQUIPO
C8: Descripcion | E8: Cantidad | F8: Tarifa/Hora | G8: Rendimiento | H8: Valor-Unit.
C9: Herramienta menor | E9: 1 | F9: 2000 | G9: 0.030287278 | H9: =+E9*F9/G9 -> 66034.325
H13: Sub-Total | I13: =+SUM(H9:H12) -> 66034.325
C14: II. MATERIALES EN OBRA
C15: Descripcion | E15: Unidad | F15: Pecio-Unit. | G15: Cantidad | H15: Valor-Unit.
C16: Cruzeta en madera inmunizada 2.4 m | E16: UND | F16: 498606.9 | G16: 1 | H16: 498606.9
C17: Herrajes galvanizados, ménsulas y tornillería | E17: GLB | F17: 250000 | G17: 1 | H17: 250000
H18: =+G18*F18 -> 0
H19: =+G19*F19 -> 0
H20: =+G20*F20 -> 0
H21: =+G21*F21 -> 0
H22: Sub-Total | I22: =+SUM(H16:H21) -> 748606.9
C23: III. TRANSPORTES
C24: Trabajador | E24: Valor peso o Cant. | F24: Distancia | G24: M2-km | H24: Tarifa | I24: Valor-Unit.
I27: Sub-Total | J27: =+SUM(I25:I26) -> 0
C28: IV. MANO DE OBRA
C29: Descripcion | E29: Jornal | F29: Prestaciones | G29: Jornal Total | H29: Rendimientos | I29: Valor-Unit.
C30: Ayudante electrico | E30: 57622.85 | F30: 1.85 | G30: 106602.27 | H30: 0.99327627 | I30: =+G30/H30 -> 107323.89
C31: Oficial electrico | E31: 90155 | F31: 1.85 | G31: 166786.75 | H31: =+H30 -> 0.99327627 | I31: =+G31/H31 -> 167915.77
C32: Supervisor electricista | E32: 90155 | F32: 1.85 | G32: 166786.75 | H32: =+H30 -> 0.99327627 | I32: =+G32/H32 -> 167915.77
C33: Ingeniero electricista | E33: 142350 | F33: 1.85 | G33: 263347.5 | H33: =+H30 -> 0.99327627 | I33: =+G33/H33 -> 265130.16
I34: Sub-Total | J34: =+SUM(I30:I33) -> 708285.59
C36: Total Costos Directos | J36: =+I13+I22+J27+J34 -> 1522926.8
C40: NOMBRE DEL CONTRATISTA: | G40: FECHA:
C42: NOMBRE Y FIRMA DEL REPRESENTANTE LEGAL:

Sheet 8.8
C3: ESTADIO SAN MARTÍN DE LOBA
C5: DESCRIPCION: | D5: Suministro e instalacion de pararrayo polimerico | H5: ITEM: | I5: 8.8
H6: UNIDAD: | I6: juegos
C7: I. EQUIPO
C8: Descripcion | E8: Cantidad | F8: Tarifa/Hora | G8: Rendimiento | H8: Valor-Unit.
C9: Herramienta menor | E9: 1 | F9: 2000 | G9: 0.02606399 | H9: =+E9*F9/G9 -> 76734.223
H13: Sub-Total | I13: =+SUM(H9:H12) -> 76734.223
C14: II. MATERIALES EN OBRA
C15: Descripcion | E15: Unidad | F15: Pecio-Unit. | G15: Cantidad | H15: Valor-Unit.
C16: Pararrayos 27kV tipo MOV | E16: UND | F16: 251854 | G16: 1 | H16: =+G16*F16 -> 251854
C17: Conectores, pernos, abrazaderas y herrajes | E17: GLB | F17: 629635.1 | G17: 1 | H17: =+G17*F17 -> 629635.1
H18: =+G18*F18 -> 0
H19: =+G19*F19 -> 0
H20: =+G20*F20 -> 0
H21: =+G21*F21 -> 0
H22: Sub-Total | I22: =+SUM(H16:H21) -> 881489.1
C23: III. TRANSPORTES
C24: Trabajador | E24: Valor peso o Cant. | F24: Distancia | G24: M2-km | H24: Tarifa | I24: Valor-Unit.
C25: Camión grua | E25: 0.25 | F25: Alquiler | H25: 1200000
I27: Sub-Total | J27: =+SUM(I25:I26) -> 0
C28: IV. MANO DE OBRA
C29: Descripcion | E29: Jornal | F29: Prestaciones | G29: Jornal Total | H29: Rendimientos | I29: Valor-Unit.
C30: Ayudante electrico | E30: 57622.85 | F30: 1.85 | G30: 106602.27 | H30: 0.86697221 | I30: =+G30/H30 -> 122959.27
C31: Oficial electrico | E31: 90155 | F31: 1.85 | G31: 166786.75 | H31: =+H30 -> 0.86697221 | I31: =+G31/H31 -> 192378.43
C32: Supervisor electricista | E32: 90155 | F32: 1.85 | G32: 166786.75 | H32: =+H30 -> 0.86697221 | I32: =+G32/H32 -> 192378.43
C33: Ingeniero electricista | E33: 142350 | F33: 1.85 | G33: 263347.5 | H33: =+H30 -> 0.86697221 | I33: =+G33/H33 -> 303755.41
I34: Sub-Total | J34: =+SUM(I30:I33) -> 811471.54
C36: Total Costos Directos | J36: =+I13+I22+J27+J34 -> 1769694.9
C40: NOMBRE DEL CONTRATISTA: | G40: FECHA:
C42: NOMBRE Y FIRMA DEL REPRESENTANTE LEGAL:

Sheet 8.9
C3: ESTADIO SAN MARTÍN DE LOBA
C5: DESCRIPCION: | D5: Suministro e instalacion de gabinete general de acuerdo a diagrama unifilar | H5: ITEM: | I5: 8.9
H6: UNIDAD: | I6: und
C7: I. EQUIPO
C8: Descripcion | E8: Cantidad | F8: Tarifa/Hora | G8: Rendimiento | H8: Valor-Unit.
C9: Herramienta menor | E9: 1 | F9: 2000 | G9: 0.0052533419 | H9: =+E9*F9/G9 -> 380710.04
H13: Sub-Total | I13: =+SUM(H9:H12) -> 380710.04
C14: II. MATERIALES EN OBRA
C15: Descripcion | E15: Unidad | F15: Pecio-Unit. | G15: Cantidad | H15: Valor-Unit.
C16: Cruzeta en madera inmunizada 2.4 m | E16: UND | F16: 498606.9 | G16: 1 | H16: =+G16*F16 -> 498606.9
C17: Gabinete Metalico general | E17: UND | F17: 368000 | G17: 1 | H17: =+G17*F17 -> 368000
C18: Interruptor termomagnético 400A | E18: UND | F18: 871000 | G18: 1 | H18: =+G18*F18 -> 871000
C19: Barras de cobre, conectores y herrajes | E19: GLB | F19: 581000 | G19: 1 | H19: =+G19*F19 -> 581000
H20: =+G20*F20 -> 0
H21: =+G21*F21 -> 0
H22: Sub-Total | I22: =+SUM(H16:H21) -> 2318606.9
C23: III. TRANSPORTES
C24: Trabajador | E24: Valor peso o Cant. | F24: Distancia | G24: M2-km | H24: Tarifa | I24: Valor-Unit.
C25: Camión grua | E25: 0.25 | F25: Alquiler | H25: 1200000
I27: Sub-Total | J27: =+SUM(I25:I26) -> 0
C28: IV. MANO DE OBRA
C29: Descripcion | E29: Jornal | F29: Prestaciones | G29: Jornal Total | H29: Rendimientos | I29: Valor-Unit.
C30: Ayudante electrico | E30: 57622.85 | F30: 1.85 | G30: 106602.27 | H30: 0.11569457 | I30: =+G30/H30 -> 921411.23
C31: Ayudante | E31: 90155 | F31: 1.85 | G31: 166786.75 | H31: =+H30 -> 0.11569457 | I31: =+G31/H31 -> 1441612.7
C32: Oficial electrico | E32: 90155 | F32: 1.85 | G32: 166786.75 | H32: =+H30 -> 0.11569457 | I32: =+G32/H32 -> 1441612.7
C33: Ingeniero electricista | E33: 142350 | F33: 1.85 | G33: 263347.5 | H33: =+H30 -> 0.11569457 | I33: =+G33/H33 -> 2276230.5
I34: Sub-Total | J34: =+SUM(I30:I33) -> 6080867.1
C36: Total Costos Directos | J36: =+I13+I22+J27+J34 -> 8780184
C40: NOMBRE DEL CONTRATISTA: | G40: FECHA:
C42: NOMBRE Y FIRMA DEL REPRESENTANTE LEGAL:

Sheet 8.10
C3: ESTADIO SAN MARTÍN DE LOBA
C5: DESCRIPCION: | D5: Suministro e instalacion de tablero de control de torres | H5: ITEM: | I5: 8.10
H6: UNIDAD: | I6: und
C7: I. EQUIPO
C8: Descripcion | E8: Cantidad | F8: Tarifa/Hora | G8: Rendimiento | H8: Valor-Unit.
C9: Herramienta menor | E9: 1 | F9: 2000 | G9: 0.0039400064 | H9: =+E9*F9/G9 -> 507613.38
H13: Sub-Total | I13: =+SUM(H9:H12) -> 507613.38
C14: II. MATERIALES EN OBRA
C15: Descripcion | E15: Unidad | F15: Pecio-Unit. | G15: Cantidad | H15: Valor-Unit.
C16: Tablero de control con seccionadores y contactores | E16: UND | F16: 584000 | G16: 1 | H16: =+G16*F16 -> 584000
C17: Canalización, conectores y protecciones | E17: GLB | F17: 973400 | G17: 1 | H17: =+G17*F17 -> 973400
H18: =+G18*F18 -> 0
H19: =+G19*F19 -> 0
H20: =+G20*F20 -> 0
H21: =+G21*F21 -> 0
H22: Sub-Total | I22: =+SUM(H16:H21) -> 1557400
C23: III. TRANSPORTES
C24: Trabajador | E24: Valor peso o Cant. | F24: Distancia | G24: M2-km | H24: Tarifa | I24: Valor-Unit.
I27: Sub-Total | J27: =+SUM(I25:I26) -> 0
C28: IV. MANO DE OBRA
C29: Descripcion | E29: Jornal | F29: Prestaciones | G29: Jornal Total | H29: Rendimientos | I29: Valor-Unit.
